Workbook

Sheet Hoja4
B4: COMPONENTES | D4: % DE AVANCE
B5: 1 | D5: =+'MAPA DE RIESGO DE CORRUPCIÒN'!I16 -> Excelente proceso de contratacion del personal Definición de comites asesores con responsabilidades y funciones específicas para la toma de decisiones
B6: 2 | D6: =+#REF! -> #REF!
B7: 3 | D7: =+#REF! -> #REF!
B8: 4 | D8: =+#REF! -> #REF!
B9: 5 | D9: =+#REF! -> #REF!
B10: 6 | D10: =+#REF! -> #REF!
D11: =AVERAGE(D5:D10) -> #REF!

Sheet MAPA DE RIESGO DE CORRUPCIÒN
F1: INSTITUTO DISTRITAL DE DEPORTE Y RECREACIÓN - IDER
F2: Proceso: | H2: Planeación Institucional | U2: Código: | V2: ESPLOFPFO - 02
F3: Documento: | H3: Formato Mapa de Riesgo de Corrupción | U3: Versión: | V3: 1.0
F4: Fecha de Aprobación | H4: 44917 | U4: Página: | V4: Página 1 de 2
A5: Entidad: INSTITUTO DISTRITAL DE DEPORTE Y RECREACIÓN - IDER
A6: IDENTIFICACIÒN DE RIESGO | F6: VALORACIÒN DEL RIESGO DE CORRUPCCIÒN | P6: MONITOREO Y REVISIÒN
A7: No. | B7: PROCESO | C7: CAUSA | D7: RIESGO | E7: CONSECUENCIA | F7: ANALISIS DEL RIESGO | I7: VALORACIÒN DEL RIESGO | P7: FECHA | Q7: ACCIONES | R7: RESPONSABLE | S7: INDICADOR | T7: INDICADOR | U7: % de avance (Ene - Mar) 2023 | V7: % ACUMULADO (Ene - Mar) 2023 | W7: Observaciones ( Enero- Mar) 2023 | X7: % de avance (Abril-Junio) 2023 | Y7: % ACUMULADO (Abril-Junio) 2023 | Z7: % Acumulado (Ene-jun) 2023 | AA7: Observaciones (Abril-Junio) 2023 | AB7: % de avance (Julio-Septiembre) 2023 | AC7: % Acumulado (Ene-Sept) 2023 | AD7: Observaciones (Julio-Septiembre) 2023 | AE7: % de avance (Oct-Dic) 2023 | AF7: % Acumulado (Ene-Dic) 2023 | AG7: Observaciones (Oct-Dic ) 2023
F8: RIESGO INHERENTE | I8: CONTROLES | J8: RIESGO RESIDUAL | M8: ACCIONES ASOCIADAS
F9: PROBABILIDAD | G9: IMPACTO | H9: ZONA DE RIESGO | J9: PROBABILIDAD | K9: IMPACTO | L9: ZONA DE RIESGO | M9: PERIODO DE EJECUCIÒN | N9: ACCIONES | O9: REGISTRO
A10: 1 | B10: Direccionamiento Estrategico | C10: Tergiversar la información, maquillaje de cifras y datos Rapidez en la entrega de la información No verificación en la entrega a los diferentes entes de control No se valida la información ni la calidad de esta | D10: Brindar información errónea | E10: Incumplimiento metas, objetivos, calidad, transparencia en la información y en los procesos del instituto | F10: Probable | G10: Mayor | H10: Alta | I10: Reportes trimestrales de acuerdo a la ley de transparencia. Publicación de la información en el portal web Divulgación de la gestión a través de la Rendición de Cuentas Entrega de información a los diferentes órganos de control validada y revisada por los líderes de procesos, por planeación, y diferentes áreas de apoyo a lo misional. Integralidad del MIPG con MECI Calidad | J10: Improbable | K10: Moderado | L10: Baja | M10: Trimestral | N10: Diseñar e implementar procedimientos para la revisión y verificación de la información de manera eficaz, a través de la integración entre MIPG con MECI Calidad.,Socialización de los procedimientos y acompañamiento a los líderes en la fase I de implementación. | O10: listados de asistencia, registro fotogràfico | P10: 03/01/2023- 28/04/2023, 02/05/2023-31/08/2023, 01/0972023-29/12/2023 | Q10: Realizar 4 socializaciones del Manual de Procesos y Procedimientos del Instituto | R10: Dirección | S10: 1. Número de socializaciones del Manual de Procesos y Procedimientos versiòn 2.0 Realizada / Total socializaciones del Manual de Procesos y Procedimientos versiòn 2.0 Programadas | T10: 1 | U10: 0.15 | V10: 0.15 | W10: Se diseñaron e implementaron procedimientos para la revisión y verificación de la información de manera eficaz, a través de la integración entre MIPG con MECI Calidad.,Socialización de los procedimientos y acompañamiento a los líderes en la fase I de implementación. | X10: 0.25 | Z10: =(X10+V10) -> 0.4 | AA10: Se realizaron mesas de trabajo para determinar las riesgos de los procesos dentro de estas mesas se contemplaron la revisión, implementación y actualización de los procesos y procedimientos establecidos en el Manual Versión 2.0 del año 2022. | AB10: 0.25 | AC10: =(Z10+AB10) -> 0.65 | AD10: En el trimestre anterior se realizaron mesas de trabajo para determinar las riesgos de los procesos dentro de estas mesas se contemplaron la revisión, implementación y actualización de los procesos y procedimientos establecidos en el Manual Versión 2.0 del año 2022. | AE10: 0.35 | AF10: =(AC10+AE10) -> 1 | AG10: En este último trimestre del año 2023 , se realizó mesas de trabajo con los diferentes áreas del IDER en donde se logro ac tualizar algunos procesos y se acogieron a las reccomendaciones de las auditorias realizadas por la Oficna de Control Interno y la Contraloría Distrital en sus distintas auditorías.
T11: 1
A12: 2 | B12: Direccionamiento Estrategico | C12: Falta de los procedimientos internos para la gestión documental y archivo. Definición de responsables y apoyos tecnológicos para la gestión documental y archivo. Personas a cargo de almacenar esta información sean cambiantes en el cargo y no esté definido un procedimiento de entrega al terminar la gestión. | D12: Daño o pérdida de la información | E12: Falta de soportes y evidencias para la toma de decisiones. Evidencias insuficientes de las acciones importantes adelantadas en todos los ámbitos de la gestión, recursos financieros, contratación. | F12: Posible | G12: Catastrofico | H12: Extremo | I12: Definición de los procedimientos, capacitaciones en gestión documental y archivo, auditorías de estos procesos. | J12: Improbable | K12: Catastrofico | L12: Alta | M12: Permanente | N12: Definir responsable de la gestión documental y archivo, así como el responsable del acompañamiento tecnológico,Diseñar e implementar procedimiento de gestión documental y archivo, incluyendo el proceso de entrega de la información,Socializar el procedimiento y los formatos definidos, y acompañar en la fase I de implementación de éstos., Realizar back-ups de manera periódica para asegurar el archivo. | O12: Lisatados de asistencia , registro fotogràfico, Formato Copias de Seguridad de las dependencias | P12: 03/01/2023- 28/04/2023 , 02/05/2023-31/08/2023, 01/0972023-29/12/2023 | Q12: Realizar 4 socilizaciones del Procesos y Procedimientos de la Gestiòn Dcumental y sus formatos | R12: Dirección | S12: 1. Número de socializaciones de procedimiento y formatos de Gestiòn Dcumental / Total de procedimiento y formatos definidos en la Gestiòn Dcumental | T12: 1 | U12: 0 | V12: 0 | W12: Se realizarán en el segundo trimestre del año 2023 . | X12: 0 | Z12: =(X12+V12) -> 0 | AA12: Se realizarán en el segundo semestre del año 2023. . | AB12: 0.75 | AC12: =(Z12+AB12) -> 0.75 | AD12: Desde la Oficina de archivo se realizaron a cada dependencia del instituto solicializaciones en el manejo del archivo digital y físico. Así como se esta prestando apoyo técnico para el proceso de empalme. | AE12: 0.2 | AF12: =(AC12+AE12) -> 0.95 | AG12: Desde la Oficina de archivo se realizaron a cada dependencia del instituto solicializaciones en el manejo del archivo digital y físico. Así como se presto apoyo técnico para el proceso de empalme y los archicvos digitales del instituto producidos durante el periodo de 2020 a 2023.
T13: 0
T14: 0
T15: 1
A16: 3 | B16: Direccionamiento Estrategico | C16: Temas políticos Mecanismos de validación ineficientes Falta de control en la toma de las decisiones | D16: Tráfico de influencias | E16: Sanciones diciplinarias Multas | F16: Posible | G16: Mayor | H16: Alta | I16: Excelente proceso de contratacion del personal Definición de comites asesores con responsabilidades y funciones específicas para la toma de decisiones | J16: Improbale | K16: Mayor | L16: Moderado | M16: Permanente | N16: Socialización constante del Código de integrdidad del IDER a los tomadores de decisiones,Manual de Funciones y Competencias Laborales del IDER | O16: Listados de asistencias, registro fotogràfico | P16: 03/01/2023- 28/04/2023 , 02/05/2023-31/08/2023, 01/09/2023-29/12/2023 | Q16: Realizar 6 socializaciònes del Còdigo de integridad (1 general y 5 con cada uno de los valores dirigidos a funcionarios y contratistas del IDER) | R16: Dirección | S16: 1. Número de socializaciones realizadas del Código de integridad del IDER / Total de socializaciones del Código de integridad del IDER Programadas. | T16: 1 | U16: 0 | V16: 0 | W16: Se realizará en el segundo trimestre del año 2023 . | X16: 0 | Z16: =(X16+V16) -> 0 | AA16: Se realizará en el segundo trimestre del año 2023 . | AB16: 0.75 | AC16: =(Z16+AB16) -> 0.75 | AD16: Desde el mes de agosto de 2023, se inicio la feria de valores referentes a lo establecido en el Código de Integridad y culminará en el cuarte trimestre del 2023. La metodologia de esta ferría se basa en el trabajo en equipo entre las depencias a través de diferentes actividades recreativas que buscan la integración y la cohesión. | AE16: 0.25 | AF16: =(AC16+AE16) -> 1 | AG16: En este trimestre se continuó con la feria de valores referentes a lo establecido en el Código de Integridad.
T17: 0.4
A18: 4 | B18: Planeación Institucional | C18: No se cumplen con las metas establecidas en la planificación para un periodo. | D18: Posibilidad de Recibir dinero o dádiva para alterar la información que se reporta, cambiando los resultados de la gestión, con el fin de beneficiar los resultados obtenidos a nombre propio o de tercero. | E18: Hallazgos de los entes de Control. Desinformación de los usuarios. Inconsistencias en los informes presentados. | F18: Posible | G18: Mayor | H18: Alta | I18: Realizar la verificación de la información enviada por los funcionarios que desarrollan los programas y proyectos y la información socializada en la Rendición de Cuentas. | J18: Improbable | K18: Mayor | L18: Moderado | M18: Permanente | N18: Coherencia entre los reportes de Seguimiento al Plan de Acción con la Rendición de Cuenta. | O18: Formato de seguimiento de Plan de Acción , Informe de Gestión | P18: 03/01/2023- 28/04/2023 , 02/05/2023-31/08/2023, 01/09/2023-29/12/2023 | Q18: Realizar 12 seguimiento del Plan de Acciòn asì como 4 Informes de Gestiòn | R18: Oficina Asesora de Planeación | S18: 1. Número de informes realizados / Total de informes programados | T18: 1 | U18: 0.25 | V18: 0.25 | W18: Se realizó la primera reunión del plan de trabajo para la Rendición de Cuentas de la vigencia 2022 el día 21 de marzo de 2023. A la fecha se tienen consolidados los 4 informes del Plan de Acción del año 2022 y el primer trimestre de la vigencia 2023 , el primer informe de gestión de la vigencia 2023 y el infrome de gestión de cierre del año 2022. | X18: 0.25 | Z18: =(X18+V18) -> 0.5 | AA18: A la fecha se tienen consolidados los 2 informes del Plan de Acción del año 2023 y el primer trimestre de la vigencia 2023 y el segundo trimestre de 2023 , el informe de gestión a corte 15 de febrero de la vigencia 2023 y el informe de gestión a 15 de mayo del año 2023. | AB18: 0.25 | AC18: =(AB18+Z18) -> 0.75 | AD18: A la fecha se tienen consolidados los 9 informes del Plan de Acción del año 2023, el primer trimestre de la vigencia 2023 , el segundo trimestre de 2023 y el tercer trimestre de la vigencia 2023 asi como también con tamos con el informe de gestión a corte 15 de febrero de la vigencia 2023 , el informe de gestión a 15 de mayo del año 2023, y el informe de gestión a 15 de septiembre del año 2023. | AE18: 0.25 | AF18: =(AE18+AC18) -> 1 | AG18: A la fecha se tienen consolidados los 12 informes del Plan de Acción del año 2023, el primer trimestre de la vigencia 2023 , el segundo trimestre de 2023 , el tercer trimestre y el cuarto trimestre de la vigencia 2023 asi como también contamos con el informe de gestión a corte 15 de febrero de la vigencia 2023 , el informe de gestión a 15 de mayo del año 2023, y el informe de gestión a 15 de septiembre del año 2023.
A19: 5 | B19: Planeación Institucional | C19: Programas y proyectos sin claros objetivos y sus metas sin concordancia con el plan de desarrrollo . | D19: Posibilidad de Recibir dinero o dádiva para formular proyectos sin que se articulen con las directrices estratégicas del IDER y favorecer intereses propios y particulares. | E19: Pérdida de confianza y credibilidad en la entidad. Intervención de órganos de control. Sanciones. Inadecuada ejecución de la inversión pública. | F19: Posible | G19: Mayor | H19: Alta | I19: La Oficina Asesora de Planeación lidera los procesos de formulación de los diferentes proyectos del IDER, articulando su labor con las dependecias del Instituto, de acuerdo con los lineamientos establecidos en el Plan de Desarrollo. | J19: Improbable | K19: Mayor | L19: Moderado | M19: Permanente | N19: Los proyectos se formulan de acuerdo con la Metodología General Ajustada. Así como el diligenciamiento de los anexos presupuestales de cada proyecto. Todas las modificaciones y traslados que se realicen dentro del mismo o fuera de este, requieren del concepto favorable de Planeación Disttital así como la carga y actualización en las diferentes plataformas estatales según sea el caso. | O19: Certificado de Viabilidad de proyectos de la Secretaria Planeaciòn Distrital. | P19: 03/01/2023- 28/04/2023 , 02/05/2023-31/08/2023, 01/0972023-29/12/2023 | Q19: Realizar formulaciòn y actualizaciòn de los proyectos de inversiòn | R19: Oficina Asesora de Planeación | S19: 1. Número de certificados de viabilidad de la Secretaria de Planeación obtenidos / Total de certificados de viabilidad de la Secretaria de Planeación requeridos. | T19: =9/11 -> 0.81818182 | U19: 0.25 | V19: 0.25 | W19: Los 8 proeyectos del instituto se encuentran actualizados y vialbilizados por la Secretaría de Planeación Distrital a. Así como el diligenciamiento de los anexos presupuestales de cada proyecto. | X19: 0.25 | Z19: =(X19+V19) -> 0.5 | AA19: Para este período se actualizaron 4 proyectos de los 8 con que contamos, .por la prioriozación que se hizo en la incorporación de recursos al presupuesto de inversión del IDER. | AB19: 0.25 | AC19: =(AB19+Z19) -> 0.75 | AD19: En este período se actualizaron los 6 proyectos del IDER. | AE19: 0.25 | AF19: =(AE19+AC19) -> 1 | AG19: En este período, se realizó el cierre de los ocho (8) proyectos de inversión del Instituto de la vigencia 2023 y se actualizaron los presupuestos de los ocho (8) proyectos de Inversión para la vigencia 2024.
A20: 6 | B20: Gestión de las comunicaciones | C20: Falta de coordinación con las áreas que suministran la información. Entrega demorada u ocultamiento de información relacionada con temas misionales y de interés público. Ausencia de mecanismos de control de revisión, por parte del líder del proceso. Errores en la entrega de la información por parte de la fuente y falta de verificación de la información. Desconocimiento del proceso de comunicación por parte de los servidores públicos y contratistas de la Entidad. | D20: Información errada suministrada al interior de la entidad y a los medios de comunicación | E20: Afectar la imagen y/o reputación del instituto. Observaciones y/o hallazgos en las auditorías internas. Desinformación a la ciudadanía. Posibles investigaciones y/o sanciones por entes de control y entidades competentes. | F20: Posible | G20: Mayor | H20: Alta | I20: Obtención de la información de la Oficina Asesora de Planeación. Reuniones para coordinar las rutas a seguir en cuanto a la publicación de la información.Revisión de toda la información suministrada a la oficina de Comunicaciones para garantizar su correcta difusión. Realizar campañas sobre las herramientas existentes para garantizar una adecuada comunicación.Socializar los formatos para hacer los requerimientos del proceso de comunicaciones para lograr su articulación. | J20: Improbable | K20: Mayor | L20: Moderado | M20: Permanente | N20: Implementar los procedimientos al sistema de información.,Programar con los enlaces de cada área, las reuniones para revisar la información que se publica. Programar con los enlaces de cada área, una reunión y coordinar las actividades que realizan en el mes e informar los canales habilitados para hacer los requerimientos a la oficina de comunicaciones,Realizar un diágnostico sobre las herramientas existentes y conocer la percepción de los funcionarios sobre estas. | O20: Acta de reuniòn, listados de asistencias de los enlaces con las diferentes dependencias del IDER , diagnòsticos | P20: 03/01/2023- 28/04/2023 , 02/05/2023-31/08/2023, 01/0972023-29/12/2023 | Q20: Realizar 64 mesas de trabajo con los enlaces de cada depemdencia del IDER | R20: Oficina de Comunicaciones y Prensa | S20: 1. Número de mesas de trabajo desarrolladas / Número total de mesas de trabajo programadas | T20: 0.7 | U20: 0.25 | V20: 0.25 | W20: Se Implementaron los procedimientos al sistema de información, Se programo con los enlaces de cada área las reuniones para revisar la información que se pública. Se programo con los enlaces de cada área, una reunión y se coordinaron las actividades que realizan en el mes (2-3 reuniones por mes del equipo completo, 4 reuniones por mes con enlaces de areas) e informar los canales habilitados para hacer los requerimientos a la oficina de comunicaciones (Se implementó un formato para la solicitud de productos audiovisules y piezas gráficas)Realizar un diágnóstico sobre las herramientas existentes y conocer la percepción de los funcionarios sobre estas (Se diseñó y se socializó con la dirección general y posterior con los diferentes jefes de área el Plan Estratégico de Comunicaciones 2023, se envío por correo eletrónico el dia 23 de enero de 2023 ) y se encuentra publicada en páagina web institucional LINK:https://ider.gov.co/ider/transparencia/planeacion/. | X20: 0.25 | Z20: =(X20+V20) -> 0.5 | AA20: Se continua trajabando bajo la misma dinánimica del trimestre anterior. Se Implementaron los procedimientos al sistema de información, Se programó con los enlaces de cada área las reuniones para revisar la información que se pública. Se programó con los enlaces de cada área, una reunión y se coordinaron las actividades que realizan en el mes (2-3 reuniones por mes del equipo completo, 4 reuniones por mes con enlaces de areas) e informar los canales habilitados para hacer los requerimientos a la oficina de comunicaciones (Se implementó un formato para la solicitud de productos audiovisules y piezas gráficas)Realizar un diágnóstico sobre las herramientas existentes y conocer la percepción de los funcionarios sobre estas (Se diseñó y se socializó con la dirección general y posterior con los diferentes jefes de área el Plan Estratégico de Comunicaciones 2023, se envío por correo eletrónico el dia 23 de enero de 2023 ) y se encuentra publicada en páagina web institucional LINK:https://ider.gov.co/ider/transparencia/planeacion/. | AB20: 0.25 | AC20: =(A20+AB20) -> 6.25 | AD20: Se continua trajabando bajo la misma dinánimica del trimestre anterior, Se programó con los enlaces de cada área las reuniones para revisar la información que se pública, Se coordina con los enlaces de cada área las actividades que realizan en el mes (2-3 reuniones por mes del equipo completo, 4 reuniones por mes con enlaces de areas) e informar los canales habilitados para hacer los requerimientos a la oficina de comunicaciones. | AE20: 0.25 | AF20: =(AE19+AC19) -> 1 | AG20: Se continua trajabando bajo la misma dinánimica del trimestre anterior, Se programó con los enlaces de cada área las reuniones para revisar la información que se pública, Se coordina con los enlaces de cada área las actividades que realizan en el mes (2-3 reuniones por mes del equipo completo, 4 reuniones por mes con enlaces de areas) e informar los canales habilitados para hacer los requerimientos a la oficina de comunicaciones.
T21: 1
T22: 0.5
A23: 7 | B23: Gestión de las comunicaciones | C23: La información suministrada por las áreas se entrega extemporáneamente. Falta de comunicación entre los procesos interesados en comunicar información. Ausencia de idoneidad del personal que desarrolla las actividades No utilizar los canales de comunicación adecuados de acuerdo al tipo de información. Falta de equipos y software adecuados para la ejecución de las actividades de comunicaciones. Criterios no compartidos por parte de los actores del proceso para la ejecución de las actividades | D23: No comunicar oportunamente los eventos o actividades que realice el Instituto a través de los diferentes canales de comunicación | E23: Afectar la imagen y/o reputación del instituto. Observaciones y/o hallazgos en las auditorías internas. Desinformación a la ciudadanía. Posibles investigaciones y/o sanciones por entes de control y entidades competentes. Desinformación a la ciudadanía respecto a la información de sus trámites y servicios. Demora en las respuestas de los requerimientos asignados a las dependencias. Información tardía y desactualizada a la ciudadanía. | F23: Posible | G23: Moderado | H23: Moderado | I23: Informar los tiempos de respuesta para cada solicitud que realicen a la oficina de comunicaciones. Establecer un cronograma de entrega de información por parte de las áreas pertinentes a la dependencia de comunicaciones para generar los productos requeridos. Socializar los requerimientos del proceso de comunicaciones para lograr su articulación. . | J23: Improbable | K23: Moderado | L23: Baja | M23: Permanente | N23: Implementar los procesos y procedimientos de la Oficina de Comunicaciones, Programar con los enlaces de cada área, una reunión y coordinar las actividades que realizan en el mes e informar los canales habilitados para hacer los requerimientos a la oficina de comunicaciones. | O23: Acta de reuniòn, listados de asistencias de los enlaces con las diferentes dependencias del IDER | P23: 03/01/2023- 28/04/2023 , 02/05/2023-31/08/2023, 01/0972023-29/12/2023 | Q23: Realizar 64 mesas de trabajo con los enlaces de cada depemdencia del IDER | R23: Oficina de Comunicaciones y Prensa | S23: 1. Número de mesas de trabajo desarrolladas / Número total de mesas de trabajo programadas | T23: 0.8 | U23: 0.25 | V23: 0.25 | W23: (2-3 reuniones por mes del equipo completo, 4 reuniones por mes con enlaces de áreas) | X23: 0.25 | Z23: =(X23+V23) -> 0.5 | AA23: Se continua trajabando bajo la misma dimanimica del trimestre anterior: (2-3 reuniones por mes del equipo completo, 4 reuniones por mes con enlaces de áreas) | AB23: 0.25 | AC23: =(Z23+AB23) -> 0.75 | AD23: Se continua trajabando bajo la misma dimanimica del trimestre anterior: (2-3 reuniones por mes del equipo completo, 4 reuniones por mes con enlaces de áreas) | AE23: 0.25 | AF23: =(AC23+AE23) -> 1 | AG23: Se continua trajabando bajo la misma dimanimica del trimestre anterior: (2-3 reuniones por mes del equipo completo, 4 reuniones por mes con enlaces de áreas)
T24: 1
A25: 8 | B25: Gestión de las comunicaciones | C25: Falta de continuidad en el ejercicio por cambio de administración. Ausencia de canales efectivos de comunicación con la ciudadanía y al interior de la entidad. Falta de control de los lineamientos establecidos en el manual de comunicaciones a los procesos que están relacionados directamente. Incumplimiento de los objetivos establecidos en el manual de comunicaciones por falta de idoneidad del personal a cargo o por rotación del personal. No incluir la totalidad de los temas de impacto en el plan de comunicaciones. | D25: Incumplimiento a los lineamientos establecidos en el manual de comunicaciones | E25: Observaciones y/o hallazgos en las auditorías internas. Incumplimiento en la implementación de los objetivos de comunicación dirigidos a los públicos internos y externos. Pérdida de credibilidad frente a los públicos internos y externos. Falta de integración en la ejecución y en la toma de decisiones de los procesos comunicativos. Respuesta inoportuna a las solicitudes y consultas de los ciudadanos. Incumplimiento de los objetivos del Manual de Comunicaciones y a las metas estratégicas de la entidad. Afectación a la Imagen y reputación de la entidad. | F25: Posible | G25: Mayor | H25: Alta | I25: Realizar el manual de comunicaciones de la entidad al interior del proceso y a los funcionarios que tenga competencia dentro de la entidad. Realizar el seguimiento para garantizar el cumplimiento de los objetivos establecidos en el manual de comunicaciones (Reuniones con las diferentes subdirecciones y al interior del proceso - Consejos de redacción). | J25: Improbable | K25: Mayor | L25: Alta | M25: Permanente | N25: Cápsulas informativas difundidas en los diferentes canales de comunicación de la entidad y programar reuniones con los enlaces de cada oficina. | O25: Informe de seguimiento del Plan Estratégico de Comunicaciónes, acta y listados de asistencias de los enlaces con las diferentes dependencias del IDER | P25: 03/01/2023- 28/04/2023 , 02/05/2023-31/08/2023, 01/0972023-29/12/2023 | Q25: Realizar 3 infromes de segumiento al Plan Estrategico de Comunicaciones | R25: Oficina de Comunicaciones y Prensa | S25: 1. Número de informes de seguimiento del Plan Estratégico de comunicaciones realizados / Número total de informes de seguimiento del Plan Estratégico de comunicaciones requeridos. | T25: 1 | U25: 0.25 | V25: 0.25 | W25: El seguimiento se realiza de forma trimestral se realizó (1) un seguimiento a corte marzo 31 del 2023, se realiza un informe mensual del comportamiento de redes sociales, se realizaron durante el primer trmestre de 2023 (3) informes de redes sociales, el informe trimestral se encuentra publicado en página web institucional, LINK: https://ider.gov.co/ider/transparencia/planeacion/estrategia-comunicacional-ider/ | X25: 0.25 | Z25: =(X25+V25) -> 0.5 | AA25: El seguimiento se realiza de forma trimestral se realizó (1) un seguimiento a corte junio 30 del 2023, se realiza un informe mensual del comportamiento de redes sociales, se realizaron durante el segundo trimestre de 2023 (3) informes de redes sociales, el informe trimestral se encuentra publicado en página web institucional, LINK: https://ider.gov.co/ider/transparencia/planeacion/estrategia-comunicacional-ider/ | AB25: 0.25 | AC25: =(Z25+AB25) -> 0.75 | AD25: El seguimiento se realiza de forma trimestral se realizó (1) un seguimiento a corte septiembre 30 del 2023, se realiza un informe mensual del comportamiento de redes sociales, se realizaron durante el tercer trimestre de 2023 (3) informes de redes sociales, el informe trimestral se encuentra publicado en página web institucional, LINK: https://ider.gov.co/ider/transparencia/planeacion/estrategia-comunicacional-ider/ | AE25: 0.25 | AF25: =(AC25+AE25) -> 1 | AG25: El seguimiento se realiza de forma trimestral se realizó (1) un seguimiento a corte diciembre 31 del 2023, se realiza un informe mensual del comportamiento de redes sociales, se realizaron durante el cuarto trimestre de 2023 (4) informes de redes sociales, el informe trimestral se encuentra publicado en página web institucional, LINK: https://ider.gov.co/ider/transparencia/planeacion/estrategia-comunicacional-ider/
A26: 9 | B26: Promoción y Fomento Deportivo | C26: Desconocimiento de los padres del proceso formativo que se sigue con sus hijos. Mecanismos insuficientes para la toma de decisiones. | D26: Trafico de influencias para la inscripcion de niños sin tener en cuenta los niveles de formación | E26: Incumplimiento de objetivos y metas. Pérdida de confianza y credibilidad en la entidad. Intervención de órganos de control. Sanciones. Pérdida de recursos económicos. | F26: Poco probable | G26: Moderado | H26: Baja | I26: Evaluaciones periodicas a los profesores . Capacitación en el proceso a los padres Seguimiento a los proceso | J26: Rara vez | K26: Moderado | L26: Baja | M26: Semestral | N26: Capacitación de los docentes, equipo sicosocial y administrativo de la EIFD,Selección de los niños de acuerdo a los niveles de formación que se tienen en la EIFD | O26: Llistados de asistencias, registro fotográfico | P26: 03/01/2023- 28/04/2023 , 02/05/2023-31/08/2023, 01/0972023-29/12/2023 | Q26: Realizar 6 capacitaciones a los docentes, equipo sicosocial y administrativo de la EIFD | R26: Deportes | S26: 1. Número de capacitaciones realizadas a los docentes, equipo sicosocial y administrativo de la EIFD / Número total de capacitaciones Programadas para los docentes, equipo sicosocial y administrativo de la EIFD | T26: 1 | U26: 0.25 | V26: 0.25 | W26: 1. Se realizo reunion de inducción al equipo sicosocial y administrativo de la EIFD el dia 21 de febrero y re realizaron reuniones periódicas semanalmente de seguimiento a los procesos de la EIFD. | X26: 0.25 | Y26: Se realizaron reuniones periodicas semanales y mensuales con el equipo Psicosocial, Administrativo y de docentes, para seguimentos y ajustes a los procesos de la EIFD. Para el mes de abril finalizo el periodo de inscripcion al nivel de enfasis. | Z26: =(X26+V26) -> 0.5 | AA26: Se realizaron reuniones periódicas semanales y mensuales con el equipo Psicosocial, Administrativo y de docentes, para seguimentos y ajustes a los procesos de la EIFD. Para el mes de abril finalizó el periodo de inscripción al nivel de énfasis. | AB26: 0.25 | AC26: =(Z26+AB26) -> 0.75 | AD26: Se realizaron reuniones periodicas semanales y mensuales con el equipo Psicosocial, Administrativo y de docentes, para seguimentos y ajustes a los procesos de la EIFD. Para el mes agosto se realizóla jornada de inscripción del segundo periodo y finalizó en el mes de septiembre paral nivel de iniciacion. | AE26: 0.25 | AF26: =(AC26+AE26) -> 1 | AG26: Se realizaron reuniones periodicas semanales y mensuales con el equipo Psicosocial, Administrativo y de docentes, para seguimentos y ajustes a los procesos de la EIFD.
T27: 1
A29: 10 | B29: Promoción y Fomento Deportivo | C29: Falta de acompañamiento en el proceso de inscripción Mecanismos y procedimientos insuficientes para la verificacion de los requisitos para inscripción | D29: Desconocimiento de los procesos de inscripción a los juegos intercolegiados | E29: Pérdida de confianza y credibilidad en la entidad. Intervención de órganos de control. | F29: Posible | G29: Moderado | H29: Moderado | I29: Verificación en la pagina web del Ministerio del Deporte Verificacion e informe de los inscritos dado por el Ministerio | J29: Rara vez | K29: Moderado | L29: Baja | M29: Mensual | N29: Socializaciones a las instituciones educativas, Acompañamiento a los procesos de inscripción a la instituciones educativas y estudiantes | O29: Llistados de asistencias, registro fotográfico | P29: 03/01/2023- 28/04/2023 , 02/05/2023-31/08/2023, 01/0972023-29/12/2023 | Q29: Realizar 15 socializaciones a las instituciones educativas del Distrito de Cartagena de Indias | R29: Deportes | S29: 1. Número de socializaciones realizadas a las instituciones educativas del Distrito de Cartagena de Indias / Número Total de socializaciones programadass | T29: =207/210 -> 0.98571429 | U29: 0.25 | V29: 0.25 | W29: En este período no se ha habilitado el proceso de inscripción a Juegos Intercolegiados por parte del Ministerio del Deporte .Se tiene previsto la apertura para el segundo trimestre del 2023. Se realizó una socialización de los Juegos Universitarios con Ascun y el IDER | X29: 0.25 | Y29: En este período no se ha habilitado el proceso de inscripción a Juegos Intercolegiados por parte del Ministerio del Deporte .Se tiene previsto la apertura para el tercer trimestre del 2023. Se estan realizando actividades recreo-deportivas con el objetivo de incentivar la participacion de los estudiantes y las Instituciones educativas en los juegos Intercolegiados viegncia 2023. | Z29: =(X29+V29) -> 0.5 | AA29: En este período no se ha habilitado el proceso de inscripción a Juegos Intercolegiados por parte del Ministerio del Deporte .Se tiene previsto la apertura para el tercer trimestre del 2023. Se estan realizando actividades recreo-deportivas con el objetivo de incentivar la participación de los estudiantes y las Instituciones educativas en los Juegos Intercolegiados viegncia 2023. | AB29: 0.25 | AC29: =(Z29+AB29) -> 0.75 | AD29: Desde el 1 de julio iniciaron los procesos de Inscripción de los juegos intercolegiados 2023, los cuels se extendieron hasta el 28 de agosto.. Se logró una inscripción de 6,137 estudiantes deportistas y 162 instituciones educativas que participaron de estos juegos para la vigencia 202.. | AE29: 0.25 | AF29: =(AC29+AE29) -> 1 | AG29: Se finalizaron las competencias de los juegos Intercolegiados vigencia 2023, con fecha del 30 de noviembre del 2023
T30: 0.2
A31: 11 | B31: Promoción y Fomento Deportivo | C31: Mecanismos y procedimientos insuficientes para la verificacion de los requisitos para inscripcion | D31: Omisión para la verificacion de la información que brindan los participantes | E31: Incumplimiento de objetivos y metas. Pérdida de confianza y credibilidad en la entidad. Intervención de órganos de control. Sanciones. Pérdida de recursos económicos. | F31: Probable | G31: Moderado | H31: Moderado | I31: Campañas de capacitación y socializacion de los referentes a las convocatorias | J31: Posible | K31: Moderado | L31: Moderado | M31: Semestral | N31: Socialización de los referentes y requisitos para particpar de las convocatorias | O31: Llistados de asistencias, registro fotográfico | P31: 03/01/2023- 28/04/2023 , 02/05/2023-31/08/2023, 01/0972023-29/12/2023 | Q31: Realizar 3 socializaciones a los grupos de valor | R31: Deportes | S31: 1. Número de socializaciones realizadas a los grupos de valor / Número Total de socializaciones programadas a los grupos de valor. | T31: =554/554 -> 1 | U31: 0.25 | V31: 0.25 | W31: Se realiazó socialización de las dos convocatorias: 1. convocatoria dirigida a deportistas (24-02-2023)y 2. convocatoria dirigida a organismos deportivos (16-03-2023). | X31: 0.25 | Y31: Se realiazó socialización de las dos convocatorias: 1. convocatoria dirigida a deportistas (24-02-2023)y 2. convocatoria dirigida a organismos deportivos (16-03-2023). | Z31: =(X31+V31) -> 0.5 | AA31: Se realizó socialización de las dos convocatorias: 1. convocatoria dirigida a deportistas (24-02-2023)y 2. convocatoria dirigida a organismos deportivos (16-03-2023). | AB31: 0.25 | AC31: =(Z31+AB31) -> 0.75 | AD31: Se realizó socialización y publicacion de las convocatorias: 3° convocatoria dirigida a deportistas (16-08-2023), 4° convocatoria dirigida a deportistas (25-08-2023) y 5° convocatoria dirigida a deportistas (26-09-2023) | AE31: 0.25 | AF31: =(AC31+AE31) -> 1 | AG31: Durante este período se publicó el listado total de 81 atletas beneficiados correspondientes a la Quinta Invitación Pública para apoyo y/o incentivos a Juegos Nacionales y Paranacionales 2023. Durante este período se publicó el listado total de 2 atletas beneficiados correspondientes a la Invitación Pública para apoyo y/o incentivos Padal Panamericano 2023, Se publico la segunda invitación mundialista con la resolución N° 296 de octubre 25 de 2023 por medio de la cual se publica el listado de los atletas clasificados y/o seleccionados para representar a Colombia en los campeonatos mundiales de su respectivo deporte y que tengan previsto desarrollarse entre agosto y diciembre de 2023; para acceder a los apoyos y/o estímulos establecidos. Listado Apoyos Mundialistas de 2 atletas. Link https://ider.gov.co/wp-content/uploads/2023/10/RES.-296-Publicacion-atletas-beneficiados-Padal-Mundial-segunda-invitacion.pdf Se publico la primera invitación mundialista con la resolución N° 244 de agosto 25 de 2023 por medio de la cual se publica el listado de los atletas clasificados y/o seleccionados para representar a Colombia en los campeonatos mundiales de su respectivo deporte y que tengan previsto desarrollarse entre agosto y diciembre de 2023; para acceder a los apoyos y/o estímulos establecidos. Listado Apoyos Mundialistas de 6 atletas. Link https://ider.gov.co/wp-content/uploads/2023/08/RES.-244-Publicacion-atletas-beneficiados-Padal-Mundial.pdf , A corte 29 de diciembre se realizaron 1. Durante este período se hizo entrega de estímulos a 64 atletas apoyados por el IDER que obtuvieron medalla en los Juegos Nacionales y Paranacionales 2023. 2. Cinco (5) atletas de deporte adaptado renunciaron a los apoyos por no reunir los requisitos de acceso al no haber clasificado finalmente a las Justas.
A32: 12 | B32: Promoción y Fomento Deportivo | C32: Falta de conocimiento de los reglamento y estatutos | D32: Incumplimiento de los reglamentos y estatutos establecidos | E32: Incumplimiento de objetivos y metas. Pérdida de confianza y credibilidad en la entidad. Intervención de órganos de control. Sanciones. Pérdida de recursos económicos. | F32: Probable | G32: Moderado | H32: Moderado | I32: Campañas de capacitación y socializacion de los reglamento y estatutos referente a las convocatorias | J32: Posible | K32: Moderado | L32: Moderado | M32: Permanente | N32: Capacitación y socialización del reglamaneto y estatutos referentes de la convocatoria | O32: Listados de asistencia , registro fotográfico | P32: 03/01/2023- 28/04/2023 , 02/05/2023-31/08/2023, 01/0972023-29/12/2023 | Q32: Realizar 3 socializaciones a los grupos de valor | R32: Deportes | S32: 1. Número de socializaciones realizadas a los grupos de valor / Número Total de socializaciones programadas a los grupos de valor. | T32: =4/4 -> 1 | U32: 0.25 | V32: 0.25 | W32: Se realiazó socialización de los reglamentos y estatutos a las dos convocatorias: 1. convocatoria dirigida a deportistas (24-02-2023)y 2. convocatoria dirigida a organismos deportivos (16-03-2023) | X32: 0.25 | Y32: Para esta segunda convocatoria se estan realizando socializaciones y acompañiamientos personalizados a cada organo deportivo, para su debido proceso y adjudicacion de documentos y demas referentes. | Z32: =(X32+V32) -> 0.5 | AA32: Para esta segunda convocatoria se estan realizando socializaciones y acompañiamientos personalizados a cada organo deportivo, para su debido proceso y adjudicación de documentos y demás referentes. | AB32: 0.25 | AC32: =(Z32+AB32) -> 0.75 | AD32: Para estas convocatorias se realizaron socializaciones y acompañiamientos personalizados a cada organo deportivo, para su debido proceso y adjudicacion de documentos y demás referentes. Para la postulación de sus deportitas.se desarrollo un proceso de revisón y validación de los documentos, asi mismo se llevo a cabo la etapa de subsanacion para cada una de las convocatorias. | AE32: 0.25 | AF32: =(AC32+AE32) -> 1 | AG32: Para estas convocatorias y/o invitaciones publicas, se realizaron socializaciones y acompañiamientos personalizados a cada organo deportivo, para su debido proceso y adjudicacion de documentos y demás referentes. Para la postulación de sus deportitas.se desarrollo un proceso de revisón y validación de los documentos, asi mismo se llevo a cabo la etapa de subsanacion para cada una de las convocatoriasy/o invitaciones públicas.
A33: 13 | B33: Promoción y Fomento Deportivo | C33: Mecanismos insuficientes para verificar los documentos Premura en la verificacion de los documentos | D33: Falsedad de los documentos presentados | E33: Incumplimiento de objetivos y metas. Pérdida de confianza y credibilidad en la entidad. Intervención de órganos de control. Sanciones. Pérdida de recursos económicos. | F33: Posible | G33: Moderado | H33: Moderado | I33: Verificar los procesos Contar con bases de datos de las ligas | J33: Rara vez | K33: Moderado | L33: Moderado | M33: Semestral | N33: Verificación y revisión de la documentación presentada | O33: Lista de chequeo de los documentos presentados | P33: 03/01/2023- 28/04/2023 , 02/05/2023-31/08/2023, 01/0972023-29/12/2023 | Q33: Realizar diligencioamiento de la lista de chequeo para la revisiòn y verificaciòn de documentos | R33: Deportes | S33: 1. Número de inspecciones realizadas a través de lista de chequeo para la revisión y verificación de documentos / Número Total de Inspecciones programadas de revisión y verificación de documentos. | T33: 0 | U33: 0 | V33: 0 | W33: La convocatoria de organismos deportivos no se encuentra en esta etapa. | X33: 0.5 | Y33: Para la primera convocatoria de invitacion de organismos deportivos se cumplio con el cronograma en las fechas establecidas, en el proceso de evaluacion y la publicacion de la lista de beneficiarios. | Z33: =(V33+X33) -> 0.5 | AA33: Para la primera convocatoria de invitación de organismos deportivos se cumplió con el cronograma en las fechas establecidas, en el proceso de evaluacion y la publicación de la lista de beneficiarios. | AB33: 0.25 | AC33: =(Z33+AB33) -> 0.75 | AD33: Para la primera convocatoria de invitacion de organismos deportivos se cumplio con el cronograma en las fechas establecidas, en el proceso de evaluacion y la publicacion de la lista de beneficiarios. Para este periodo se esta a la espera de la contaratacion del operador que se encargará de la provisión de los bienes y servicios para cada uno los Organismos Deportivos | AE33: 0.25 | AF33: =(AC33+AE33) -> 1 | AG33: A corte 29 de diciembre se realizaron:1.Durante este período se hizo entrega de estímulos a 64 atletas apoyados por el IDER que obtuvieron medalla en los Juegos Nacionales y Paranacionales 2023. 2. Cinco (5) atletas de deporte adaptado renunciaron a los apoyos por no reunir los requisitos de acceso al no haber clasificado finalmente a las Justas.A corte 20 de noviembre se realizaron:Durante este período se publicó el listado total de 2 atletas beneficiados correspondientes a la Invitación Pública para apoyo y/o incentivos Padal Mundial.A corte 20 de octubre se realizaron:Se inició el trámite para el pago de estímulos a ochenta y tres (83) atletas adscritos a las Ligas Deportivas Departamentales, clasificados a Campeonatos Juegos Deportivos Nacionales y Paranacionales 2023 y Juegos Panamericanos Santiago 2023.
A34: 14 | B34: Promoción y Fomento Deportivo | C34: Mecanimos insuficientes para verificar información suministrada | D34: Trafico de influencias para la decision de apoyo de un evento en particular | E34: Incumplimiento de objetivos y metas. Pérdida de confianza y credibilidad en la entidad. Intervención de órganos de control. Sanciones. Pérdida de recursos económicos. | F34: Posible | G34: Moderado | H34: Moderado | I34: Definir criterios de selección Verificacion con los organismos del deporte Crear procedimientos para la escogencia de eventos | J34: Improbable | K34: Moderado | L34: Baja | M34: Mensual | N34: Publicación y socialización de requisitos y referentes para la participación,publicaciòn de criterios de evaluación para organismos deportivos. | O34: Listados de asistencia , piezas comunicacionales, registro fotogràfico | P34: 03/01/2023- 28/04/2023 , 02/05/2023-31/08/2023, 01/0972023-29/12/2023 | Q34: Realizar 3 publicaciones de criterios de evaluaciòn para los organismos deportivos | R34: Deportes | S34: 1. Número de publicaciones de criterios de evaluación para los organismos deportivos realizadas / Número Total de publicaciones de criterios de evaluación para los organismos deportivos requeridas | T34: =3/3 -> 1 | U34: 0.25 | V34: 0.25 | W34: Se realiazo 1 publicación de los terminos de referencia y criterios de evaluacion de la convocatoria de organismos deportivos. | X34: 0.25 | Y34: Se realiazo publicación de los terminos de referencia y criterios de evaluacion de la segunda convocatoria de organismos deportivos. | Z34: =(X34+V34) -> 0.5 | AA34: Se realiazó la publicación de los términos de referencia y criterios de evaluacion de la segunda convocatoria de organismos deportivos. | AB34: 0.25 | AC34: =(Z34+AB34) -> 0.75 | AD34: Por medio de Resolución Nº 157 del 06 de junio del 2023,Se realiazo publicación la lista definitiva de las propuestas aprobadas de las Ligas Deportivas Departamentales de Bolívar y a los Clubes Deportivos de Discapacidad del Distrito de Cartagena de Indias; para acceder a los apoyos y/o incentivos que coadyuven a la obtención de resultados deportivos sobresalientes en los Juegos Deportivos Nacionales y Paranacionales 2023. | AE34: 0.25 | AF34: =(AC34+AE34) -> 1 | AG34: Durante este período se continuo con el apoyo a organismos deportivos de manera más agil y de acuerdo a los planes de actividades entregados a la Oficina de Deportes sobre la participación en diferentes eventos y/o torneos.
T35: 1
A36: 15 | B36: Promocion y Fomento de la actividad fisica y el uso del tiempo libre. | C36: Mecanimos insuficientes para el alamacenamiento de la información suministrada | D36: Uso ilegitimo de la información en los procesos de inscripción. | E36: Pérdida de confianza y credibilidad en la entidad. Intervención de órganos de control. Sanciones. Pérdida de recursos económicos. | F36: Posible | G36: Moderado | H36: Moderado | I36: Definir criterios y procedimientos de inscripcion y selección de participantes | J36: Improbable | K36: Moderado | L36: Baja | M36: Bimensual | N36: Definir mecanismos para la revisión y verificación de los documentos, Implementación de mecanismos para la toma de decisiones. | O36: Lista de chequeo de los documentos presentados y formato de criterios para la toma de decisiones | P36: 03/01/2023- 28/04/2023 , 02/05/2023-31/08/2023, 01/0972023-29/12/2023 | Q36: Realizar diligenciamiento de la lista de chequeo para la revisiòn y verificaciòn de documentos y formatos de criterios para la toma de desiciones | R36: Recreación | S36: 1. Número de lista de chequeo diligenciadas de revisión y verificación de documentos así como formatos con criterios para la toma de decisiones / Número total de lista de chequeo de revisión y verificación de documentos y formatos con criterios para la toma de decisiones requeridos. | T36: 1 | U36: 0.25 | V36: 0.25 | W36: Se implementaron 5 listas de chequeo en el los procesos de inscripción y selección de participantes (planillas, registro fotografico, fichas de inscripción y actas) Como mecanismo para la revisión y verificación de los documentos, el área cuenta con una carpeta DRIVE donde se hace archivo y respaldo de la información de las diferentes listas de chequeos, la cual se actualiza permanentemente | X36: 0.25 | Z36: =(X36+V36) -> 0.5 | AA36: En este periodo se siguieron implementando las 5 listas de chequeo en el los procesos de inscripción y selección de participantes (planillas, registro fotografico, fichas de inscripción y actas) Como mecanismo para la revisión y verificación de los documentos, el área cuenta con una carpeta DRIVE LINK: https://drive.google.com/drive/folders/1hUFj25YboXNx8CzfInK_ExbQ5DGWRxic?usp=sharing donde se hace archivo y respaldo de la información de las diferentes listas de chequeos, la cual se actualiza permanentemente. | AB36: 0.25 | AC36: =(AB36+Z36) -> 0.75 | AD36: Se implementaron las 5 listas de chequeo (planillas, registro fotografico, fichas de inscripción y actas) . Para la verificación y revisión de los documentos, se maneja la información en un DRIVE https://drive.google.com/drive/folders/1hUFj25YboXNx8CzfInK_ExbQ5DGWRxic?usp=sharing para garantizar un soporte de la información y las diferentes listas de chequeos, la actualización de la información es permanente, asi se garantiza el acceso a la información de manera ágil.. | AE36: 0.25 | AF36: =(AE36+AC36) -> 1 | AG36: Se implementaron las 5 listas de chequeo (planillas, registro fotografico, fichas de inscripción y actas) . Para la verificación y revisión de los documentos, se maneja la información en un DRIVE https://drive.google.com/drive/folders/1hUFj25YboXNx8CzfInK_ExbQ5DGWRxic?usp=sharing para garantizar un soporte de la información y las diferentes listas de chequeos, la actualización de la información es permanente, asi se garantiza el acceso a la información de manera ágil..
T37: 1
A38: 16 | B38: Promocion y Fomento de la actividad fisica y el uso del tiempo libre. | C38: Mecanimos insuficientes para verificar información suministrada Favorecimiento a un tercero | D38: Soborno y tráfico de influencias. | E38: Pérdida de confianza y credibilidad en la entidad. Intervención de órganos de control. Sanciones. Pérdida de recursos económicos. | F38: Posible | G38: Moderado | H38: Moderado | I38: Definir criterios y procedimientos de inscripcion y selección de participantes | J38: Improbable | K38: Moderado | L38: Baja | M38: Bimensual | N38: Definir mecanismos para la revisión y verificación de los documentos,Implementación de mecanismos para la toma de decisiones | O38: Lista de chequeo de los documentos presentados y formato de criterios para la toma de decisiones | P38: 03/01/2023- 28/04/2023 , 02/05/2023-31/08/2023, 01/0972023-29/12/2023 | Q38: Realizar diligenciamiento de la lista de chequeo para la revisiòn y verificaciòn de documentos y formatos de criterios para la toma de desiciones | R38: Recreación | S38: 1. Número de lista de chequeo diligenciadas de revisión y verificación de documentos así como formatos con criterios para la toma de decisiones / Número total de lista de chequeo de revisión y verificación de documentos y formatos con criterios para la toma de decisiones requeridos. | T38: 1 | U38: 0.25 | V38: 0.25 | W38: Se implementaron 5 listas de chequeo en el los procesos de inscripción y selección de participantes (planillas, registro fotografico, fichas de inscripción y actas) Como mecanismo para la revisión y verificación de los documentos, el área cuenta con una carpeta DRIVE donde se hace archivo y respaldo de la información de las diferentes listas de chequeos, la cual se actualiza permanentemente | X38: 0.25 | Z38: =(V38+X38) -> 0.5 | AA38: Se implementaron 5 listas de chequeo en el los procesos de inscripción y selección de participantes (planillas, registro fotografico, fichas de inscripción y actas) Como mecanismo para la revisión y verificación de los documentos, el área cuenta con una carpeta DRIVE LINK: https://drive.google.com/drive/folders/1hUFj25YboXNx8CzfInK_ExbQ5DGWRxic?usp=sharing donde se hace archivo y respaldo de la información de las diferentes listas de chequeos, la cual se actualiza permanentemente. | AB38: 0.25 | AC38: =(Z38+AB38) -> 0.75 | AD38: Se implementaron 5 listas de chequeo en el los procesos de inscripción y selección de participantes (planillas, registro fotografico, fichas de inscripción y actas) Como mecanismo para la revisión y verificación de los documentos, el área cuenta con una carpeta DRIVE LINK: https://drive.google.com/drive/folders/1hUFj25YboXNx8CzfInK_ExbQ5DGWRxic?usp=sharing donde se hace archivo y respaldo de la información de las diferentes listas de chequeos, la cual se actualiza permanentemente. | AE38: 0.25 | AF38: =(AC38+AE38) -> 1 | AG38: Se implementaron 5 listas de chequeo en el los procesos de inscripción y selección de participantes (planillas, registro fotografico, fichas de inscripción y actas) Como mecanismo para la revisión y verificación de los documentos, el área cuenta con una carpeta DRIVE LINK: https://drive.google.com/drive/folders/1hUFj25YboXNx8CzfInK_ExbQ5DGWRxic?usp=sharing donde se hace archivo y respaldo de la información de las diferentes listas de chequeos, la cual se actualiza permanentemente.
T39: 1
A40: 17 | B40: Promocion y Fomento de la actividad fisica y el uso del tiempo libre. | C40: Mecanimos insuficientes para verificar información suministrada Favorecimiento a un tercero | D40: Privilegiar el tráfico de influencias para la selección de sede para eventos | E40: Pérdida de confianza y credibilidad en la entidad. Intervención de órganos de control. Sanciones. Pérdida de recursos económicos. | F40: Posible | G40: Moderado | H40: Moderado | I40: Definir criterios y procedimientos de inscripcion y selección de participantes | J40: Improbable | K40: Moderado | L40: Baja | M40: Bimensual | N40: Definir mecanismos para la revisión y verificación de los documentos, Implementación de mecanismos para la toma de decisiones. | O40: Lista de chequeo de los documentos presentados y formato de criterios para la toma de decisiones | P40: 03/01/2023- 28/04/2023 , 02/05/2023-31/08/2023, 01/0972023-29/12/2023 | Q40: Realizar diligencioamiento de la lista de chequeo para la revisiòn y verificaciòn de documentos y formatos de criterios para la toma de desiciones | R40: Recreación | S40: 1. Número de lista de chequeo diligenciadas de revisión y verificación de documentos así como formatos con criterios para la toma de decisiones / Número total de lista de chequeo de revisión y verificación de documentos y formatos con criterios para la toma de decisiones requeridos. | T40: 1 | U40: 0.25 | V40: 0.25 | W40: Se implementaron 5 listas de chequeo en el los procesos de inscripción y selección de participantes (planillas, registro fotografico, fichas de inscripción y actas) Como mecanismo para la revisión y verificación de los documentos, el área cuenta con una carpeta DRIVE donde se hace archivo y respaldo de la información de las diferentes listas de chequeos, la cual se actualiza permanentemente | X40: 0.25 | Z40: =(X40+V40) -> 0.5 | AA40: Se implementaron 5 listas de chequeo en el los procesos de inscripción y selección de participantes (planillas, registro fotografico, fichas de inscripción y actas) Como mecanismo para la revisión y verificación de los documentos, el área cuenta con una carpeta DRIVE LINK: https://drive.google.com/drive/folders/1hUFj25YboXNx8CzfInK_ExbQ5DGWRxic?usp=sharing donde se hace archivo y respaldo de la información de las diferentes listas de chequeos, la cual se actualiza permanentemente | AB40: 0.25 | AC40: =(AB40+Z40) -> 0.75 | AD40: Se implementaron 5 listas de chequeo en el los procesos de inscripción y selección de participantes (planillas, registro fotografico, fichas de inscripción y actas) Como mecanismo para la revisión y verificación de los documentos, el área cuenta con una carpeta DRIVE LINK: https://drive.google.com/drive/folders/1hUFj25YboXNx8CzfInK_ExbQ5DGWRxic?usp=sharing donde se hace archivo y respaldo de la información de las diferentes listas de chequeos, la cual se actualiza permanentemente | AE40: 0.25 | AF40: =(AE40+AC40) -> 1 | AG40: Se implementaron 5 listas de chequeo en el los procesos de inscripción y selección de participantes (planillas, registro fotografico, fichas de inscripción y actas) Como mecanismo para la revisión y verificación de los documentos, el área cuenta con una carpeta DRIVE LINK: https://drive.google.com/drive/folders/1hUFj25YboXNx8CzfInK_ExbQ5DGWRxic?usp=sharing donde se hace archivo y respaldo de la información de las diferentes listas de chequeos, la cual se actualiza permanentemente
A42: 22 | B42: Promocion y Fomento de la actividad fisica y el uso del tiempo libre. | C42: Mecanimos insuficientes para el alamacenamiento de la información suministrada | D42: Uso ilegitimo de la información en los procesos de seguimiento y evaluación. | E42: Pérdida de confianza y credibilidad en la entidad. Intervención de órganos de control. Sanciones. Pérdida de recursos económicos. | F42: Probable | G42: Moderado | H42: Moderado | I42: Definir criterios y procedimientos de inscripcion y selección de participantes | J42: Improbable | K42: Moderado | L42: Baja | M42: Bimensual | N42: Implementación de mecanismos para la toma de decisiones | O42: Formato de criterios para la toma de decisiones | P42: 03/01/2023- 28/04/2023 , 02/05/2023-31/08/2023, 01/0972023-29/12/2023 | Q42: Realizar diligenciamiento de los formatos de criterios para la toma de desiciones | R42: Recreación | S42: 1. Número de formatos con criterios para la toma de decisiones diligenciados / Número total de formatos con criterios para la toma de decisiones requeridos. | T42: 1 | U42: 0.25 | V42: 0.25 | W42: Se implementaron las 4 listas de chequeo, según los criterios para la toma de decisiones. (mesas de trabajo, actas, formularios de inscripción y registros fotograficos) | X42: 0.25 | Z42: =(X42+V42) -> 0.5 | AA42: Se implementaron las 4 listas de chequeo, según los criterios para la toma de decisiones. (mesas de trabajo, actas, formularios de inscripción y registros fotograficos) | AB42: 0.25 | AC42: =(AB42+Z42) -> 0.75 | AD42: Se implementaron las 4 listas de chequeo, según los criterios para la toma de decisiones. (mesas de trabajo, actas, formularios de inscripción y registros fotograficos) | AE42: 0.25 | AF42: =(AE42+AC42) -> 1 | AG42: Se implementaron las 4 listas de chequeo, según los criterios para la toma de decisiones. (mesas de trabajo, actas, formularios de inscripción y registros fotograficos)
A44: 23 | B44: Gestion de Infraestructura | C44: Favorecimiento a un tercero | D44: Priorizacion erronea de escenarios que no se encuentran contenidos en la ruta de trabajo. | E44: Desviación recursos | F44: Poco problable | G44: Moderado | H44: Baja | I44: Creación del documento dignóstico o ruta diagnósstica y fichas de los escenarios deportivos | J44: Rara vez | K44: Moderado | L44: Baja | M44: Permanente | N44: Control, monitoreo y seguimiento al Plan. | O44: Formato de seguimiento del plan | P44: 03/01/2023- 28/04/2023 , 02/05/2023-31/08/2023, 01/0972023-29/12/2023 | Q44: Realizar mesualmente seguimiento al plan | R44: Infraestructura | S44: 1. Número de seguimiento al plan realizado / Número total de seguimiento al plan programados. | T44: =1/1 -> 1 | U44: 0.25 | V44: 0.25 | W44: Se realiza control, monitoreo y seguimiento diario a los escenarios deportivos mediaente el Plan MPR (Mantenieminto y Prevencion Recuerrente) Enero: 56 Febrero: 99, Marzo: 39 para un total de 194 MPR de 240 programados. LINK: https://docs.google.com/spreadsheets/d/139Wk5Sz0h5w9O9dwyceBwju_ubrXAfPPaIjlpCZfjTQ/edit?invite=CMaP2e8H#gid=1742987249 | X44: 0.25 | Z44: =(V44+X44) -> 0.5 | AA44: Se realiza control, monitoreo y seguimiento diario a los escenarios deportivos mediante el Plan MPR (Mantenieminto y Prevencion Recuerrente) a 46 escenarios depórtivos, para un total de enero a junio de 2023 de 260 escenarios MPR ,como se puede observar en el siguiente LINK: https://docs.google.com/spreadsheets/d/139Wk5Sz0h5w9O9dwyceBwju_ubrXAfPPaIjlpCZfjTQ/edit?invite=CMaP2e8H#gid=1742987249 | AB44: 0.25 | AC44: =(AB44+Z44) -> 0.75 | AD44: Se realiza control, monitoreo y seguimiento diario a los escenarios deportivos mediaente el Plan MPR (Mantenieminto y Prevencion Recuerrente) . De enero a septiembre de 2023 realizamos mantenimientos 266.. | AE44: 0.25 | AF44: =(AE44+AC44) -> 1 | AG44: Se realiza control, monitoreo y seguimiento diario a los escenarios deportivos mediaente el Plan MPR (Mantenieminto y Prevencion Recuerrente) . De enero a diciembre de 2023 realizamos mantenimientos 268.
A45: 24 | B45: Gestion de Infraestructura | C45: Poca planeación | D45: Obras no entregadas como fueron planeadas y presupuestadas. | E45: Afectacion a la comunidad por el no goce de escenarios deportivos en optimas condiciones. | F45: Poco problable | G45: Moderado | H45: Baja | I45: Controles tecnicos (presupesto, diseño, cantidades, formato de medicion, formato de liberacion de obra) desde la planeación hasta la ejecucion del proyecto. | J45: Rara vez | K45: Moderado | L45: Baja | M45: Permanente | N45: Control, monitoreo y seguimiento a la ejecución de los Proyectos. | O45: Acta de reunión , registro fotograficos ,listado de asistencia, informes | P45: 03/01/2023- 28/04/2023 , 02/05/2023-31/08/2023, 01/0972023-29/12/2023 | Q45: Realizar informes de segumiento a las obras o proyectos | R45: Infraestructura | S45: 1. Número de seguimiento a las obras y proyectos realizado / Número total de seguimiento a las obras y proyectos programados. | T45: 1 | U45: 0.25 | V45: 0.25 | W45: El Carmelo Se realizó la memoria descriptiva del proyectó y los estudios previos El Campestre Etapa 5 Se realizó la memoria descriptiva del proyectó y los estudios previos El Pozón Campo de Softbol (Fundación Grupo Social) Seguimos en la formulación de los diseños eléctricos, lumínico, hidrosanitario, Nos comunicamos con el SECRETARIO DE INFRAESTRUCTURA para la entrega definitiva del estudio hidrológico, y con el Arq. Fundación Grupo Social para la elaboración del Diseño Estructural. Olaya Playas Blancas - Futbolito ENTREGADO Campo de softbol del barrio el Campestre El DISEÑO ARQUITECTONICO se realizaron los planos arquitectónico se inicio los detalles estructurales, y la consolidación del presupuesto Cancha Múltiples El Líbano Se realizó el diseño arquitectónico y los render.. Cancha Múltiples Curva San Francisco Se recopilo todas las respuesta de las secretaria está pendiente el concepto de DIMAR. Para poder pasar a la etapa de formulacin de proyecto Cancha Multiples Castellana Se realizó levantamiento topográfico El Pozón Campo de Softbol (Grupo Social) Se está a la espera de la entrega del diseño Estructural por parte de FUNDACION GRUPO SOCIAL Socorro Campo de Softbol "Justo de Avila" Se reorganizó el diseño para incluir un proyecto de gradas y dogouts | X45: 0.25 | Z45: =(X45+V45) -> 0.5 | AA45: PROYECTOS 2023 ACTIVIDADES 1.ESTADIO DE FUTBOL SAN FERNANDO *Este proyecto que esta por vigencia futura. Se encuentra adjudicado en el Contrato de obra 399.y el contrato de interventoría 400. El avance podemos observar, es la demolición de muros de gradería, retiro de arena demolición piso a la ampliación del área de juego. 2. CANCHA MULTIPLE LA BOMBONERA. *Este proyecto que esta por vigencia futura. Se encuentra adjudicado en el Contrato de obra 399.y el contrato de interventoría 400. El avance podemos observar, el cerramiento del arrea de trabajo es la demolición de muros de cerramiento y cimiento de este retiro las arquerías. 3. CANCHA MULTIPLE DE BOCACHICA *Este proyecto que esta por vigencia futura. Se encuentra adjudicado en el Contrato de obra 399.y el contrato de interventoría 400. El avance de esta se encuentra en la elaboración del cerramiento, el desmonte de malla, la demolición de muro y viga cimiento de cerramiento y el retiro de porterías 4. CANCHA MULTIPLE. DEL BARRIO EL CARMELO. * El proyecto es por recurso propios, se encuentra el proceso precontractual. El avance de este proceso es se realizó las evaluaciones de las experiencias de los oferentes. Se realizará las evaluaciones de los off frentes de interventoría 5. CANCHA MULTIPLE. DEL CAMPESTRE 5° ETAPA. *El proyecto es por recurso propios, se encuentra el proceso precontractual. El avance de este proceso es se realizó las evaluaciones de las experiencias de los oferentes. Se realizará las evaluaciones de los off frentes de interventoría PROYECTOS ADELATANDOS OFICINA ASESORA INFRAESTRUCTURA IDER PROYECTOS OAI ACTIVIDADES 1.CAMPO DE SOFTBOLL TIERRA BAJA * Se recibe una nueva ficha técnica con el "Concepto de Viabilidad para el Proyecto" con fecha de 10/05/2023, en la cual se describen observaciones y recomendaciones para subsanar. Esta fue subsanada y enviadas el día 16 de junio del 2023. 2. CANCHA MULTIPLE LA CHIQUINQUIRA PEDRO ROMERO *Este proyecto en su formulación en fase 3 se encuentra en 100%. Estando en su fase ejecución de obra se encuentra en 100% faltando la liquidación del contrato 462 y 465 este se encuentra en 95% 3 CANCHA MULTIPLE LA CHIQUINQUIRA PEDRO HEREDIA *Este proyecto en su formulación en fase 3 se encuentra en 100%. Estando en su fase ejecución de obra se encuentra en 100% faltando la liquidación del contrato 462 y 465 este se encuentra en 95% 4.ESTADIO DE FUTBOL SAN FERNANDO. *El proyecto de construcción con el contrato 399. El avance podemos observar, es la demolición de muros de gradería, retiro de arena demolición piso a la ampliación del área de juego. 2.10% de avance de obra. 5. CANCHA MULTIPLE LA BOMBONERA El proyecto de construcción con el contrato 399. El avance podemos observar, el cerramiento del arrea de trabajo es la demolición de muros de cerramiento y cimiento de este retiro las arquerías. El avance de obra es de 2.55%. 6. CANCHA MULTIPLE DE BOCACHICA El proyecto de construcción con el contrato 399. El avance de esta se encuentra en la elaboración del cerra-miento, el desmonte de malla, la demolición de muro y viga cimiento de cerramiento y el retiro de porterías, tendría un avance de obra 1.73%. 7. CANCHA MULTIPLE. DEL BARRIO EL CARMELO. * El proyecto es por recurso propios, El avance de este proceso es se realizó las evaluaciones de las experiencias de los oferentes. Se realizará las evaluaciones de los off frentes de interventoría 8. CANCHA MULTIPLE. DEL CAMPESTRE 5° ETAPA. El proyecto es por recurso propios, El avance de este proceso es se realizó las evaluaciones de las experiencias de los oferentes. Se realizará las evaluaciones de los off frentes de interventoría 9. CAMPO DE SOFTBOL 20 DE ENERO EL POZON *Este proyecto en su formulación en fase 3 se encuentra en 90%. Este proyecto se esté adelantado con FUNDACION GRUPO SOCIAL y ECOPETROL. En este momento estamos En revisión de los ESTUDIO ESPECIALES por parte de ECOPETROL y contestarte las observaciones efectuadas por revisión. 10. CANCHA MULTIPLE. DEL BARRIO EL CASTELLANA *Este proyecto en su formulación en fase 3 se encuentra en 95%. El proyecto se encuentra adelantado para ser presentado a la comunidad y para ser entregado el día 4 de Julio. 11.. CAMPO DE SOFTBOL CAMPESTRE *Este proyecto en su formulación en fase 3 se encuentra en 75%. Este proyecto posee Levantamiento topográfico, tiene Diseño arquitectónico y urbanístico, quedando por definir los detalles estructurales y realizar la solicitud de los certificados. 12.. CANCHA MULTIPLE. DE LA CURVA DE SAN FRANCISCO *Este proyecto en su formulación en fase 3 se encuentra en 90%. El proyecto arquitectónico, los detalles estructurales, el sistema eléctrico, el presupuesto y la presentación del proyecto fue entregado a la SECRETARIA GENERAL DEL DISTRITO. 13.. CAMPO DE SOFTBOL DEL BARRIO LOS CARACOLES *Este proyecto en su formulación en fase 3 se encuentra en 65%. Este proyecto tiene Levantamiento Topográfico, se solicitaron las certificaciones pertinentes Se inicio un anteproyecto arquitectónico. Este proyecto se está estructurando para ser entregado a las JAC en el mes agosto. 14.. CANCHA MULTIPLE. DEL LIBANO PLAYAS DE ACAPULCO *Este proyecto en su formulación en fase 3 se encuentra en 60%. Este proyecto se encuentra adelantado Levantamiento Arquitectónico, Diseño arquitectónico, y presupuesto preliminar. 15.. CAMPO DE SOFTBOL DEL BARRIO EL SOCORRO JUSTO DE AVILA *Este proyecto en su formulación en fase 3 se encuentra en 70%. Este proyecto posee Levantamiento topográfico, tiene Diseño arquitectónico y urbanístico, quedando por definir los detalles estructurales y realizar la solicitud de los certificados 16. PISTA DE PATINAJE DEL CAMPESTRE *Este proyecto en su formulación en fase 3 se encuentra en 100%. Este proyecto se encuentra formulado para la reparación de la pista, con especificaciones y presupuesto del proyecto 17. PISTA DE PATINAJE DEL CENTENARIO *Este proyecto en su formulación en fase 3 se encuentra en 100%. Este proyecto se encuentra formulado para la reparación de la pista, con especificaciones y presupuesto del proyecto adicional se diseñaron unas bancas de madera plástica como parte integral del proyecto y se realizó presentación y visita de obra del proyecto de las bancas y barandas a los funcionarios de ESSENTIA. | AB45: 0.25 | AC45: =(AB45+Z45) -> 0.75 | AD45: 1. CAMPO DE SOFTBOL DE LOS CARACOLES: Se termino el diseño arquitectónico final del CAMPO DE SOFTBOL DE LOS CARACOLES. 2. CAMPO POLIDEPORTIVO DE ORIKA Se inicio el diseño arquitectónico del CAMPO POLIDEPORTIVO DE ORIKA en las isla grande de las ISLAS DEL ROSARIO. 3. Acompañamiento al recorrido con el contratista de los 15 escenarios CONSORCIO MEJORAMIENTO HEROICO se realizó visita C.S. LA BOQUILLA, C.S. LOS BRAVITO, C.S. SAN FRANCISCO, C.S. LOS VETERANOS. C.M. MONSERRATE, C.M. LOS CARACOLES, C.S. JUSTO DE AVILA 4. Se realizo acompañamiento al recorrido con funcionarios de ECOPETROL a las CS DE PASACABALLO, CM. MESA VALDEZ.5. Acompañamiento a MEGACONSTRUCIONES para la escogencia de los pisos y enchapes del ESTADIO DE FUTBOL DE SAN FERNANDO 6. Se realizo supervisión de los trabajos realizado en las obras de garantía de la CANCHA MULTIPLE OLAYA SECTOR CENTRAL. 7. Se realizo visita técnica apoyo a la supervisión de los PROYECTOS SAN FERNANDO. BOMBONERA Y BOCACHICA. 8. Se realizo el informe de avance de los proyectos para reporte del plan de acción del mes de AGOSTO. 9. Asistencia a reunión de COMITÉ INTERNO en la DIRECCION del IDER. Para definir prioridades de la OAI. 10. Asistencia al comité interno de la OFICINA ASESORA DE INFRAESTRUCTURA IDER. 11. Asistencia reunión de presentación del PROYECTO CIUDADELA LA PAZ al personal de CORVIVIENDA. 12. Asistencia al comité interno de la OFICINA ASESORA DE INFRAESTRUCTURA IDER. 13. Asistencia al LOS COMITE DE OBRA del contrato 399 y 400 del 2023. 14. Asistencia al LOS COMITE DE OBRA del contrato 458 y 461 del 2023. 15. Atención mesa de trabajo con la FUNDACION GRUPO SOCIAL, ECOPETROL Y FUNDACION MAGDALENA para revisar compromiso del PROYECTO CAMPO DE SOFTBOL DEL POZON 20 DE ENERO. 16. Asistencia reunión con el equipo de diseño de ESSENTIA para definir el diseño arquitectónico de ACCESO PEATONAL VILLA OLIMPICA. 17. Atención mesa de trabajo con la FUNDACION GRUPO SOCIAL Y ECOPETROL para revisar diseño de unificación del PROYECTO CAMPO DE SOFTBOL DEL POZON 20 DE ENERO. 18. | AE45: 0.25 | AF45: =(AE45+AC45) -> 1 | AG45: ESTADIO DE FUTBOL SAN FERNANDO: El proyecto de construcción con el contrato 399. Y de interventoría 400; con un avance de ejecución del 58.00% Se inicio la instalación del césped sintético, se está realizando el Re parcheo de los desniveles del terreno de juego. Reparación de muros interior y exteriores, instalación de cielo Razo reparación de la estructura metálica, CANCHA MULTIPLE LA BOMBONERA: El proyecto de construcción con el contrato 399. Y de interventoría 400; con un avance de ejecución del 59.00% el avance este marcado por la culminación de la instalación del cerramiento, y la fundidas del urbanismo, fundida de bancas, CANCHA MULTIPLE DE BOCACHICA: El proyecto de construcción con el contrato 399 Y de interventoría 400; con un avance de ejecución del 71.00% el avance se encuentra la instalación del cerramiento, la fundidas de los andenes y bancas del urbanismo y la instalación eléctrica, CANCHA MULTIPLE. DEL BARRIO EL CARMELO: Proyecto de reconstrucción de escenario deportivo con el contrato de obra 458-2023, los alcances del proyecto incluyen cerramiento del escenario, alumbrado , placa deportiva, urbanismo, recientemente se realizó adición contractual de un muro de contención para preservar la estabilidad estructural del escenario y sus componentes, el proyecto actualmente se encuentra en un porcentaje ejecutado de 65.55% dentro del cual se encuentran ejecutados los trabajos de placa de juego, vigas de cerramiento, mallas de cerramiento Anti impacto, juegos de graderías, formalete ría de bancas públicas, y urbanismo del escenario. CANCHA MULTIPLE. DEL CAMPESTRE 5° ETAPA: El proyecto es por recursos propios, con el contrato de obra 458-2023 y el contrato de interventoría 461-2023. El proyecto se encuentra actualmente en un porcentaje de ejecución del 64.34% dentro del cual se encuentran ejecutados trabajos de fundido de placa deportiva, instalación de mallas de cerramiento, instalación de postes de alumbrado, trazado y excavación para cimentación de graderías.
A46: 25 | B46: Gestión Documental | C46: Baja implementación de buenas practicas de gestión documental por parte del personal encargado de los archivos de gestión al interior de cada oficina. | D46: Afectación a los a los pilares de integridad, disponibilidad, autenticidad y confidencialidad de la información. Incumplimiento técnico en los procesos archivisticos de organización, depuración, foliación, rotulación, inventario y disposición final. | E46: Disminución de la efectividad de los funcionarios Apertura de procesos disciplinarios, administrativos y legales a servidores públicos Pérdida de confianza y credibilidad en la entidad Intervención de órganos de control Sanciones | F46: Moderado | G46: Mayor | H46: Alta | I46: Realizar programa de capacitación y visitas de seguimiento y control a los archivos de gestión para verificar la aplicación de la Ley de Archivos (Ley 594 de 2000). | J46: Improbable | K46: Moderado | L46: Moderado | M46: Trimestral | N46: Control y monitoreo respecto a la aplicación de buenas prácticas de gestión documental por parte de los responsables de los archivos de gestion | O46: Visitas Técnicas , informes y registrto fotográfico | P46: 03/01/2023- 28/04/2023 , 02/05/2023-31/08/2023, 01/0972023-29/12/2023 | Q46: Realizar 16 informes sobre las visitas tècnicas a los responsables de los archivos de gestiòn de cada dependecia | R46: Archivo y Gestión Documental | S46: 1. Número de informes realizados / Número total de informes requeridos. | T46: 1 | U46: 0.15 | V46: 0.15 | W46: Se realizó cronograma de capacitación y visitas técnicas a todas las áreas funcionales del Instituto, adicionalmente se realizaron visitas técnicas al archivo de gestión de contabilidad con el fin de verificar la aplicación de buenas prácticas de gestión documental (Ley 594 de 2000) y formalización de proceso de transferencias primarias. | X46: 0.25 | Y46: Se realizaron 16 visitas tecnicas en los diferentes archivos de gestión con el fin de verificar el estado de los documentos y aplicación de buenas practicas archivisticas (ley 594 del 2000) en archivos fisicos y digitales, con el fin de realizar un diagnostico integral de cada área. | Z46: =(X46+V46) -> 0.4 | AA46: Se realizaron 16 visitas técnicas en los diferentes archivos de gestión con el fin de verificar el estado de los documentos y aplicación de buenas practicas archivisticas (ley 594 del 2000) en archivos fisicos y digitales, con el fin de realizar un diagnostico integral de cada área. | AB46: 0.25 | AC46: =(AB46+Z46) -> 0.65 | AD46: Se realizó especificación de cada activo de la entidad: informacion basica, nivel de clasificación de la información, información relacionada con su ubicación fisica o digital, propietarios, los usuarios y derechos de acceso. | AE46: 0.35 | AF46: =(AE46+AC46) -> 1 | AG46: Se realizó especificación de cada activo de la entidad: informacion basica, nivel de clasificación de la información, información relacionada con su ubicación fisica o digital, propietarios, los usuarios y derechos de acceso.
A47: 26 | B47: Gestión Documental | C47: Infraestructura física y tecnologica limitada para la optima disposición y consulta de los documentos del Instituto. | D47: Inadecuada disposición final de los documentos de archivo | E47: Desorden documental en los archivos de gestión y central, inadecuada dispocision final y generación de fondos acumulados | F47: Posible | G47: Moderado | H47: Moderado | I47: Desarrollar programas y proyectos de inversión que viabilicen la optimización y/o ampliación de la infraestructura física disponible para el resguardo de la documentación del IDER | J47: Improbable | K47: Moderado | L47: Baja | M47: Trimestral | N47: Organización y adecuada disposición final de los documentos en los espacios habilitados para tal fin | O47: Registrto fotográfico, verificación del FUID | P47: 03/01/2023- 28/04/2023 , 02/05/2023-31/08/2023, 01/0972023-29/12/2023 | Q47: Verificaciòn del FUID | R47: Archivo y Gestión Documental | S47: 1. Número de verificaciones del FUID realizada / Número total de verificaciones del FUID requeridas. | T47: 1 | U47: 0.25 | V47: 0.25 | W47: Se habilitó espacio de almacenamiento en donde se adelantaron actividades de limpieza, desinfección y reporte de adecuaciones para el resguardo de la correcta disposición final del acervo documental del archivo central y así dar alcance a la necesidad de los archivos de gestión del IDER ( Se adelantó el invenario documental general, xe llevó a cabo una verificación de cuatro en el año que se tienen planeadas realizar). | X47: 0.25 | Y47: Se realizó jornada de organización, limpieza y desinfección del archivo central del IDER. Adicionalmente, se armaron 40 estantes indispensables para la organización y buena disposición final del acervo documental. | Z47: =(X47+V47) -> 0.5 | AA47: Se realizó jornada de organización, limpieza y desinfección del archivo central del IDER. Adicionalmente, se armaron 40 estantes indispensables para la organización y buena disposición final del acervo documental. | AB47: 0.25 | AC47: =(Z47+AB47) -> 0.75 | AD47: Se acogieron las observaciones realizadas por parte del Concejo Distrital de Archivos y continuamos trabajando en el proceso de subsanación de glosas para la presentacion de las TRD. | AE47: 0.25 | AF47: =(AC47+AE47) -> 1 | AG47: Se acogieron las observaciones realizadas por parte del Concejo Distrital de Archivos y continuamos trabajando en el proceso de subsanación de glosas para la presentacion de las TRD.
A48: 27 | B48: Gestión Documental | C48: Producción o utilización excesiva de documentos físico o impresos. | D48: Crecimiento exponencial de la documentación física producida por las diferentes dependencias | E48: Congestión de los archivos de gestión y central. | F48: Posible | G48: Moderado | H48: Moderado | I48: Controlar el uso excesivo (indiscriminado) de los medios impresos a través de la implementación y utilización de las tecnologías de información y comunicación (en cumplimiento de la política "CERO PAPEL") | J48: Improbable | K48: Moderado | L48: Baja | M48: Trimestral | N48: Racionalizar los medios impresos y promover el uso de herramientas digitales | O48: Archivo digital de cada dependencia entregado y un respaldo de seguridad que tiene la oficina de sistemas | P48: 03/01/2023- 28/04/2023 , 02/05/2023-31/08/2023, 01/0972023-29/12/2023 | Q48: Segumiento de los archivos didgitales entragdo por cada dependencia y el respaldo de seguridad que tiene la oficna de sistemas | R48: Archivo y Gestión Documental | S48: 1. Número de seguimientos los archivos digitales entregados por cada dependencia y el respaldo de seguridad que tiene la oficina de sistemas realizados / Número total de seguimientos programados | T48: 1 | U48: 0.15 | V48: 0.15 | W48: Actualmente el instituto suministro correo institucional con 2TB de almacenamiento en la nube y adicionalmente se realizó cronograma para visitas técnicas a los archivos de gestión del instituto con el fin de verificar la aplicación de buenas prácticas de gestión documental (Ley 594 del 2000) y adecuada gestión de documentos electrónicos de archivos. | X48: 0.25 | Y48: Se realizó visita tecnica de acompañamiento a todas las areas funcionales del Instituto Distrital de Deportes y Recreación - IDER para verficar la aplicación de buenas practicas archivisticas de archivos fisicos y entrega de los archivos digitales correspondiente a la vigencia 2020 para realizar el backup. | Z48: =(V48+X48) -> 0.4 | AA48: Se realizó visita tecnica de acompañamiento a todas las áreas funcionales del Instituto Distrital de Deportes y Recreación - IDER para verficar la aplicación de buenas practicas archivisticas de archivos fisicos y entrega de los archivos digitales correspondiente a la vigencia 2020 para realizar el backup. | AB48: 0.25 | AC48: =(AB48+Z48) -> 0.65 | AD48: Se realizó capacitación en fundamentos de archivos fisicos y digitales a través de 18 mesas de trabajos con cada una de las oficinas productoras del Instituto. | AE48: 0.25 | AF48: =(AC48+AE48) -> 0.9 | AG48: Se realizó capacitación en fundamentos de archivos fisicos y digitales a través de 18 mesas de trabajos con cada una de las oficinas productoras del Instituto.
A49: 26 | B49: Gestion de bienes y servicios | C49: Por apropiación por parte de la comunidad de espacios que son publicos. | D49: Trafico de influencias -cobro por utilizacion de escenarios deportivos publicos por terceras personas. | E49: Afectación a la ciudadania en general por el no goce de escenarios deportivos gratuitos. | F49: Posible | G49: Moderado | H49: Moderado | I49: Campañas permanentes sobre el uso gratuito de los escenarios deportivos, Socializaciones sobre el tramite para solicitar permisos para el uso gratuito de los escenarios deportivos. | J49: Improbable | K49: Moderado | L49: Baja | M49: Permanente | N49: Socialización con la comunidad, ligas, clubes y usuarios de los escenarios deportivos | O49: Listado de asistencia, registro fotográfico | P49: 03/01/2023- 28/04/2023 , 02/05/2023-31/08/2023, 01/0972023-29/12/2023 | Q49: Realizar 6 socializaciones con la comunidad , ligas , clubes y usuarios de los escenarios deportivos | R49: Dirección Administrativa y Financiera | S49: 1. Número de socializaciones sobre el uso y préstamo de los escenarios deportivos realizadas / Número total de socializaciones sobre el uso y préstamo de los escenarios deportivos programadas | T49: 1 | U49: 0.25 | V49: 0.25 | W49: Enero 2023: 5 mesas de trabajo, Febrero 2023: 9 mesas de trabajos, Marzo 2023: 5 mesas de trabajo. Para un total de19 mesas para este primer trimestre del año 2023. | X49: 0.25 | Z49: =(V49+X49) -> 0.5 | AA49: Abril 2023: 3 mesas de trabajo, Mayo 2023: 2 mesas de trabajos, Junio 2023:6 mesas de trabajo. Para un total de11 mesas para este segundo trimestre del año 2023. | AB49: 0.25 | AC49: =(AB49+Z49) -> 0.75 | AD49: Para este tercer trimestre se realizaron aproximadamente 15 mesas de trabajo. | AE49: 0.25 | AF49: =(AE49+AC49) -> 1 | AG49: Para este cuarto trimestre se realizaron aproximadamente 15 mesas de trabajo.
A50: 27 | B50: Gestion de bienes y servicios | C50: Falta de planeación en la construcción del PAA de la entidad. | D50: Incumlimiento en la ejecución del PAA. | E50: Mala ejecución de los recursos. | F50: Poco probable | G50: Moderado | H50: Baja | I50: Participación de un equipo interdisciplinar de la entidad para la construcción del PAA( DAYF , planeación, Jurídica, Almacén) | J50: Posible | K50: Moderado | L50: Moderado | M50: Trimestral | N50: Control, monitoreo y seguimiento al Plan. | O50: Acta de reuniones, listados de asistencia, Informe de seguimiento al plan | P50: 03/01/2023- 28/04/2023 , 02/05/2023-31/08/2023, 01/0972023-29/12/2023 | Q50: Realizar 4 seguimiento trimestrales al Plan Anual de Adquisiciones | R50: Dirección Administrativa y Financiera | S50: 1. Número de seguimientos del plan anual de adquisiciones realizado / Número total de seguimiento del plan anual de adquisiciones programado. | T50: 1 | U50: 0.25 | V50: 0.25 | W50: Se realizó reunión el dia miércoles 22 de marzo 2023 con el enlace de planeación -Maria Inés Osorio Diaz, Meirys Bastida (responsable secop Juridica) y Yurani Cabrera P.U. Almacèn, ajustes al Plan Anual de Adquisiciones version 3,0 se abordaron los siguientes temas: - Procesos de compra de elementos de aseo y cafetería, se desagrega- Compra de elementos de aseo, se programa para el segundo semestre para el mes de julio y el de cafetería del mes de abril. - Proceso de Toma de muestras (exámenes ocupacionales) estaba para marzo queda para abril - Compra de Insumos brigada de emergencia se traslada para abril. - Compra de equipos tecnológicos de inversión. Se llevó a cabo el seguimiiento del primer trimestre del año 2023 , para ser publicado en la página web del IDER en el mes de abril de 2023. | X50: 0.25 | Z50: =(V50+X50) -> 0.5 | AA50: Se realizaron diversas reuniones en este período con el enlace de Planeación Maria Ines Osorio, con la finalidad de ir revisando y consolidado la información de este segundo trimestre del año 2023 y tener lista la versión No. 004. Por lo anterior , al plan se le debe agregar el nuevo proceso de funcionaiento para la adquisición de aires acondicionados para las oficinas administrativas del IDER más la incoporación en los proyectos de inversión. | AB50: 0.25 | AC50: =(AB50+Z50) -> 0.75 | AD50: A corte de Septiembre 30 de 2023 , se realizó seguimiento al tercer trimestre del Plan Anual de Adquisiciones ( Funcionamiento e Inversiòn). Se realizaron diversas reuniones en este período con el enlace de Planeación Maria y las areas que realizarn este trabajo interdisiciplinario con la finalidad de ir revisando , organización y articulando la infromación entre las áreas.. | AE50: 0.25 | AF50: =(AE50+AC50) -> 1 | AG50: A corte de diciembre 31 de 2023 , se realizó seguimiento al cuarto trimestre del Plan Anual de Adquisiciones ( Funcionamiento e Inversiòn). Se realizaron diversas reuniones en este período con el enlace de Planeación Maria Inés y las áreas que realizarn este trabajo interdisiciplinario con la finalidad de ir revisando , organización y articulando la infromación entre las áreas..
A51: 28 | B51: Gestion de bienes y servicios | C51: Poco control en la verificación del cumplimiento de requisitos. Y ausencia de procedimientos de verificación estandarizados. | D51: Adquirir bienes y servicios que incumplen con los requisitos exigidos para la contratación o las especificaciones técnicas requeridas. | E51: Acumulación de bienes innecesarios que no van acorde con las necesidades de las áreas. | F51: Improbable | G51: Moderado | H51: Baja | I51: Moderado | J51: Improbable | K51: Moderado | L51: Baja | M51: Trimestral | N51: Aplicar la normatividad exigida y vigente para la contratación de Bienes y Servicios, Revisión cuidadosa y exhaustiva del cumplimiento de las especificaciones técnicas requeridas de los bienes y servicios a adquirir.. | O51: Acta de reunión, listados de aistencia , registro fotográfico | P51: 03/01/2023- 28/04/2023 , 02/05/2023-31/08/2023, 01/0972023-29/12/2023 | Q51: Realizar mesas de trabajo sobre las especificaciones tècnicas de los bienes y servicios a adquirir | R51: Dirección Administrativa y Financiera | S51: 1. Número de mesas de trabajo desarrolladas / Número total de mesas de trabajo programadas | T51: 1 | U51: 0.25 | V51: 0.25 | W51: Se realizaron mesas de trabajo virtuales con los lideres de las necesidades a contratar y equipo de contratacion IDER, para hacer la revision de: la normatividad exigida y vigente para la contratación de Bienes y Servicios, tipo de proceso, revisión cuidadosa y exhaustiva del cumplimiento de las especificaciones técnicas requeridas de los bienes y servicios a adquirir. En total se realizaron 5 mesas de trabajo, mantenimiento de aires acondicionados 2, tintas y toners 2 y Mantenimeitno de planta telefonica 1 | X51: 0.25 | Z51: =(V51+X51) -> 0.5 | AA51: arial | AB51: 0.25 | AC51: =(AB51+Z51) -> 0.75 | AD51: Se realizaron mesas de trabajo virtuales y algunas presenciales con los lideres de las necesidades a contratar y equipo de contratacion IDER, para hacer la revision de: necesidades, y especificaciones tecnicas que nos permitan una contratacion de bienes y servicios acorde con la necesidad asi como la normatividad vigente para la contratación , tipo de proceso, revisión cuidadosa y exhaustiva . En total se realizaron 12 mesas de trabajo: Nuevo proceso CAFETERIA (2), ADICIONAL DE PAPELERIA (2), ACCESORIOS Y EQUIPOS TECNOLOGICOS (2), EXAMENES OCUPACIONALES (2), ADQUISICION DE EQUIPOS DE AIRE ACONDICIONADO , INSTALACIÒN Y MANTENIMIENTO DE AIRES( 3) Prorroga de Poliza (1). | AE51: 0.25 | AF51: =(AE51+AC51) -> 1 | AG51: Se realizaron mesas de trabajo virtuales y algunas presenciales con los lideres de las necesidades a contratar y equipo de contratacion IDER, para hacer la revision de: necesidades, y especificaciones tecnicas que nos permitan una contratacion de bienes y servicios acorde con la necesidad asi como la normatividad vigente para la contratación , tipo de proceso, revisión cuidadosa y exhaustiva . En total se realizaron varias mesas de trabajo: IMPLEMENTACIÓN DEPORTIVA, EQUIPO DE SONIDO, AGROQUIMICOS, FERRETERIA, QUIMICOS DE PISCINAS, MAQUINAS PARA CORTE DE GRAMADO, MOBILIARIO DEPORTIVO,MANTENIMIENTO DE PANTALLAS, MANTENIMIENTO DE MAQUINAS CORTADORAS DE CESPED Y LUBRICANTES.
T52: 1
A53: 29 | B53: Gestión Financiera | C53: Ausencia de mecanismos de verificación de información Procesamiento de información sin revisar Fragmentación de la información Personal no idóneo Software con fallas | D53: Brindar información errónea | E53: Disminución de la efectividad de los funcionarios Incumplimiento de objetivos y metas Pérdida de confianza y credibilidad en la entidad Intervención de órganos de control Sanciones | F53: Posible | G53: Mayor | H53: Alta | I53: En la verificación de la información Se verifica la información entregada, con sus respectivos VoBo, por el área encargada | J53: Rara vez | K53: Mayor | L53: Baja | M53: Permanente | N53: Auditorías internas al Sistema de Gestión.Implementar los procedimientos al Sistema de Información. Auditorías internas al Sistema de Gestión. | O53: Informes de auditorias, acta de reuniones, listados de asistencias y registrto fotográfico | P53: 03/01/2023- 28/04/2023 , 02/05/2023-31/08/2023, 01/0972023-29/12/2023 | Q53: Implementar formato de lista de chequeo a la información y documentación recibida | R53: Dirección Administrativa y Financiera | S53: 1. Número de inspecciones diligenciadas a través de lista de chequeo a la información y documentación recibida / Número total inspecciones programadas para realizarse a través de lista de chequeo a la información y documentación recibida. | T53: 0.3 | U53: 0 | V53: 0 | W53: Durante el periodo de enero a marzo no se realizaron las inspecciones . Sin embargo, se han establecido compromisos para llevar a cabo dichas inspecciones en el próximo mes. | X53: 0 | Z53: =(X53+V53) -> 0 | AA53: Durante el periodo de abril a junio no se realizaron las inspecciones . Sin embargo, se han establecido compromisos para llevar a cabo dichas inspecciones en el segundo semestre del año 2023 . | AB53: 0.75 | AC53: =(AB53+X53+U53) -> 0.75 | AD53: Durante este tercer trimestre se ha realizado inspecciones aleatorias a la información de los trimestres anteriores. | AE53: 0.25 | AF53: =(AE53+AC53) -> 1 | AG53: Durante este cuarto trimestre se ha realizado inspecciones aleatorias a la información de los trimestres anteriores.
A55: 30 | B55: Gestión Financiera | C55: Fallas en el control de registros Mecanismos insuficientes de verificación de registros Mecanismos inapropiados de verificación de registros Falta de registros formalizados | D55: Omisión de registros necesarios | E55: Pérdida de recursos Sanciones Pérdida de credibilidad y confianza en la institución Dificultades en la generación de productos de los procesos | F55: Posible | G55: Mayor | H55: Alta | I55: En la revisión de los registros y documentos Se revisa y compara la información teniendo en cuenta los registros en el software | J55: Rara vez | K55: Mayor | L55: Baja | M55: Permanente | N55: Capacitar a funcionarios en manejo adecuado de registros, Auditorías internas,Capacitar a los funcionarios para el uso adecuado del back up para evitar perdida de información. Revisión del Sistema de Gestión Documental. Implementar las políticas para el control de los registros establecidas en el procedimiento. Control de Registros del Sistema de Gestión | O55: Listados de asistencias, registro fotográfico, infrormes de auditorias | P55: 03/01/2023- 28/04/2023 , 02/05/2023-31/08/2023, 01/0972023-29/12/2023 | Q55: Realizar capacitaciones sobre el manejo adecuado de los registros del sistema de gestiòn y uso adecuado del back up. | R55: Dirección Administrativa y Financiera | S55: 1. Numero de capacitaciones realizar sobre el manejo adecuado de los registros del sistema de gestión y uso adecuado del back up / Número total de capacitaciones programadas sobre el manejo adecuado de los registros del sistema de gestión y uso adecuado del back up. | T55: 1 | U55: 0.15 | V55: 0.15 | W55: Durante el periodo de enero a marzo no se realizaron capacitaciones . Sin embargo, se han establecido compromisos para llevar a cabo dichas capacitaciones en el próximo mes. | X55: 0 | Z55: =(X55+V55) -> 0.15 | AA55: Durante el periodo de abril a junio de 2023 no se realizaron capacitaciones . Sin embargo, se han establecido compromisos para llevar a cabo dichas capacitaciones en el próximo semestre de 2023. | AB55: 0.15 | AC55: =(Z55+AB55) -> 0.3 | AD55: Durante el tercer trimestre no se realizaron capacitaciones . Sin embargo, se han establecido compromisos para llevar a cabo dichas capacitaciones en el útimo trimestre de 2023. | AE55: 0.7 | AF55: =(AC55+AE55) -> 1 | AG55: Durante este período se realizaron varias capacitaciones del personal de la Oficina de Sistemas con la Alcaldía Mayor de Cartagena de Indias , sobre la seguridad digital y backup.
A60: 31 | B60: Gestión Financiera | C60: Sistemas inseguros Falta de respaldo de la información Personal no idóneo | D60: Daño de la Información | E60: Disminución de la efectividad de los funcionarios Incumplimiento de objetivos y metas Pérdida de confianza y credibilidad en la entidad Intervención de órganos de control Sanciones Pérdida de recursos económicos | F60: Posible | G60: Mayor | H60: Alta | I60: Capacitación en el manejo documental Realización de backup | J60: Improbable | K60: Mayor | L60: Moderado | M60: Permanente
A62: 32 | B62: Gestión Financiera | C62: Mecanismos inapropiados para validación de decisiones Falta de información Falta de criterios para toma de decisiones Falta o falla de mecanismos para verificación de decisiones tomadas Descentralización de la toma de decisiones | D62: Tráfico de influencias | E62: Ineficiencia de servidores públicos Incumplimiento de objetivos y metas Pérdida de confianza y credibilidad en la institución Pérdida de recursos Incumplimiento en la prestación de servicios Sanciones | F62: Posible | G62: Catastrofico | H62: Extremo | I62: Se capacita sobre el principio de la transparencia, la Ley 734,de 2022 Proceso disciplinario Procedimientos realizados por software | J62: Rara vez | K62: Catastrofico | L62: Moderado | M62: Permanente | N62: Racionalizar los medios impresos y promover el uso de herramientas digitales | O62: Listado de asistencias, registro fotogràfico | P62: 03/01/2023- 28/04/2023 , 02/05/2023-31/08/2023, 01/0972023-29/12/2023 | Q62: Realizar 3 capaictaciones a los funcioanrios sobre la Ley de Trasnparencia ((1712 de 2014) y la Ley 734 de 2022 (Còdigo Disciplinario ûnico) | R62: Dirección Administrativa y Financiera | S62: 1. Número de capacitaciones de ley de transparencia ((1712 de 2014) y ley 734 de 2022 (código disciplinario único) ejecutadas / Número total de capacitaciones programadas de ley de transparencia ((1712 de 2014) y ley 734 de 2022 (código disciplinario único). | T62: 0.3 | U62: 0.15 | V62: 0.15 | W62: Durante el periodo de enero a marzo no se realizaron capacitaciones . Sin embargo, se han establecido compromisos para llevar a cabo dichas capacitaciones en el próximo mes. | X62: 0 | Z62: =(X62+V62) -> 0.15 | AA62: Durante el periodo de abril a junio de 2023 no se realizaron capacitaciones . Sin embargo, se han establecido compromisos para llevar a cabo dichas capacitaciones en el próximo semestre de 2023. | AB62: 0.1 | AC62: =(AB62+Z62) -> 0.25 | AD62: Durante el tercer trimestre no se realizaron capacitaciones . Sin embargo, se han establecido compromisos para llevar a cabo dichas capacitaciones en el último trimestre de 2023. | AE62: 0.55 | AF62: =(AE62+AC62) -> 0.8 | AG62: Dentro del Comité Institucional de Gestión y Desempeño, se sensibiliza y fortalece la aplicación de la Ley 1712 de 2014" Derecho de acceso a la infromación pública, los procedimietos para el el ejercicio y garantía del derecho y las excepciones a la publicidad de información asi como realizamos la actualización de la página web del IDER de manera constante.
A66: 33 | B66: Gestión Financiera | C66: Ausencia de mecanismos de verificación de información Procesamiento de información sin revisar | D66: Falsedad en documento | E66: Inefectividad en el cumplimiento de funciones Pérdida de confianza y credibilidad en la entidad Pérdida de recursos Intervención de órganos de control Sanciones | F66: Posible | G66: Catastrofico | H66: Extremo | I66: Revisión cautelosa de la información y documentación recibida Se capacita sobre el principio de la transparencia, la Ley 734, Proceso disciplinario | J66: Rara vez | K66: Catastrofico | L66: Moderado | M66: Permanente | N66: Auditorías internas al sistema de gestión.Revisión del Sistema de información.Implementación de la Norma de calidad a la Gestión de los sistemas de información del proceso | O66: Lista de chequeo, listado de asistencias, registro fotográfico, | P66: 03/01/2023- 28/04/2023 , 02/05/2023-31/08/2023, 01/0972023-29/12/2023 | Q66: Implementar formato de lista de chequeo a la información y documentación recibida | R66: Dirección Administrativa y Financiera | S66: 1. Número de inspecciones diligenciadas a través de lista de chequeo a la información y documentación recibida / Número total inspecciones programadas para realizarse a través de lista de chequeo a la información y documentación recibida. | T66: 0.6 | U66: 0 | V66: 0 | W66: Durante el periodo de enero a marzo no se realizaron las inspecciones . Sin embargo, se han establecido compromisos para llevar a cabo dichas inspecciones en el próximo mes. | X66: 0 | Z66: =(X66+V66) -> 0 | AA66: Durante el período de abril a junio de 2023 , no se llevo a cabo ninguna inspección , sin embargo se espera en este segundo semetre realizarlas y contar con los formatos necesarios para dichas inspecciones. | AB66: 0.75 | AC66: =75% -> 0.75 | AD66: Se realizaron inspecciones de las listas de chequeo a la información y documentación recibida. | AE66: 0.25 | AF66: =(AE66+AC66) -> 1 | AG66: Se realizaron inspecciones de las listas de chequeo a la información y documentación recibida.
A69: 34 | B69: Gestión Financiera | C69: Mecanismos inapropiados para validación de decisiones Falta de información Falta de criterios para toma de decisiones Falla de mecanismos para verificación de decisiones tomadas | D69: Decisiones ajustadas a intereses particulares | E69: Ineficiencia de servidores públicos Incumplimiento de objetivos y metas Pérdida de confianza y credibilidad en la institución Pérdida de recursos Incumplimiento en la prestación de servicios Sanciones | F69: Posible | G69: Catastrofico | H69: Extremo | I69: Se capacita sobre el principio de la transparencia, la Ley 734, Ley 909 Proceso disciplinario | J69: Improbable | K69: Catastrofico | L69: Alta | M69: Permanente | N69: Capacitación en temas contractuales . Capacitación de supervisores.Manual de contratación socializado entre los servidores y contratistas del instituto.Manual de funciones socializado entre los servidores y contratistas del instituto.Código de Ética socializado en la entidad | O69: Listado de asistencia registro fotográficos. | P69: 03/01/2023- 28/04/2023 , 02/05/2023-31/08/2023, 01/0972023-29/12/2023 | Q69: Realizar 3 capacitaciones en diferente temas de contratación estatal | R69: Dirección Administrativa y Financiera | S69: 1. Número de capacitaciones realizadas / Número total de capacitaciones programadas | T69: 0.3 | U69: 0.15 | V69: 0.15 | W69: Durante el periodo de enero a marzo no se realizaron capacitaciones . Sin embargo, se han establecido compromisos para llevar a cabo dichas capacitaciones en el próximo mes. Las capacitaciones se harán en conjunto con la Oficina Asesora Jurídica | X69: 0 | Z69: =(X69+V69) -> 0.15 | AA69: De abril a junio de 2023 , no se llevó a cabo capacitación sobre el tema de Contratación Estatal . | AB69: 0.85 | AC69: =(AB69+Z69) -> 1 | AD69: Se realizó dentro del comité de contratación una capacitación sobre el tema de Contratación Estatal, tal como consta en el acta.del comité ordinario del 14 de septiembre de 2023. | AE69: 0 | AF69: =(AE69+AC69) -> 1 | AG69: Se realizó dentro del comité de contratación una capacitación sobre el tema de Contratación Estatal y supervisión tal como consta en el acta.del comité ordinario del 14 de septiembre de 2023.
A73: 35 | B73: Gestión Juridica y Legal | C73: Violación o desconocimiento del regimen de inabilidades e incompatibilidades descrito por la normativa para la debida celebración de contratos estatales. Interes particular de los funcionarios para el favorecimiento de un tercero o particular Abuso del poder del funcionario del IDER | D73: Irregularidades en la celebración de los contratos | E73: Generación de auditorias por los entes de control que evidencien hallazgos de tipo disciplinario, fiscal y penal. Inicio de acciones judiciales en contra de funcionarios del Instituto por mal manejo de los recursos economicos. Sanciones y codenas en contra del Instituto y sus funcionarios | F73: Posible | G73: Catastrofico | H73: Extremo | I73: Seguimiento constante en el comité de contratación de la entidad al comité tecnico evaluador y los procesos contractuales a celebrar. Socialización y capacitacion a los funcionarios sobre el manual de contratacion de la entidad en especial lo inherente al reguimen de compatibilidades e incompatibilidades y las responsabilidades del supervisor. Socializacion y capacitación en las guias de colombia compra eficiente. Uso de las platafromas digitales establecidas por colombia compra eficiente para la celebración de los contratos de la entidad. | J73: Improbable | K73: Catastrofico | L73: Alta | M73: Permanente | N73: Establecer en el orden del día de los comites de contratación un seguimiento de los procesos en ejecución. Verificacion de ese seguimiento en las actas de ese comité.Generar un plan de capacitaciones a través de la Oficina de Talento Humano con referencia a la debida celebración y supervisión de los contratos estatales.. | O73: Actas del Comité de Contratación, listado de asistencia, registro fotográfico | P73: 03/01/2023- 28/04/2023 , 02/05/2023-31/08/2023, 01/0972023-29/12/2023 | Q73: Realizar el Comité de Contratación como lo establece la resolución de creación del comité | R73: Oficina Asesora Juridica | S73: 1. Número de comités de contratación realizados conformes. / Número total de comités de contratación. | T73: 1 | U73: 0.25 | V73: 0.25 | W73: 1. Se realizó Comité de Contratación No. 01 ordinario, el 1 de marzo de 2023 a las 8 am, en el cual se presentaron a aprobación los procesos de vigilancia, agroquímicos y químicos de piscina. 2. El pasado 26 de enero de 2023 se realizó Capacitación supervisores sobre las generalidades y particularidades de un proceso de supervisión. 3. Seguimiento semanal interno a los procesos de contratación | X73: 0.25 | Z73: =(V73+X73) -> 0.5 | AA73: Se realizaron dos (2) Comités de Contratación | AB73: 0.25 | AC73: =(AB73+Z73) -> 0.75 | AD73: Se realizaron 4 comités extraordinarios y uno ordinario | AE73: 0.25 | AF73: =(AE73+AC73) -> 1 | AG73: Se realizaron dos (2) Comités de Contratación extraordinarios y uno (1) ordinario.
T74: 1
A75: 36 | B75: Gestión Juridica y Legal | C75: Favorecimiento a un tercero o particular Abuso del poder por parte del funcionarios | D75: Irregularidades en el otorgamiento de reconocimientos a organismos deportivos | E75: Sanciones disciplinarias de indole penalpara el funcionario del instituto Poca credibilidad en la Institucion | F75: Posible | G75: Moderado | H75: Moderado | I75: Estructuracion de un procedimiento para los reconocimientos de organismos deportivos como lo son la renovacion y el otorgamiento Capacitaciones en el tramite y normativa de reconocimientos deportivos. | J75: Rara vez | K75: Moderado | L75: Baja | M75: Mensuales | N75: Consolidación del procedimiento, Plan de capacitaciones a los servidores que otorgan reconocimientos deportivos | O75: Listados de asistencia , acta de reunión , registro fotográfico | P75: 03/01/2023- 28/04/2023 , 02/05/2023-31/08/2023, 01/0972023-29/12/2023 | Q75: Realizar capacitaciones de los servidores que otorgan reconocimientos deportivos | R75: Oficina Asesora Juridica | S75: 1. Número de servidores que otorgan reconocimientos deportivos capacitados / Número total de servidores que otorgan reconocimientos deportivos del Instituto. | T75: 1 | U75: 0.25 | V75: 0.25 | W75: 1. Internamente se realizarón capacitaciones al equipo 2. Plan de capacitación externo a los organimos 3. Mesa de trabajo de control al proceso 4. Bimensual seguimiento al proceso (OAJ) 5. Planificación para la puesta en marcha de la creación del proceso de reconocimiento deportivo | X75: 0.25 | Z75: =(X75+V75) -> 0.5 | AA75: Se realizaron capacitaciones y/o asesorías a 19 personas para la conformación de clubes deportivos y 30 resoluciones de reconocimiento deportivo. | AB75: 0.25 | AC75: =(AB75+Z75) -> 0.75 | AD75: Se realizaron capacitaciones y/o asesorías a 60 personas para la conformación de clubes deportivos y 13 resoluciones de reconocimineto deportivo. | AE75: 0.25 | AF75: =(AE75+AC75) -> 1 | AG75: Durante este año 2023, se realizaron capacitaciones y/o asesorías a 100 personas aproximadamente para la conformación de clubes deportivos y 68 resoluciones de reconocimento deportivo aproximadamente en la vigencia 2023.
T76: 1
A77: 37 | B77: Gestión Juridica y Legal | C77: Favorecimiento a un tercero o particular Abuso del poder por parte del funcionarios | D77: Decisiones ajustadas a intereses particulares | E77: Sanciones disciplinarias de indole penalpara el funcionario del instituto Poca credibilidad en la Institucion Gastos indebidos asumidos por la entidad | F77: Posible | G77: Mayor | H77: Alta | I77: Seguimiento constante en el comité de conciliacion de la entidad a la solicitudes de pago a terceros. Implementacion de un procedimiento para pagos en caso de terceros | J77: Rara vez | K77: Mayor | L77: Baja | M77: Permanente | N77: Consolidación del procedimiento para pagos a favor de terceros,Actas del comité de conciliación donde se evidencian la concertación de tales pagos a terceros. | O77: Formato de cesión a terceros , Acta de reunión, listado de asistencia | P77: 03/01/2023- 28/04/2023 , 02/05/2023-31/08/2023, 01/0972023-29/12/2023 | Q77: Implementar y socializar la utilización del formato para este procedimiento | R77: Oficina Asesora Juridica | S77: 1. Número de formatos de cesión a terceros diligenciados con sus soportes / Número total de formatos de cesión a terceros requeridos. | T77: 1 | U77: 0.25 | V77: 0.25 | W77: Se realizó el primer Comité de Conciliaciones en el cual se dio a conocer y aprobó el Plan de Acción del mismo y el cronograma. Este comité se realizó el 13 de marzo de 2023. | X77: 0.25 | Z77: =(V77+X77) -> 0.5 | AA77: En este segundo trimestre del año 2023 , no se realizaron Comités de Conciliación . | AB77: 0.25 | AC77: =(AB77+Z77) -> 0.75 | AD77: En este tercer trimestre del año 2023 , no se realizaron Comités de Conciliación . | AE77: 0.25 | AF77: =(AE77+AC77) -> 1 | AG77: En este cuarto trimestre del año 2023 , se realizaron dos (2) Comités de Conciliación .
T78: 1
A79: 38 | B79: Gestión Sistemas tecnología de la información. GESTION DE TECNOLOGIAS DE LA INFORMACION Y LAS COMUNICACIÓNES | C79: 1. Usuarios sin cultura de seguridad informática. 2. Acciones indebidas en el uso de la información y los recursos informáticos de la Entidad. 3. Falta de control de uso y acceso a la información de la Entidad. 4. Vandalismo informático que beneficia los intereses particulares de terceros. 5. Presión, amenazas por parte de particulares a un funcionario o contratista para manipular o adulterar información en beneficio de terceros interesados. | D79: Omisión de acciones para el cuidado de los activos de información y acción de adulteración, daño, acceso o entrega no autorizada de información en beneficio de un privado perjudicando a la entidad o sus procesos. | E79: Incumplimiento de objetivos y metas. Disminución de la efectividad de los funcionarios. Pérdida de confianza y credibilidad en la entidad. Intervención de órganos de control. Sanciones. Pérdida de recursos económicos. | F79: Posible | G79: Moderado | H79: Moderado | I79: Definir la Política General de la Seguridad de la Información de la entidad y Manual de políticas de seguridad y privacidad de la información. | J79: Improbable | K79: Moderado | L79: Baja | M79: Permanente | N79: Implementar la política general de seguridad y privacidad de la información de la entidad y el manual de politicas especifica de seguridad y privacidad de la información, esta aprobada por comité de MIPG.,Implementar la política de tratamiento de datos personales y esta publicados en la página Web oficial en la sección de transparencia.,Se cuenta con controles de acceso lógico a la red, sistemas operativos, bases de datos, archivos compartidos, con controles basados en usuario, perfiles y contraseña, hay controles físicos de ingreso a las instalaciones.Código de Ética socializado en la entidad, Socialización de Manual de funciones entre los servidores y contratistas del instituto. | O79: Seguimiento trimestral de la Polìtica General de Seguridad y Privacidad de la informaciòn | P79: 03/01/2023- 28/04/2023 , 02/05/2023-31/08/2023, 01/0972023-29/12/2023 | Q79: Realizar el Seguimiento trimestral de la Polìtica General de Seguridad y Privacidad de la informaciòn | R79: Oficina de Sistema | S79: 1. Número de seguimiento trimestral de la Política General de Seguridad y Privacidad de la información realizados / Número total seguimiento trimestral de la Política General de Seguridad y Privacidad de la información programados. | T79: 1 | U79: 0.25 | V79: 0.25 | W79: Se presentó y aprobö la Polìtica General de Seguridad y Privacidad de la informaciòn en CIGD, el seguimiento se realiza periodocamente cada 3 meses. | X79: 0.25 | Z79: =(X79+V79) -> 0.5 | AA79: Se formuló un plan de trabajo para la implemetacion de controles en temas relacionados con el anexo A, derivados de la auditoria interna aplicada por la oficina de Control Interno del IDER. | AB79: 0.25 | AC79: =(AB79+Z79) -> 0.75 | AD79: Se han realizado por parte de la Oficina de Sistemas campañas de sensibilización y buenas prácticas en temas de seguridad y privacidad de la información, se realizaron 4 campañas. | AE79: 0.25 | AF79: =(AE79+AC79) -> 1 | AG79: Se han realizado por parte de la Oficina de Sistemas procesos de sensibilización y y afienzamiento de buenas prácticas en temas de seguridad y privacidad de la información.
T80: 1
T81: 1
A83: 39 | B83: Gestión Sistemas tecnología de la información. | C83: Estudios previos o de factibilidad manipulados para beneficiar a un tercero en particular o privado. Términos de referencia condicionados para favorecer la elección de un tercero en particular. Falta en la ejecución de supervisión y seguimiento al proveedor y el producto o servicio contratado. Deficiencias en el manejo de la documentación y el archivo. Ofrecimiento de Beneficios económicos para la elección de Proveedores de servicios de TI. | D83: Uso del poder para beneficio privado de un tercero en los procesos de selección de proveedores y contratación de servicios de tecnología. | E83: Intervención de órganos de control. Sanciones. Pérdida de recursos económicos. | F83: Improbable | G83: Moderado | H83: Baja | I83: Revisión dual en la definición y revisión de anexos técnicos que son usados en los procesos de selección y calificación de Proveedores. Realizar la supervisión de los contratos que son entregados en responsabilidad de tecnología, cumpliendo las políticas internas definidas para tal fin. Evaluar el cumplimiento y la ejecución de los contratos prestados por los proveedores de TI de conformidad a los términos requeridos por la Entidad. | J83: Rara vez | K83: Moderado | L83: Baja | M83: Permanente | N83: Implimentar control manual de verificación y validación dual en los anexos técnicos que genera la oficina de tecnología y son parte integral de los contratos de adquisición de productos o servicios de TI.,Verificar la supervisión de los contratos de acuerdo a la guía de supervisión, los informes generados son revisados y aprobados por la oficina juridica y dirección administrativa antes del pago,Al finalizar la ejecución de un contrato se genera el informe final indicando el cumplimiento o deficiencias del mismo.. | O83: Iinformes , lista de chequeo de los anexos tècnicos . | P83: 03/01/2023- 28/04/2023 , 02/05/2023-31/08/2023, 01/0972023-29/12/2023 | Q83: Diligenciamiento del formato de la lista de chequo para la verificaciòn y validaciòn de los anexos tècniso para la contrataciòn | R83: Oficina de Sistema | S83: 1. Número de inspecciones diligenciadas a través de lista de chequeo para la verificación y validación de los anexos técnicos de la contratación / Número total inspecciones programadas para la verificación y validación de los anexos técnicos de la contratación. | T83: 1 | U83: 0.25 | V83: 0.25 | W83: La Oficina de Sistemas apoya en la proyecccción y estructuración de los anexos técnicos para la adquisición de los bienes y servicios de tecnológias de la informacion bajo la supervisión de la Dirección Administrativa y Financiera y la Ofiicina Asesor Jurídica, | X83: 0.25 | Z83: =(V83+X83) -> 0.5 | AA83: La Oficina de Sistemas apoyo en la proyección y estructuración de los anexos técnicos para la adquisición de equipos tecnológicos y licencias de software (Microsoft 365 estándar) | AB83: 0.25 | AC83: =(AB83+Z83) -> 0.75 | AD83: En conjunto con la Oficina Juridica y Sistemas se evaluaron los anexos técnicos para la adquisición de antivirus para la sede administrativa del IDER. | AE83: 0.25 | AF83: =(AE83+AC83) -> 1 | AG83: En conjunto con la Oficina Juridica y las demás dependencias del instituto, se evaluaron los anexos técnicos para la adquisición de bienes y servicios en este cuarto trimestre.
T84: 0
T85: 0
A86: 40 | B86: Gestion Talento Humano | C86: Personal no idoneo | D86: Daño o perdida de la información | E86: Uso inapropiado de la información. | F86: Posible | G86: Moderado | H86: Moderado | I86: Optimo respaldo de la información, información confidencial para personal de confianza. | J86: Posible | K86: Moderado | L86: Moderado | M86: Permanente | N86: Control y monitoreo permanente a las bases de datos de información y archivos digitales y fisicos con el fin de realizar copia de seguridad y respaldo de la información. | O86: Formato de mantenimiento, Formato Copias de Seguridad de las dependencias | P86: 03/01/2023- 28/04/2023 , 02/05/2023-31/08/2023, 01/0972023-29/12/2023 | Q86: Diligenciamiento de los formatos de mantenimiento y formatos de las copias de seguridad de las dependencia | R86: Talento Humano | S86: 1. Número de formatos de mantenimiento y formatos de las copias de seguridad de las dependencia diligenciados / Número total de formatos de mantenimiento y formatos de las copias de seguridad de las dependencia. | T86: 0.33 | U86: 0.25 | V86: 0.25 | W86: Se realiazo backup de toda la información de la contratación de la vigencia 2023, reposa en el computador de la PU. Asignada a Talento Humano. | X86: 0.25 | Z86: =(X86+V86) -> 0.5 | AA86: Se realizó backup de toda la información de la contratación de la vigencia 2023, reposa en el computador de la PU. Asignada a Talento Humano. | AB86: 0.25 | AC86: =(AB86+Z86) -> 0.75 | AD86: Se realizó backup de toda la información de la contratación de la vigencia 2023, reposa en el computador de la PU. Asignada a Talento Humano. | AE86: 0.25 | AF86: =(AE86+AC86) -> 1 | AG86: Se realizó backup de toda la información de las dependecias del IDER , el cual contiene la información detallada de los procesos de cada una de las dependencias durante el año 2020 al 2023. Esta infromación se encuentra en un disco extraible.
A87: 41 | B87: Gestion Talento Humano | C87: Falta o falla de mecanismos para verificación de decisiones tomadas Descentralización de la toma de decisiones | D87: Tráfico de influencias | E87: Pérdida de confianza y credibilidad en la institución. Incumplimiento en la prestación de servicios | F87: Posible | G87: Moderado | H87: Moderado | I87: Validaciòn de la documentación aportada para contratación de prestación de servicios. Actuar conforme al manual especifico de funciones y competencias laborales. | J87: Posible | K87: Moderado | L87: Moderado | M87: Permanente | N87: Se actua conforme a la ley de transparencia y acceso a la información pública, todos los procesos de contratación de la entidad son publicados en página web institucional y redes sociales de la entidad. | O87: SECOP II, página web del IDER y redes sociales del IDER | P87: 03/01/2023- 28/04/2023 , 02/05/2023-31/08/2023, 01/0972023-29/12/2023 | Q87: Revsiiòn y verificaciòn de los procesos de cocntrataciòn en la plataforma SECOP II | R87: Talento Humano | S87: 1. Número de procesos de contratación publicados en el SECOP II / Número total de procesos de contratación de la entidad que requieran ser publicados en el SECOP II | T87: 1 | U87: 0.25 | V87: 0.25 | W87: Todos los procesos de contratación de la entidad son publicados en página web institucional.Se encuentran publicados en el SECOP II 388 contratos de enero a marzo de 2023. | X87: 0.75 | Z87: =(V87+X87) -> 1 | AA87: Todos los procesos de contratación de la entidad son publicados en página web institucional.Se encuentran publicados en el SECOP II 420 contratos de abril a junio de 2023 por OPS y contratos de bienes y servicios contamos con 9. | AB87: 1 | AC87: =(AB87+Z87)/2 -> 1 | AD87: Se encuentran publicados en el SECOP II 3 contratos de julio a septiembre de 2023 por OPS y contratos de bienes y servicios contamos con 15 | AE87: 1 | AF87: =(AE87+AC87)/2 -> 1 | AG87: Se encuentran publicados en el SECOP II 53 contratos de octubre a diciembre de 2023 por OPS y contratos de bienes y servicios contamos con 14 con imputación presupuestal y dos(2) contratos con valor cero , para un total de 16 contratos
A88: 42 | B88: Gestion Talento Humano | C88: Falta de información actualizada en base de datos de contratacion de juridica | D88: Brindar información errónea | E88: Brindar información publica falsa o desactualizada, lo cual puede traer consecuensias juridicas para la entidad. | F88: Posible | G88: Moderado | H88: Moderado | I88: Solicitar documentacion soporte para emitir certificaciones a contratistas, personal de planta y entes de control. | J88: Posible | K88: Moderado | L88: Moderado | M88: Permanente | N88: Verificar la información en bases de datos actualizada en oficina juridica e información al contratistas y personal de planta. | O88: Base de Datos de los contratistas , SIGEP | P88: 03/01/2023- 28/04/2023 , 02/05/2023-31/08/2023, 01/0972023-29/12/2023 | Q88: Revsiòn y verificaciòn de la Plataforma SIGEP | R88: Talento Humano | S88: 1. Número de hojas de vida verificadas en el SIGEP / Número total de hojas de vida de SIGEP | T88: 1 | U88: 1 | V88: 1 | W88: Toda la información de contratistas y personal de planta se encuentra actualizada en bases de datos en la Oficina Asesora Jurídica y la Oficna de Talento Humano. | X88: 1 | Z88: =(V88+X88)/2 -> 1 | AA88: Toda la información de contratistas y personal de planta se encuentra actualizada en bases de datos en la Oficina Asesora Jurídica y la Oficna de Talento Humano. | AB88: 1 | AC88: =(AB88+Z88+V88)/3 -> 1 | AD88: Toda la información de contratistas y personal de planta se encuentra actualizada en bases de datos en la Oficina Asesora Jurídica y la Oficna de Talento Humano. | AE88: 1 | AF88: =(AE88+AC88)/2 -> 1 | AG88: Toda la información de contratistas y personal de planta se encuentra actualizada en bases de datos en la Oficina Asesora Jurídica y la Oficina de Talento Humano.
A89: 43 | B89: Gestión de Control Interno | C89: Inexistencia de lineamientos para hacer la declaración de conflicto de interés. El empleado desconoce las situaciones que configuran conflicto de interés. | D89: No declarar conflicto de interés en la realización de auditorías. | E89: Utilización indebida de información Favorecimiento a terceros en el resultado de las auditorías. Pérdida de confianza y credibilidad en la institución. | F89: Posible | G89: Mayor | H89: Alta | I89: Indicar la existencia de algún tipo de conflicto de interés. Capacitación en temas relacionados con la OCI | J89: Posible | K89: Moderado | L89: Moderado | M89: Permanente | N89: Implementación de la Carta de Representaciòn ,Formato de Compromiso de cumplimiento del Còdigo de êtica del Auditor Interno y del Estatuto de Auditoria Interna, Capacitar en temas específicos de la Oficina de Control Interno. | O89: Formato Carta de Representaciòn, Formato de Compromiso de cumplimiento del Còdigo de Etica del Auditor Interno y del Estatuto de Auditoria Interna. | P89: 03/01/2023- 28/04/2023 , 02/05/2023-31/08/2023, 01/0972023-29/12/2023 | Q89: Implementaciòn de los formatos de Carta de Presentaciòn y compromiso de cumplimiento del Còdigo de Etica del Auditor interno y del Estado de Auditorìa Interna | R89: Control Interno | S89: 1. Número de formatos de carta de presentación, compromiso de cumplimiento del Código de Ética del AuditorIinterno y del estado de auditoría interna diligenciados / Numero total de formatos de carta de presentación, compromiso de cumplimiento del código de ética del auditor interno y del estado de auditoría interna requeridos. | T89: 0 | U89: 0.25 | V89: 0.25 | W89: En las hoja de vida de cada constritsta de la Oficina de Control Interno se encuentra la Carta de Compromiso de Cumplimineto del Código de Ética del Auditor Interno .(Tres contratistas con sus respectivas carta de compromiso).La auditorias internas de la oficna de Control Interno se tienen programadas para el segundo trimestre de la vigencia 2023. | X89: 0.75 | Z89: =(V89+X89) -> 1 | AA89: Para esta segunda etapa de la contratación, las hoja de vida de cada constritsta de la Oficina de Control Interno se encuentra la Carta de Compromiso de Cumplimineto del Código de Ética del Auditor Interno .(Tres contratistas con sus respectivas carta de compromiso).Las auditorias internas de la oficina de Control Interno se iniciaron a partir del 30 de marzo del 2023. Auditorias realizadas a 30 de junio: Archivo, Sistemas y Comunicacciones y Prensa. | AB89: 1 | AC89: =(AB89+Z890/2) -> 1 | AD89: Los Asesores externos de la Oficna de control Interno dieron cumplimiento a la frima de la Carta de Compromiso de Cumplimineto del Código de Ética del Auditor Interno .(Tres contratistas con sus respectivas carta de compromiso). | AE89: 1 | AF89: =(AE89+AC89)/2 -> 1 | AG89: Los Asesores externos de la Oficna de control Interno dieron cumplimiento a la firma de la Carta de Compromiso de Cumplimineto del Código de Ética del Auditor Interno .(Tres contratistas con sus respectivas carta de compromiso).
T90: 0
A91: 44 | B91: Gestión de Control Interno | C91: Ausencia de mecanismos de control para el correcto almacenamiento de la información de las auditorías. Ineficiencia en las políticas de operación del manejo de la información. Falta o falla de mecanismos para el tratamiento de información. | D91: Uso inadecuado de los informes de las auditorías. | E91: Uso inapropiado de la información. Pérdida de credibilidad y confianza en la institución. Manipulación de los resultados de la auditoria. Favorecimiento a terceros | F91: Posible | G91: Mayor | H91: Alta | I91: Establecimiento de políticas de operación, mecanismos de control y procedimientos para el tratamiento de la información obtenida en las auditorías. Capacitación en temas de tratamiento de infromación y confidencialidad por parte de todos los funcionarios y/o contratistas del Instituto | J91: Posible | K91: Moderado | L91: Moderado | M91: Permanente | N91: Elaborar políticas de operación, mecanismos de control y procedimientos para el tratamiento de la información obtenida en las auditorías,Capacitar en temas de tratamiento de información y confidencialidad por parte de todos los funcionarios y/o contratistas del Instituto | O91: Listado de asistencia, registro fotográfico, informes | P91: 03/01/2023- 28/04/2023 , 02/05/2023-31/08/2023, 01/0972023-29/12/2023 | Q91: Realizar 3 capacitaciones en temas de tratamiento de informaciòn y confidencialidad | R91: Control Interno | S91: 1. Número de capacitaciones realizar sobre temas de tratamiento de información y confidencialidad / Número total de capacitaciones en temas de tratamiento de información y confidencialidad programadas | T91: 0 | U91: 0 | V91: 0 | W91: Estas acciones se encuentran programas para el segundo trimestre de 2023, a partir de las instalaciones de las auditorias. | X91: 0 | Z91: =(X91+V91) -> 0 | AA91: Esta actividad se realizarán en el segundo semestre del año 2023. | AB91: 1 | AC91: 1 | AD91: Se realizo la capacitación de tratamiento de la infromación y confidencialidad en el auditoria interna llevada a cabo, el día 29 de septiembre de 2023 a las 2:00 p.m. al equipo de asesores externos de la Oficina de Control Interno. | AE91: 1 | AF91: 1 | AG91: Se realizo la capacitación de tratamiento de la infromación y confidencialidad en el auditoria interna llevada a cabo, el día 29 de septiembre de 2023 a las 2:00 p.m. al equipo de asesores externos de la Oficina de Control Interno.
T92: 0
S93: TOTAL | V93: =SUM(V10:V92)/39 -> 0.22820513 | Z93: =SUM(Z10:Z92)/39 -> 0.46538462 | AC93: =SUM(AC10:AC92)/39 -> 0.92948718 | AF93: =SUM(AF10:AF92)/41 -> 0.99146341
A94: Anexo No.1

Sheet Control de Cambios 
A1: CONTROL DE CAMBIOS
A2: Versión | B2: Fecha y acto administrativo de aprobación | C2: Descripción del cambio | D2: Nombre del solicitante
G7: ITEM | H7: COMPONENTE | I7: % ACUMULADO - ENERO A DICIEMBRE DE 2023
G8: 1 | H8: MAPA DE RIESGO DE CORRUPCIÓN | I8: ='MAPA DE RIESGO DE CORRUPCIÒN'!AF93 -> 0.99146341
G9: 2 | H9: RACIONALIZACIÓN DE TRÁMITES | I9: ='RACIONALIZACION DE TRAMITES '!Q47 -> 1
G10: 3 | H10: RENDICIÓN DE CUENTAS | I10: ='RENDICIÒN DE CUENTAS '!U39 -> 1
G11: 4 | H11: SERVICIO AL CIUDADANO | I11: ='ATENCIÒN AL CIUDADANO'!U26 -> 0.91666667
G12: 5 | H12: TRANSPARENCIA Y ACCESO A LA INFORMACIÓN PÚBLICA | I12: ='TRANSP. Y ACCESO A LA INFOR.'!S24 -> 0.99802632
G13: 6 | H13: INICIATIVAS ADICIONALES | I13: ='INICIATIVAS ADICIONALES '!S8 -> 1
G14: TOTAL | I14: =SUM(I8:I13)/6 -> 0.9843594

Sheet Tabla de Valoraciòn
E2: Tabla 4 Criterios para definir el nivel de probabilidad
F4: Frecuencia de la Actividad | G4: Probabilidad
E5: Muy Baja | F5: La actividad que conlleva el riesgo se ejecuta como máximos 2 veces por año | G5: 0.2
E6: Baja | F6: Baja La actividad que con lleva el riesgo se ejecuta de 3 a 24 veces por año | G6: 0.4
E7: Media | F7: La actividad que conlleva el riesgo se ejecuta de 24 a 500 veces por año | G7: 0.6
E8: Alta | F8: La actividad que conlleva el riesgo se ejecuta mínimo 500 veces al año y máximo 5000 veces por año | G8: 0.8
E9: Muy Alta | F9: La actividad que conlleva el riesgo se ejecuta más de 5000 veces por año | G9: 1
E12: Tabla 5 Criterios para definir el nivel de impacto
F14: Afectación Económica | G14: Reputacional
E15: Leve 20% | F15: Afectación menor a 10 SMLMV . | G15: El riesgo afecta la imagen de algún área de la organización.
E16: Menor 40% | F16: Entre 10 y 50 SMLMV | G16: El riesgo afecta la imagen de la entidad internamente,de conocimiento general nivel interno,de junta directiva y accionistas y/o de proveedores
E17: Moderado 60% | F17: Entre 50 y 100 SMLMV | G17: El riesgo afecta la imagen de la entidad con algunos usuarios de relevancia frente al logro de los objetivos.
E18: Mayor 80% | F18: Entre 100 y 500 SMLMV | G18: El riesgo afecta la imagen de la entidad con efecto publicitario sostenido a nivelde sector administrativo, nivel departamental o municipal
E19: Catastrófico 100% | F19: Mayor a 500 SMLMV | G19: El riesgo afecta la imagen de la entidad a nivel nacional, con efecto publicitario sostenido a nivel país
E21: Matriz de Calor (Niveles de severidad del riesgo )

Sheet RACIONALIZACION DE TRAMITES 
A1: PLAN ANTICORRUPCIÓN Y DE ATENCIÓN AL CIUDADANO 2023 Instituto Distrital de Deporte y Recreación -IDER
A2: 2. COMPONENTE: RACIONALIZACIÓN DE TRAMITES | G2: SEGUIMIENTO
A3: No | B3: ACTIVIDAD | C3: META O PRODUCTO | D3: RESPONSABLE | E3: FECHA PROGRAMADA | G3: % de avance (Ene - Mar) 2023 | H3: % Acumulado (Ene - Mar)2023 | I3: Observaciones | J3: % de avance (Abril-Jun) 2023 | K3: % Acumulado (Ene- Jun)2023 | L3: Observaciones | M3: % de avance (Jul-Sept) 2023 | N3: % Acumulado (Ene- Sept 2023) | O3: Observaciones | P3: % de avance (Oct-Dic) 2023 | Q3: % Acumulado (Ene- Dic 2023) | R3: Observaciones 2023
E4: FECHA INICIAL | F4: FECHA FINAL
A5: 1 | B5: Revisar información sobre misión, funciones, procesos misionales, y sobre los productos que resultan de la ejecución de los procesos y que están dirigidos a los ciudadanos o grupos de valor de la entidad. | C5: Informe sobre procesos dirigidos a los ciudadanos o grupos de valor de la entidad. | D5: Oficina de Planeación | E5: 1 febrero de 2023 | F5: 7 de febrero de 2023 | G5: 0.25 | H5: 0.25 | I5: Se realizaron mesas con recreación y deporte donde se revisaron misión , funciones y los proceso misionales. | J5: 0 | K5: 0.25 | L5: Se tiene programado realizar en el segundo trimestre de 2023 | M5: 0.5 | N5: =(M5+K5) -> 0.75 | O5: Se llevo a cabo las mesas de trabajo para la revisión de la información Con el equipo de Recreación y Deporte Con lo que se dejo la Identificación de 5 OPA asociados a la oferta Misional 1 de Deporte y 4 de Recreación los cuales se encuentran dirigido a los ciudadanos y grupos de valor | P5: 0.25 | Q5: =(P5+N5) -> 1 | R5: En las mesas de trabajo se revisa la información sobre misión, funciones, procesos misionales que facilita la orientación para de la identificación de los OPAS
A6: 2 | B6: Identificar las dependencias responsables de la entrega de dichos productos, la normativa asociada, los requisitos que se solicitan a los usuarios para acceder, los puntos de atención en donde se prestan al usuario y los horarios de atención. | C6: Listado de dependencias, normatividad, requisitos para acceder y puntos de atención | D6: Oficina de Planeación Dirección Administrativa y Financiera | E6: 1 febrero de 2023 | F6: 7 de febrero de 2023 | G6: 0.25 | H6: 0.25 | I6: Esta información se publica en la página del IDER ventana de transparencia y se realiza monitoreo y revisión trimestral por parte del equipo de planeación | J6: 0.25 | K6: 0.25 | L6: Esta información se publica en la página del IDER ventana de transparencia y se realiza monitoreo y revisión trimestral por parte del equipo de planeación | M6: 0.5 | N6: =(K6+M6) -> 0.75 | O6: Las área misionales del instituto entregaron la información pertinente de sus protocolos y requisitos de sus oferta para que la comunidad pueda acceder a la oferta institucional la cual se encuentra publicada en la página web del IDER | P6: 0.25 | Q6: =(N6+P6) -> 1 | R6: Se establecen Instructivos OPAS donde se definen puntos de atención y requisitos que se solicitan a los usuarios para acceder a la oferta misional
A7: 3 | B7: Socialización y sensibilización a los líderes de procesos a quienes les corresponda intervenir en las actividades de racionalización de trámites | C7: Talleres de Socialización y Sensibilización Capacitaciones realizadas | D7: Oficina de Planeación Oficina de Talento Humano | E7: 1 febrero de 2023 | F7: 7 de febrero de 2023 | G7: 0.25 | H7: 0.25 | I7: En el mes de febrero se trabajo con los equipos de recreación, deporte, impuesto y espectáculos públicos se les capacitó como diseñar formatos y quedo como tarea la entrega de sus instructivos. | J7: 0.25 | K7: 0.25 | L7: En el mes de febrero se trabajo con los equipos de recreación, deporte, impuesto y espectáculos públicos se les capacitó como diseñar formatos y quedo como tarea la entrega de sus instructivos. | M7: 0.5 | N7: =(K7+M7) -> 0.75 | O7: El 3 de septiembre del 2023, se resocializo a los líderes de procesos de recreación y deporte en mesa de trabajo la racionalización de tramites. | P7: 0.25 | Q7: =(N7+P7) -> 1 | R7: El día 3 de octubre del 2023 se envío el formato de identificación de OPA, y se solicito de manera formal al PE.de Recreación y su enlace el envío del formato diligenciado de los OPA del área.
A8: 4 | B8: Revisar si los productos identificados corresponden a trámites (verificar cumplimiento de las siguientes características): inician por la solicitud del usuario, tienen soporte normativo, el solicitante ejerce un derecho o cumple con una obligación y son oponibles o demandables por el usuario. | C8: Caracterización de productos identificados como trámites | D8: Oficina de Planeación | E8: 8 de febrero de 2023 | F8: 16 de febrero de 2023 | G8: 0.25 | H8: 0.25 | I8: En mesas de trabajo con deporte , recreación e impuesto y espectáculos públicos se realizó revisión de conformidad con las características de trámites y otros procesos administrativos - OPA esta pendiente por realizar mesa de trabajo con reconocimiento deportivo. | J8: 0.25 | K8: 0.25 | L8: En mesas de trabajo con deporte , recreación e impuesto y espectáculos públicos se realizó revisión de conformidad con las características de trámites y otros procesos administrativos - OPA esta pendiente por realizar mesa de trabajo con reconocimiento deportivo. | M8: 0.75 | N8: =(K8+M8) -> 1 | O8: En este trimestre del año se realizó la revisión, de los productos identificados por parte de la Oficina Asesora de Planeación, campamentos juveniles, escuela recreativa, hábitos y estilos de vida saludable, jóvenes saludables. | P8: 0 | Q8: =(N8+P8) -> 1 | R8: En este trimestre del año, se realizó la revisión, donde se evidencia que estos inician por la solicitud del usuario, tienen soporte normativo, el solicitante ejerce un derecho y estos son oponibles o demandables por el usuario
A9: 5 | B9: Revisar si los productos identificados corresponden a procedimientos administrativos (verificar el cumplimiento de las siguientes características): están asociados a un trámite, su realización no es obligatoria para el usuario. | C9: Caracterización de procedimientos administrativos | D9: Oficina de Planeación | E9: 8 de febrero de 2023 | F9: 16 de febrero de 2023 | G9: 0.15 | H9: 0.15 | I9: Se debe trabajar con reconocimiento deportivo e impuestos y espectáculos públicos sobre la caracterización de los procedimientos. | J9: 0.25 | K9: 0.15 | L9: Se debe trabajar con reconocimiento deportivo e impuestos y espectáculos públicos sobre la caracterización de los procedimientos. | M9: 0.5 | N9: =(K9+M9) -> 0.65 | O9: Desde la Oficina Asesora de Planeación se verifico con reconocimiento deportivo e impuestos y espectáculos públicos la información de entrada desarrollo y salidas estas se encuentran asociadas a un trámite | P9: 0.35 | Q9: =(N9+P9) -> 1 | R9: Se reviso y se evidencio que lo productos identificados corresponden a procedimientos administrativos de la oferta misional del instituto.
A10: 6 | B10: Cargar los trámites y otros procedimientos administrativos (OPA) de la entidad en el SUIT | C10: Trámites y procedimientos cargados en SUIT | D10: Oficina de Planeación Oficina de Sistemas | E10: 17de febrero de 2023 | F10: 24 de febrero de 2023 | G10: 0.25 | H10: 0.25 | I10: A 30 de diciembre de 2022 se cargo en SUIT el OPA de Prestamos de Escenarios Deportivos LINK:https://www.funcionpublica.gov.co/VisorSUIT/index.jsf?FI=84934, se continuará en el segundo trimestre con los demás OPA y trámites del instituto. | J10: 0 | K10: =(H10+J10) -> 0.25 | L10: En este segundo trimestre del año 2023 , se trabajo en la formalización del empleo y plantas temporales | M10: 0.5 | N10: =(K10+M10) -> 0.75 | O10: Se tiene coordinado con el área de sistema cargar 5 OPA en el último trimestre | P10: 0.25 | Q10: =(N10+P10) -> 1 | R10: Se realizó el cargue de Instructivos OPAS a través de los formularios en la plataforma SUIT de los 5 Instructivos - OPAS
A11: 7 | B11: Revisar si la totalidad de los tramites y otros procedimientos administrativos identificados en el inventario se encuentran registrados en el SUIT | C11: Trámites y procedimientos registrados en SUIT | D11: Oficina de Planeación Oficina de Sistemas | E11: 17de febrero de 2023 | F11: 24 de febrero de 2023 | G11: 0.25 | H11: 0.25 | I11: No se identificaron trámites, solo se identificaron otros procedimientos administrativos -OPA, se encuentran en revisión para su aprobación y publicación en el SUIT. | J11: 0 | K11: =(H11+J11) -> 0.25 | L11: En este segundo trimestre del año 2023 , se trabajó en la formalización del empleo y plantas temporales | M11: 0.5 | N11: =(K11+M11) -> 0.75 | O11: Se reviso la totalidad dejando como concluyente Que no todos los tramites y otros procedimientos administrativos identificados en el inventario se encuentran registrados en el SUIT por lo que cargaran en la plataforma en coordinación con el área de sistema | P11: 0.25 | Q11: =(N11+P11) -> 1 | R11: Se revisó y se evidencio que los 5 Instructivos OPAS ya se encuentran registrados en SUIT . Anexo el enlace de la resolución: https://ider.gov.co/wp-content/uploads/2023/12/RES.-364-REQUISITOS-OPAS.pdf
A12: 8 | B12: Si los trámites y otros procedimientos identificados en el inventario no están registrados y su norma de creación es posterior al año 2005, presente a Función Pública la solicitud de aprobación del trámite con la Manifestación de Impacto Regulatorio | C12: Solicitud de aprobación del trámite | D12: Oficina de Planeación Dirección General Oficina de Talento Humano | E12: 27 de febrero de 2023 | F12: 3 de marzo de 2023 | G12: 0 | H12: 0 | I12: En este momento no reposa en Función Pública ninguna solicitud de aprobación del trámite con la manifestación de Impacto Regulatorio. | J12: 0 | K12: =(H12+J12) -> 0 | L12: En este momento no reposa en Función Pública ninguna solicitud de aprobación del trámite con la manifestación de Impacto Regulatorio. | M12: 0 | N12: =(K12+M12) -> 0 | O12: No es aplicable presentar esta solicitud a función publica porque ninguno de los trámites y otros procedimientos identificados en el inventario no están registrados y su norma de creación es posterior al año 2005 N/A | P12: 0 | Q12: =(N12+P12) -> 0 | R12: No es aplicable presentar esta solicitud a Función Pública, porque ninguno de los trámites y otros procedimientos identificados en el inventario no están registrados y su norma de creación es posterior al año 2005 N/A.
A13: 9 | B13: Revisión del registro de los trámites y otros procedimientos administrativos en el Sistema Único de Información de Trámites (SUIT) | C13: Trámites y procedimientos registrados en SUIT | D13: Oficina de Planeación Oficina de Sistemas | E13: 27 de febrero de 2023 | F13: 3 de marzo de 2023 | G13: 0.2 | H13: 0.2 | I13: En este trimestre se realizaron los pre- alistamiento necesario como lo son revisiones y ajuste para el registro de los trámites y OPA en el SUIT. | J13: 0 | K13: =(H13+J13) -> 0.2 | L13: En este segundo trimestre del año 2023 , se trabajó en la formalización del empleo y plantas temporales | M13: 0.5 | N13: =(K13+M13) -> 0.7 | O13: Se tiene coordinado con el área de sistema en el último trimestre la Revisión del registro de los trámites y otros procedimientos administrativos en el Sistema Único de Información de Trámites (SUIT) | P13: 0.3 | Q13: =(N13+P13) -> 1 | R13: Se realizo por parte del equipo de planeación la revisión del registro de los trámites y otros procedimientos administrativos en el Sistema Único de Información de Trámites (SUIT).
A14: 10 | B14: Actualizar los trámites en el SUIT en armonía con lo dispuesto en el artículo 40 del Decreto - Ley 019 de 2012 | C14: Trámites y procedimientos actualizados en SUIT | D14: Oficina de Sistemas | E14: 9 de marzo de 2023 | F14: 17 de marzo de 2023 | G14: 0 | H14: 0 | I14: Se realizará en el segundo semestre del año 2023. | J14: 0 | K14: 0 | L14: Se realizará en el segundo semestre del año 2023. | M14: 0.5 | N14: =(K14+M14) -> 0.5 | O14: Se realizó la verificación del cumplimiento con lo dispuesto en el artículo 40 del Decreto - Ley 019 de 2012 con el apoyo del área de Sistema | P14: 0.5 | Q14: =(N14+P14) -> 1 | R14: Se realizó la verificación del cumplimiento con lo dispuesto en el artículo 40 del Decreto - Ley 019 de 2012 con el apoyo del área de Sistema
A15: 11 | B15: Difundir información sobre la oferta institucional de trámites y otros procedimientos en lenguaje claro y de forma permanente a los usuarios de los trámites teniendo en cuenta la caracterización | C15: Campañas de socialización realizadas | D15: Oficina de Planeación Oficina de Talento Humano Oficina de Comunicaciones y Prensa Dirección General | E15: 9 de marzo de 2023 | F15: 17 de marzo de 2023 | G15: 0.25 | H15: 0.25 | I15: Esta información se publica en la página del IDER en la ventana de transparencia y se realiza monitoreo y revisión cada tres meses por parte del equipo de planeación. | J15: 0.25 | K15: =(H15+J15) -> 0.5 | L15: Esta información se publica en la página del IDER en la ventana de transparencia y se realiza monitoreo y revisión cada tres meses por parte del equipo de planeación. | M15: 0.5 | N15: =(K15+M15) -> 1 | O15: Esta información se pública en la página del IDER en la ventana de transparencia y se realiza monitoreo y revisión y se actualiza con una frecuencia trimestral por parte del equipo de planeación en coordinación del área de Sistema | P15: 0 | Q15: =(N15+P15) -> 1 | R15: Esta información se mantiene públicada en la página del IDER en la ventana de transparencia y se realiza monitoreo, revisión y se actualiza con una frecuencia trimestral por parte del equipo de planeación en coordinación del área de Sistema
A16: 12 | B16: Analizar los trámites con mayor frecuencia de solicitud o volúmenes de atención | C16: Informe sobre los trámites más frecuentes | D16: Oficina de Planeación Oficina de Sistemas | E16: 3 de abril de 2023 | F16: 14 de abril de 2023 | G16: 0.25 | H16: 0.25 | I16: Se realizó el seguimiento y se socializará en el mes de mayo de 2023. | J16: 0 | K16: =(H16+J16) -> 0.25 | L16: Se realizará en el segundo semestre del año 2023, diseño y presentación del informe. | M16: 0.5 | N16: =(K16+M16) -> 0.75 | O16: Los análisis con más frecuencia de solicitud están asociados a reconocimiento deportivo e impuestos y espectáculos públicos | P16: 0.25 | Q16: =(N16+P16) -> 1 | R16: Los análisis con más frecuencia de solicitud esta asociado a la estrategia Escuela de Iniciación y Formación Deportiva y la solicitud de prestamos de escenarios deportivos.
A17: 13 | B17: Analizar los trámites con mayor tiempo de respuesta por parte de la entidad | C17: Informe sobre los trámites mayor tiempo de respuesta | D17: Oficina de Planeación Oficina de Sistemas | E17: 3 de abril de 2023 | F17: 3 de abril de 2023 | G17: 0.25 | H17: 0.25 | I17: Se realizó el seguimiento y se socializará en el mes de mayo de 2023. | J17: 0 | K17: =(H17+J17) -> 0.25 | L17: Se realizará en el segundo semestre del año 2023, diseño y presentación del informe. | M17: 0 | N17: =(K17+M17) -> 0.25 | O17: Los que más tiempo de respuesta generan son reconocimiento deportivo puesto que depende de la aprobación de documentos | P17: 0.75 | Q17: =(N17+P17) -> 1 | R17: Los que más tiempo de respuesta generan sigue siendo el tema de reconocimiento deportivo puesto que depende de la aprobación de documentos
A18: 14 | B18: Identificar trámites que facilitan la implementación del Acuerdo de Paz | C18: Informe de clasificación de los trámites | D18: Oficina de Planeación Dirección General | E18: 14 de abril de 2023 | F18: 28 de abril de 2023 | G18: 0 | H18: 0 | I18: Se realizará en el segundo trimestre del año 2023. | J18: 0 | K18: =(H18+J18) -> 0 | L18: Se realizará en el segundo semestre del año 2023. | M18: 0 | N18: =(K18+M18) -> 0 | O18: No es aplicable puesto que No se tiene identificado zonas que estén en conflicto en el Distrito N/A | P18: 0 | Q18: =(N18+P18) -> 0 | R18: No es aplicable puesto que no se tiene identificado zonas que estén en conflicto en el Distrito N/A
A19: 15 | B19: Identificar trámites que están relacionados con las metas de los Planes de Desarrollo (nacionales o territoriales) | C19: Informe de clasificación de los trámites | D19: Oficina de Planeación Dirección General | E19: 14 de abril de 2023 | F19: 28 de abril de 2023 | G19: 0.25 | H19: 0.25 | I19: Se realizaron mesas con recreación y deporte donde se revisaron para la identificación de trámites y OPA relacionados con las metas del Plan de Desarrollo. | J19: 0 | K19: =(H19+J19) -> 0.25 | L19: En este segundo trimestre del año 2023 , se trabajó en la formalización del empleo y plantas temporales | M19: 0.5 | N19: =(K19+M19) -> 0.75 | O19: Todos los OPA Identificados obedece a la oferta Misional y están relacionados con las metas de los Planes de Desarrollo (nacionales o territoriales) | P19: 0.25 | Q19: =(N19+P19) -> 1 | R19: Los OPAS Identificados obedecen a la oferta Misional y están relacionados con las metas de los Planes de Desarrollo (nacionales o territoriales).
A20: 16 | B20: Identificar los trámites que estarán incluidos dentro de los Centros Integrados de Servicio al Ciudadano | C20: Informe de clasificación de los trámites | D20: Oficina de Planeación Dirección Administrativa y Financiera Dirección General | E20: 14 de abril de 2023 | F20: 28 de abril de 2023 | G20: 0.25 | H20: 0.25 | I20: Se realizaron mesas con recreación y deporte donde se revisaron para la identificación de trámites y OPA que estarán incluidos dentro de los Centros Integrados de Servicio al Ciudadano. | J20: 0 | K20: =(H20+J20) -> 0.25 | L20: Se realizará en el segundo semestre del año 2023. | M20: 0.5 | N20: =(K20+M20) -> 0.75 | O20: los OPA identificados todos están incluidos dentro de los Centros Integrados de Servicio al Ciudadano ( NUCLEOS) | P20: 0.25 | Q20: =(N20+P20) -> 1 | R20: Todos los OPAS Identificados están incluidos dentro de los Centros Integrados de Servicio al Ciudadano
A21: 17 | B21: Identificar los trámites que hacen parte de la Ruta de la Excelencia o Mapa de ruta que adelanta el Ministerio de Tecnologías de la Información y las Comunicaciones - DNP y Función Pública | C21: Informe de clasificación de los trámites | D21: Oficina de Planeación Oficina de Sistemas | E21: 2 de mayo de 2023 | F21: 12 de mayo de 2023 | G21: 0 | H21: 0 | I21: Se llevará a cabo en el segundo trimestre año 2023. | J21: 0 | K21: =(H21+J21) -> 0 | L21: Se realizará en el segundo semestre del año 2023. | M21: 0.5 | N21: =(K21+M21) -> 0.5 | O21: Todos los OPA Identificados hacen parte de la Ruta de la Excelencia o Mapa de ruta que adelanta el Ministerio de Tecnologías de la Información y las Comunicaciones - DNP y Función Pública porque están asociados a la generación de valor al ciudadano | P21: 0.5 | Q21: =(N21+P21) -> 1 | R21: Los OPAS Identificados hacen parte de la Ruta de la Excelencia o Mapa de Ruta que adelanta el Ministerio de Tecnologías de la Información y las Comunicaciones - DNP y Función Pública porque están asociados a la generación de valor al ciudadano.
A22: 18 | B22: Identificar los trámites que están relacionados con los indicadores de Doing Business | C22: Informe de clasificación de los trámites | D22: Oficina de Planeación Dirección General | E22: 2 de mayo de 2023 | F22: 12 de mayo de 2023 | G22: 0 | H22: 0 | I22: Se llevará a cabo en el segundo trimestre año 2023. | J22: 0 | K22: =(H22+J22) -> 0 | L22: Se realizará en el segundo semestre del año 2023. | M22: 1 | N22: =(K22+M22) -> 1 | O22: Todos los OPA Identificados están relacionados con los indicadores de Doing Business puesto que facilitan la generación de negocios a los diferentes partes interesadas | P22: 0 | Q22: =(N22+P22) -> 1 | R22: Se identifico que los OPAS guardan relación con los indicadores de Doing Business puesto que facilitan la generación de negocios a los diferentes partes interesadas
A23: 19 | B23: Identificar los trámites con mayor cantidad de quejas, reclamos y denuncias de los ciudadanos | C23: Informe de clasificación de los trámites | D23: Oficina de Planeación Oficina Jurídica | E23: 2 de mayo de 2023 | F23: 12 de mayo de 2023 | G23: 0 | H23: 0 | I23: Se realiza informe en el que se identifican temas recurrentes en las diferentes áreas y se emiten recomendaciones- El primer informe del año será entregado en abril de 2023 (Primer trimestre del año 2023). | J23: 0 | K23: =(H23+J23) -> 0 | L23: Se realizará en el segundo semestre del año 2023. | M23: 0.5 | N23: =(K23+M23) -> 0.5 | O23: Los trámites con mayor cantidad de quejas reconocimiento deportivo e impuestos y espectáculos públicos | P23: 0.5 | Q23: =(N23+P23) -> 1 | R23: Los resultados estadísticos obtenidos durante este periodo muestran que los trámites con mayor cantidad de quejas son reconocimiento deportivo e impuestos y espectáculos públicos.
A24: 20 | B24: Identificar los trámites que requieren mayor atención en razón a su complejidad, costos y afectación de la competitividad, de conformidad con las encuestas aplicadas sobre percepción del servicio a los ciudadanos | C24: Informe de clasificación de los trámites | D24: Oficina de Planeación Dirección Administrativa y Financiera | E24: 2 de mayo de 2023 | F24: 12 de mayo de 2023 | G24: 0 | H24: 0 | I24: Se esta estudiando la posibilidad con la oficina asesora jurídica de definir una metodología para la identificar los trámites que requieren mayor atención en razón a su complejidad, costos y afectación de la competitividad, de conformidad con las encuestas aplicadas sobre percepción del servicio a los ciudadanos | J24: 0 | K24: =(H24+J24) -> 0 | L24: Se realizará en el segundo semestre del año 2023. | M24: 0.5 | N24: =(K24+M24) -> 0.5 | O24: Se obtuvo información que permitió identificar que reconocimiento deportivo e impuestos y espectáculos públicos requieren mayor atención en razón a su complejidad, costos y afectación de la competitividad | P24: 0.5 | Q24: =(N24+P24) -> 1 | R24: Se identifico durante este trimestre que reconocimiento deportivo e impuestos y espectáculos públicos,requieren mayor atención en razón a su complejidad, costos y afectación de la competitividad.
A25: 21 | B25: Analizar e identificar los trámites de la entidad que fueron objeto de observación por parte de las auditorías externas | C25: Informe de observaciones realizadas sobre auditorías internas Planes de mejoramiento | D25: Oficina de Planeación Oficina de Control Interno | E25: 1 de junio de 2023 | F25: 9 de junio de 2023 | G25: 0 | H25: 0 | I25: La Oficina de Control Interno realizará seguimiento al cumplimiento del trimestre(Los primeros quince días siguientes al cumplimiento del trimestre). | J25: 0.5 | K25: =(H25+J25) -> 0.5 | L25: La Oficina de Control Interno realiza seguimiento trimestral así como sus respectivos informes. | M25: 0.5 | N25: =(K25+M25) -> 1 | O25: Mediante informe internos se hacen observaciones a reconocimiento deportivo e impuestos y espectáculos públicos que permiten generar mejoramiento | P25: 0 | Q25: =(N25+P25) -> 1 | R25: A través de informe interno, se hacen observaciones a reconocimiento deportivo e impuestos y espectáculos públicos que permiten generar mejoramiento así mismo lo realizan las auditoria externa.
A26: 22 | B26: Identificar los trámites de mayor tarifa para los usuarios | C26: Informe de clasificación de los trámites | D26: Oficina de Planeación Dirección Administrativa y Financiera | E26: 12 de junio de 2023 | F26: 19 de junio de 2023 | G26: 0.25 | H26: 0.25 | I26: Se trabajó con el equipo de recreación y deporte y se concluyó que estos no generan costos para los usuarios (esta actividad se adelantó de manera parcial con estas áreas). | J26: 0 | K26: =(H26+J26) -> 0.25 | L26: Se realizará en el segundo semestre del año 2023. | M26: 0.5 | N26: =(K26+M26) -> 0.75 | O26: Se identificaron reconocimiento deportivo e impuestos y espectáculos públicos con la mayor tarifa para los usuarios | P26: 0.25 | Q26: =(N26+P26) -> 1 | R26: Reconocimiento Deportivo e Impuestos y Espectáculos Públicos presentan la mayor tarifa para los usuarios.
... A46: 42 | B46: Realizar campañas de difusión y apropiación de las mejoras de los trámites para los usuarios | C46: Campañas de socialización y difusión | D46: Oficina de Comunicaciones y Prensa | E46: 27 de octubre de 2023 | F46: 24 de noviembre de 2023 | G46: 0 | H46: 0 | I46: Se trabajará entre el mes de octubre y noviembre con la oficina de comunicaciones y prensa la estrategia comunicacional que se va ha aplicar para realizar campañas de difusión y apropiación de las mejoras de los trámites para los usuarios | J46: 0 | K46: =(H46+J46) -> 0 | L46: Se trabajará entre el mes de octubre y noviembre con la oficina de comunicaciones y prensa la estrategia comunicacional que se va ha aplicar para realizar campañas de difusión y apropiación de las mejoras de los trámites para los usuarios | M46: 0.5 | N46: =(K46+M46) -> 0.5 | O46: Se tiene diseñada la campaña y esta Se trabajará entre el mes de octubre y noviembre con la oficina de comunicaciones y prensa la estrategia comunicacional que se va ha aplicar para realizar campañas de difusión y apropiación de las mejoras de los trámites para los usuarios | P46: 0.5 | Q46: =(N46+P46) -> 1 | R46: Se realizó campaña en el mes de octubre y noviembre con la Oficina de Comunicaciones y Prensa de difusión y estrátegias que busquen la apropiación de las mejoras de los trámites en los servidores públicos de la entida, responsables de su implementación.
F47: TOTAL | H47: =SUM(H5:H46)/42 -> 0.085714286 | K47: =SUM(K5:K46)/42 -> 0.12142857 | N47: =SUM(N5:N46)/40 -> 0.67625 | Q47: =SUM(Q5:Q46)/40 -> 1
A48: Anexo No.2

Sheet RENDICIÒN DE CUENTAS 
A1: PLAN ANTICORRUPCIÓN Y DE ATENCIÓN AL CIUDADANO 2023 Instituto Distrital de Deporte y Recreación -IDER
A2: 3. COMPONENTE: RENDICION DE CUENTAS
A3: SUBCOMPONENTE | B3: No | C3: ACTIVIDAD | D3: META O PRODUCTO | E3: INDICADOR | F3: PRODUCTO | G3: RESPONSABLE | H3: FECHA PROGRAMADA | K3: % de avance (Ene - Mar) 2023 | L3: % Acumulado (Ene-Mar) 2023 | M3: Observaciones | N3: % de avance (Abril-Jun)2023 | O3: % Acumulado (Ene-Jun 2023) | P3: Observaciones (Abril-Jun 2023) | Q3: % de avance (Jul-Sept)2023 | R3: % Acumulado (Ene-Sept2023) | S3: Observaciones | T3: % de avance (Oct-Dic)2023 | U3: % Acumulado (Ene-Diciembre2023) | V3: Observaciones 2023
H4: Frecuencia | I4: Fecha Inicio | J4: Fecha Final
A5: 1 | B5: 1.1 | C5: Uso permanente de los canales virtuales para dar a conocer la información institucional del Instituto Distrital de Deporte y Recreación-IDER | D5: Canales de comunicación actualizados | E5: Número de registros y/o actividades institucionales publicadas | F5: Canales de comunicación actualizados | G5: Oficina de Comunicaciones y Prensa | H5: Trimestral | I5: 44942 | J5: 45289 | K5: 0.25 | L5: 0.25 | M5: La Oficina de Comunicaciones y Prensa en conjunto con la Oficina de Sistemas, día a dia publican a través de la página web del IDER y las redes sociales cada una de las acciones y actividades realizadas manteniendo informada a la ciudadanía del Distrito de Cartagena de Indias . | N5: 0.25 | O5: =(L5+N5) -> 0.5 | P5: La Oficina de Comunicaciones y Prensa en conjunto con la Oficina de Sistemas, día a dia publican a través de la página web del IDER y las redes sociales cada una de las acciones y actividades realizadas manteniendo informada a la ciudadanía del Distrito de Cartagena de Indias . | Q5: 0.25 | R5: =(O5+Q5) -> 0.75 | S5: La Oficina de Comunicaciones y Prensa en conjunto con la Oficina de Sistemas, día a dia publican a través de la página web del IDER y las redes sociales cada una de las acciones y actividades realizadas manteniendo informada a la ciudadanía del Distrito de Cartagena de Indias . | T5: 0.25 | U5: =(R5+T5) -> 1 | V5: La Oficina de Comunicaciones y Prensa en conjunto con la Oficina de Sistemas, día a dia publican a través de la página web del IDER y las redes sociales cada una de las acciones y actividades realizadas manteniendo informada a la ciudadanía del Distrito de Cartagena de Indias. Contamos con un micrositio donde podemos encontrar todo lo realizado en el año 2023 , a través del siguiente enlace se puede observar toda la información realizada por la Oficina de Comunicaciones y Prensa http://gestion.ider.gov.co/
G7: Oficina de Sistema
B8: 1.2 | C8: Elaborar y publicar el informe de Gestión consolidado de la entidad, para informar, explicar y dar a conocer los avances y resultados de la gestión, a las otras entidades públicas, organismos de control y a la sociedad. | D8: Informe de Gestión consolidado publicado | E8: Número de informes de gestión por dependencia | F8: Informe de Gestión consolidado y publicado en la página web de la Entidad - Link de Transparencia y Acceso a la Información | G8: Dirección de la Entidad | H8: Anual | I8: 44957 | J8: 44957 | K8: 1 | L8: 1 | M8: Se realizó la primera reunión del plan de trabajo para la rendición de cuentas de la vigencia 2022 el día 21 de marzo de 2023 . A la fecha se tiene publicado el Informe de Gestión año 2022estre de la vigencia 2023 en la página web institucional a través del LINK: https://ider.gov.co/wp-content/uploads/2023/03/Informe-de-Gestion-Cierre-2022-20230321.pdf | N8: 1 | O8: =(L8+N8)/2 -> 1 | P8: Se realizó la Audiencia Pública de Rendición de Cuentas de la vigencia 2022, en el segundo trimestre del año 2023 (21 de abril de 2023 ), LINK: https://ider.gov.co/rendicion-de-cuentas-2022/ | Q8: 0 | R8: =O8 -> 1 | S8: Se realizó la Audiencia Pública de Rendición de Cuentas de la vigencia 2022, en el segundo trimestre del año 2023 (21 de abril de 2023 ), LINK: https://ider.gov.co/rendicion-de-cuentas-2022/. Se realizará en esta vigencia otra Audiencia Pública de Rendciión de Cuentas correspondiente al año 2023, el día 13 de diciembre de 2023 . | T8: 1 | U8: =(T8+R8)/2 -> 1 | V8: Se realizó la Audiencia Pública de Rendición de Cuentas de la vigencia 2023,, el día 13 de diciembre de 2023 a través de la plataforma virtual Microsoft Teams . A través del siguiente link podrán observar esta audiencia.:https://ider.gov.co/rendicion-de-cuentas-2023/
G9: Oficina de control Interno
G10: Oficina Asesora de Planeación
G11: Oficina de Sistema
B12: 1.3 | C12: Publicar el informe de los resultados de la ejecución del plan de acción | D12: Reporte Plan de Acción Publicado | E12: Informe Publicado | F12: Reporte Plan de Acción Publicado en el link de Transparencia y Acceso a la Información | G12: Oficina Asesora de Planeación | H12: Trimestral | I12: 44931 | J12: 45289 | K12: 1 | L12: 1 | M12: Se público en página web institucional el Plan de Accion de la vigencia 2022 LINK: https://ider.gov.co/ider/transparencia/planeacion/ejecucion-plan-accion-institucional/ | N12: 1 | O12: =(L12+N12)/2 -> 1 | P12: Se realizó la Audiencia Pública de Rendición de Cuentas de la vigencia 2022, en el segundo trimestre del año 2023 (21 de abril de 2023 ), LINK: https://ider.gov.co/rendicion-de-cuentas-2022/ | Q12: 0 | R12: =O12 -> 1 | S12: Se realizó la Audiencia Pública de Rendición de Cuentas de la vigencia 2022, en el segundo trimestre del año 2023 (21 de abril de 2023 ), LINK: https://ider.gov.co/rendicion-de-cuentas-2022/. Se realizará en esta vigencia otra Audiencia Pública de Rendciión de Cuentas correspondiente al año 2023, el día 13 de diciembre de 2023 . | T12: 1 | U12: =(R12+T12)/2 -> 1 | V12: Se realizó la Audiencia Pública de Rendición de Cuentas de la vigencia 2023,, el día 13 de diciembre de 2023 a través de la plataforma virtual Microsoft Teams . A través del siguiente link podrán observar esta audiencia.:https://ider.gov.co/rendicion-de-cuentas-2023/
G13: Oficina de Sistema
B14: 1.4 | C14: Publicar lel informe del avance de la ejecución presupuestal y contable de la Entidad | D14: Informes Presupuestales y Contables Publicados | E14: Informe Publicados | F14: 12 Reportes Publicados en el Link de Transparencia y Acceso a la Información | G14: Dirección Administrativa y Financiera | H14: Trimestral | I14: 44931 | J14: 45289 | K14: 1 | L14: 1 | M14: Se público en página web institucional la ejecución presupuestal de la vigencia 2022 link: https://ider.gov.co/wp-content7uploads/2023/01/Ejecucion-presupuestal-ingreso-Gasto.pdf | N14: 1 | O14: 1 | P14: Se realizó el seguimiento al segundo trimestre del 2023 , luego se envió por SIGOB el consolidado del primer trimestre vigencia 2023 a la Secretaria de Planeación Distrital , posteriormente se entregará en los diez días del mes de julio de 2023 a la Oficina de Sistema del IDER para que se públicado el Plan de Acción a corte 30 de junio de 2023 a través del link de Transparencia . | Q14: 1 | R14: =(K14+N14+Q14)/3 -> 1 | S14: Se realizó la Audiencia Pública de Rendición de Cuentas de la vigencia 2022, en el segundo trimestre del año 2023 (21 de abril de 2023 ), LINK: https://ider.gov.co/rendicion-de-cuentas-2022/. Se realizará en esta vigencia otra Audiencia Pública de Rendciión de Cuentas correspondiente al año 2023, el día 13 de diciembre de 2023 . | T14: 1 | U14: =(N14+Q14+T14)/3 -> 1 | V14: Se realizó la Audiencia Pública de Rendición de Cuentas de la vigencia 2023,, el día 13 de diciembre de 2023 a través de la plataforma virtual Microsoft Teams . A través del siguiente link podrán observar esta audiencia.:https://ider.gov.co/rendicion-de-cuentas-2023/
G15: Oficina de Sistema
B16: 1.5 | C16: Diseñar y elaborar la estrategia de Rendición de Cuentas del IDER , para que los ciudadanos conozcan la agenda del IDER en la presente vigencia. | D16: Estrategia de Rendición de Cuentas publicada en la página web del IDER | E16: Una estrategia de Rendición de Cuentas publicada en la página web del IDER | F16: Documento digital y anexos | G16: Dirección de la entidad | H16: Anual | I16: 44942 | J16: 45289 | K16: 1 | L16: 1 | M16: El día 22 de marzo se publicó el link de la sección Rendición de Cuentas de la vigencia 2022 en la página web institucional y el formato para la formulación de preguntas Rendición de CuentasAaño 2022. La estrategia Comunicacional de Rendición de Cuentas del IDER, se presentó y se socializó el dia 28 de marzo a la dirección general y el equipo de rendición de cuentas .La estrategia comunicacional y el plan de trabajo de Rendición de Cuentas Año 2022 quedo aprobada en el Comité Institucional de Gestión y Desempeño Estraordinario No.2 del día 29 de marzo de 2023. | N16: 1 | O16: 1 | P16: Se continuó en el mes de abril la estrategia comunicacional de la Rendición de Cuentas Año 2022 asi mismo contamos con todas las evidencias dentro de la Pagína web del IDER.(https://ider.gov.co/rendicion-de-cuentas-2022/) | Q16: 0 | R16: =O16 -> 1 | S16: Se realizó la Audiencia Pública de Rendición de Cuentas de la vigencia 2022, en el segundo trimestre del año 2023 (21 de abril de 2023 ), LINK: https://ider.gov.co/rendicion-de-cuentas-2022/. Se realizará en esta vigencia otra Audiencia Pública de Rendciión de Cuentas correspondiente al año 2023, el día 13 de diciembre de 2023 . | T16: 1 | U16: =(R16+T16)/2 -> 1 | V16: Se realizó la Audiencia Pública de Rendición de Cuentas de la vigencia 2023, el día 13 de diciembre de 2023 a través de la plataforma virtual Microsoft Teams . A través del siguiente link podrán observar esta audiencia.:https://ider.gov.co/rendicion-de-cuentas-2023/
G17: Oficna Asesora de Planeación
G18: Oficina de Comunicaciones y Prensa
G19: Oficina de Sistemas
A20: 2.DISEÑO Y PREPARACIÓN | B20: 2.1 | C20: Conformar y capacitar un equipo lider encargado de realizar los ejercicios de rendición de cuentas al interior de la entidad. | D20: Equipo lider conformado y capacitado | E20: Numero de personas que conformaran el equipo | F20: Acta de capacitación y conformación del equipo lider | G20: Dirección de la entidad | H20: Anual | I20: 44942 | J20: 45289 | K20: 1 | L20: 1 | M20: Se conformó equipo lider encargado de realizar los ejercicios de rendición de cuentas al interior de la entidad, en reunión realizada el dia martes 21 de marzo de 2023, el grupo consta de 13 participantes. | N20: 1 | O20: =(L20+N20)/2 -> 1 | P20: Se continuó con el equipo conformado para la preparación, organización y realización para la Audiencia pública de Rendición de Cuentas Año 2022 | Q20: 0 | R20: =O20 -> 1 | S20: Se realizó la Audiencia Pública de Rendición de Cuentas de la vigencia 2022, en el segundo trimestre del año 2023 (21 de abril de 2023 ), LINK: https://ider.gov.co/rendicion-de-cuentas-2022/. Se realizará en esta vigencia otra Audiencia Pública de Rendciión de Cuentas correspondiente al año 2023, el día 13 de diciembre de 2023 . | T20: 1 | U20: =(R20+T20)/2 -> 1 | V20: Se realizó la Audiencia Pública de Rendición de Cuentas de la vigencia 2023, el día 13 de diciembre de 2023 a través de la plataforma virtual Microsoft Teams . A través del siguiente link podrán observar esta audiencia.:https://ider.gov.co/rendicion-de-cuentas-2023/
G21: Oficna Asesora de Planeación
G22: Oficina de Comunicaciones y Prensa
G23: Oficina de Sistemas
B24: 2.2 | C24: Realizar un encuentro con los funcionarios, contratistas del IDER para dialogar sobre los avances y resultado de la gestión e investigar sobre los temas que deben ser objeto de rendición de cuentas. | D24: Encuentro con funcionarios y contratistas (Modalidad presencial y/o virtual) | E24: Numero de participantes en el encuentro | F24: Acta de encuentro Link de reunión | G24: Oficina Asesora de Planeación | H24: Anual | I24: 44942 | J24: 45289 | K24: 1 | L24: 1 | M24: El día 29 de marzo de 2023 a través de una reunión extraordinarioa No.2 del 29 de marzo de 2023, se presentó, se socializó y se aprobó el Plan de Trabajo de la Rendición de Cuentas y la Estrategía Comunicacional de Rendición de Cuentas Año 2022 además se explico como se va a desarrollar la audiencia pública el día viernes 21 de abril de 2023. | N24: 1 | O24: =(L24+N24)/2 -> 1 | P24: Se continuó con la preparación de la Audiencia Pública de Rendición de Cuentas en el mes de abril hasta que se llevó a cabo el día 21 de abril de 2023. | Q24: 0 | R24: =O24 -> 1 | S24: Se realizó la Audiencia Pública de Rendición de Cuentas de la vigencia 2022, en el segundo trimestre del año 2023 (21 de abril de 2023 ), LINK: https://ider.gov.co/rendicion-de-cuentas-2022/. Se realizará en esta vigencia otra Audiencia Pública de Rendciión de Cuentas correspondiente al año 2023, el día 13 de diciembre de 2023 . | T24: 1 | U24: =(T24+R24)/2 -> 1 | V24: Se realizó la Audiencia Pública de Rendición de Cuentas de la vigencia 2023, el día 13 de diciembre de 2023 a través de la plataforma virtual Microsoft Teams . A través del siguiente link podrán observar esta audiencia.:https://ider.gov.co/rendicion-de-cuentas-2023/
G25: Oficina de Comunicaciones y Prensa
G26: Oficina de Sistema
B27: 2.3 | C27: Realizar un encuentro con los Grupos de valor e interés del IDER para dialogar sobre los avances y resultado de la gestión e investigar sobre los temas que deben ser objeto de rendición de cuentas. | D27: Encuentro con Grupos de Valor e interes. (Modalidad presencial y/o virtual) | E27: Numero de participantes en el encuentro | F27: Acta de encuentro Link de reunión | G27: Oficina Asesora de Planeación | H27: Anual | I27: 44942 | J27: 45289 | K27: 1 | L27: 1 | M27: Se aprovecho la agenda pública de la construcción de la Politica Pública del Deporte y Recreación donde se recogió para recoger opiniones e inquitudes de los grupos de valor y definir con estos temas prioritarios para la rendición de cuentas.. | N27: 1 | O27: =(L27+N27)/2 -> 1 | P27: En la Audiencia Pública de Rendición de Cuentas de vigencia 2022 , asistieron nuestros grupos de valor donde participación en la sección de preguntas y también pudieron participar nuestros grupos de valor por la plataforma Microsoft Teams donde se desarrollaron preguntas e inquietudes de nuestras actividades. | Q27: 0 | R27: =O27 -> 1 | S27: Se realizó la Audiencia Pública de Rendición de Cuentas de la vigencia 2022, en el segundo trimestre del año 2023 (21 de abril de 2023 ), LINK: https://ider.gov.co/rendicion-de-cuentas-2022/. Se realizará en esta vigencia otra Audiencia Pública de Rendciión de Cuentas correspondiente al año 2023, el día 13 de diciembre de 2023 . | T27: 1 | U27: =(R27+T27)/2 -> 1 | V27: Se realizó la Audiencia Pública de Rendición de Cuentas de la vigencia 2023, el día 13 de diciembre de 2023 a través de la plataforma virtual Microsoft Teams . A través del siguiente link podrán observar esta audiencia.:https://ider.gov.co/rendicion-de-cuentas-2023/
G28: Oficina de Comunicaciones
G29: Oficina de Sistema
A30: 3. EJECUCIÓN | B30: 3.1 | C30: Realizar campañas de sensibilización en materia de rendición de cuentas y participación ciudadanía a los servidores y contratistas del Instituto | D30: Campañas de sensibilización realizadas | E30: 2 campaña de sensibilización realizada | F30: Elementos de la campaña de sensibilización (Videos, piezas comunicacionales, publicaciones en redes sociales, otros). | G30: Oficina de Comunicaciones y Prensa | H30: semestral | I30: 44942 | J30: 45289 | K30: 0 | L30: 0 | M30: Se tiene programado para el segundo trimestre (ABRIL)realizar otros productos como videos, piezas gráficas y tarjetas de invitación en los días previos a la audiencia pública de rendición de cuentas. | N30: 1 | O30: =(L30+N30) -> 1 | P30: Se realizaron en la primera semana del mes de abril los videos, piezas gráficas y tarjetas de invitación para Audiencia Pública de Rendición de Cuentas. | Q30: 0 | R30: =O30 -> 1 | S30: Se realizó la Audiencia Pública de Rendición de Cuentas de la vigencia 2022, en el segundo trimestre del año 2023 (21 de abril de 2023 ), LINK: https://ider.gov.co/rendicion-de-cuentas-2022/. Se realizará en esta vigencia otra Audiencia Pública de Rendciión de Cuentas correspondiente al año 2023, el día 13 de diciembre de 2023 . | T30: 1 | U30: =(R30+T30)/2 -> 1 | V30: Se realizó la Audiencia Pública de Rendición de Cuentas de la vigencia 2023, el día 13 de diciembre de 2023 a través de la plataforma virtual Microsoft Teams . A través del siguiente link podrán observar esta audiencia.:https://ider.gov.co/rendicion-de-cuentas-2023/, se cumplieron con todas las etapa del proceso de Rendición de Cuentas, Por lo anterior anexo el cronograma con las etapas de la realización de la audiencia pública https://ider.gov.co/wp-content/uploads/2023/12/CRONOGRAMA-DE-RENDICION-DE-CUENTAS-ANO-2023-AJUSTADO-20231204.xlsx
B31: 3.2 | C31: Realizar campañas de sensibilización en materia de rendición de cuentas y participación ciudadanía a usuarios y grupos de interés | D31: Campañas de sensibilización realizadas | E31: Dos (2) de campañas de sensibilizaciones realizadas | F31: Elementos de la campaña de sensibilización (Videos, piezas comunicacionales, publicaciones en redes sociales, otros). | G31: Oficina de Comunicaciones y Prensa | H31: semestral | K31: 0.5 | L31: 0.5 | M31: Durante este primer trimestre se realizaron y publicaron dos piezas gráficas sobre la audiencia pública de rendición de cuentas. | N31: 0.5 | O31: =(L31+N31) -> 1 | P31: Se continuaron las publicaciones de la Audiencia Pública de Rendición de Cuentas en el mes de abril de 2023 y se complementaron con los nuevas realizadas en el mes de abril. | Q31: 0 | R31: =O31 -> 1 | T31: 1 | U31: =(R31+T31)/2 -> 1
D32: Video Institucional divulgado a través de los canales de información del Instituto | E32: U (1) Video Institucional divulgado a través de los canales de comunicación del IDER
B33: 3.3 | C33: Realizar la Audiencia Pública de Rendición del IDER. | D33: Documento Informe de Rendición de cuentas de la Entidad. | E33: Audiencia Pública de Rendición de Cuentas | F33: Documento Informe de Rendición de cuentas de la Entidad. | G33: Dirección de la Entidad | H33: Anual | I33: 44942 | J33: 45289 | K33: 0 | L33: 0 | M33: La Rendición de Cuentas se realizará el día 21 de abril de 9:00 am a 1:00 pm. | N33: 1 | O33: =(L33+N33) -> 1 | P33: La Rendición de Cuentas se realizo el día 21 de abril de 9:00 am a 1:00 pm. | Q33: 0 | R33: =O33 -> 1 | S33: Se realizó la Audiencia Pública de Rendición de Cuentas de la vigencia 2022, en el segundo trimestre del año 2023 (21 de abril de 2023 ), LINK: https://ider.gov.co/rendicion-de-cuentas-2022/. Se realizará en esta vigencia otra Audiencia Pública de Rendciión de Cuentas correspondiente al año 2023, el día 13 de diciembre de 2023 . | T33: 1 | U33: =(R33+T33)/2 -> 1 | V33: Se realizó la Audiencia Pública de Rendición de Cuentas de la vigencia 2023, el día 13 de diciembre de 2023 a través de la plataforma virtual Microsoft Teams . A través del siguiente link podrán observar esta audiencia.:https://ider.gov.co/rendicion-de-cuentas-2023/
F34: Presentación de Rendición de cuentas de la Entidad | G34: Oficina de Comunicaciones y Prensa
F35: Respuesta a los interrogantes del foro de la Entidad. | G35: Oficina Asesora de Planeación
A36: 4. SEGUIMIENTO | B36: 4.1 | C36: Realizar seguimiento a las acciones adelantadas en la Rendición de Cuentas de la vigencia, dentro del seguimiento al Plan de Anticorrupción y Atención al Ciudadano, a través de las tres líneas de Defensa. | D36: Informe de evaluación de las acciones realizadas en la estrategia de rendición de cuentas. | E36: Número de informes de evaluación elaborados | F36: Informe de Evaluación | G36: Dirección de la Entidad | H36: Trimestral | I36: 44942 | J36: 45289 | K36: 0 | L36: 0 | M36: La Oficina Asesora de Planeación realizará un informe sobre la rendición de cuentas a la dirección posteriormente la Oficina de Control Interno realizará un informe sobre la evaluación de las acciones adelantadas en la audiencia pública de rendición de cuentas | N36: 1 | O36: =(L36+N36) -> 1 | P36: La Oficina de Planeación envió evidencias pendientes de la Audiencia Pública de Rendición de Cuentas de la vigencia 2023 a la Oficina de Sistemas para que fueran publicadas n el link de Rendición de Cuentas año 2022 , en cuanto al informe de Oficina de Control Interno quedó realizadó y sera publicado la tercera semana del mes de agosto de 2023. | Q36: 1 | R36: =(O36+Q36)/2 -> 1 | S36: El informe de Oficina de Control Interno dio cumplimento al seguimiento de la Audiencia Pública de Rendición de Cuentas del año 2022, el cual será públicado antes que termine el mes de octubre de 2023. | T36: 1 | U36: =(R36+T36)/2 -> 1 | V36: El informe de Oficina de Control Interno dio cumplimento al seguimiento de la Audiencia Pública de Rendición de Cuentas del año 2023, el cual será públicado , En la primera semana del mes de enero de 2024.
G37: Oficina de Control Interno
G38: Oficina Asesora de Planeación
J39: TOTAL | L39: =SUM(L5:L38)/12 -> 0.64583333 | O39: =SUM(O5:O38)/12 -> 0.95833333 | R39: =SUM(R5:R38)/12 -> 0.97916667 | U39: =SUM(U5:U38)/12 -> 1
A40: AnexoN.3

Sheet ATENCIÒN AL CIUDADANO
A1: PLAN ANTICORRUPCIÓN Y DE ATENCIÓN Al CIUDADANO 2023 Instituto Distrital de Deporte y Recreación - IDER
A2: 4. COMPONENTE: MECANISMOS PARA MEJORAR LA ATENCIÓN A LA CIUDADANÍA | H2: FECHA PROGRAMADA | K2: SEGUIMIENTO
A3: SUBCOMPONENTE | B3: No | C3: ACTIVIDAD | D3: META | E3: INDICADOR | F3: PRODUCTO | G3: RESPONSABLE | H3: FRECUENCIA | I3: FECHA INICIO | J3: FECHA FINAL | K3: % de avance (Ene - Mar) 2023 | L3: % Acumulado (Ene - Mar) 2023 | M3: Observaciones | N3: % de avance (Abril-Jun) 2023 | O3: % Acumulado (Ene - Jun) 2023 | P3: Observaciones | Q3: % de avance (Jul-Sept) 2023 | R3: % Acumulado (Ene - Sept) 2023 | S3: Observaciones 2023 | T3: % de avance (Oct-Dic) 2023 | U3: % Acumulado (Ene - Dic) 2023 | V3: Observaciones 2023
A5: 1. Talento Humano | B5: 1.1 | C5: Realizar capacitaciones temáticas relacionadas con el mejoramiento al servicio al ciudadano | D5: Capacitaciones en mejoramiento al servicio al ciudadano | E5: Dos (2) capacitaciones en el mejoramiento al servicio al ciudadano | F5: Listados de Asistencia | G5: Direccción Administrativa y Financiera (Oficina del Talento Humano) | H5: Semestral | I5: 44563 | J5: 45289 | K5: 0 | L5: 0 | M5: Se tiene programado realizar capacitaciones relacionadas con el mejoramiento al servicio al ciudadano en el segundo trimestre del 2023. | N5: 0 | O5: 0 | P5: Se tiene programado realizar capacitaciones relacionadas con el mejoramiento al servicio al ciudadano en el segundo semestre del 2023. | Q5: 1 | R5: =(Q5+N5+K5) -> 1 | S5: En este trimestre se realizaron dos (2) capacitaciones relacionada al mejoramiento al servicio al ciudadano | T5: 0 | U5: =(T5+Q5+N5) -> 1 | V5: En este trimestre anterior se realizaron dos (2) capacitaciones relacionada al mejoramiento al servicio al ciudadano
F6: Documentos y fotos de la capacitación
B7: 1.3 | C7: Realizar capacitaciones de la ley 1712 de 2014 | D7: Capacitaciones en ley 1712 | E7: 1 capacitaciones en Ley 1712 de 2014 | F7: Listados de Asistencia | G7: Direccción Administrativa y Financiera (Oficina del Talento Humano) | H7: Anual | I7: 44928 | J7: 44928 | K7: 0 | L7: 0 | M7: Se tiene programado realizar la capacitación en el segundo trimestre del 2023. | N7: 0 | O7: 0 | P7: Se tiene programado realizar la capacitación en el segundo semestre del 2023. | Q7: 0.5 | R7: =(Q7+N7+K7) -> 0.5 | S7: Dentro del Comité Institucional de Gestión y Desempeño, se sensibiliza y fortalece la aplicación de la Ley 1712 de 2014" Derecho de acceso a la infromación pública, los procedimietos para el el ejercicio y garantía del derecho y las excepciones a la publicidad de información asi como realizamos la actualización de la página web del IDER de manera constante. | T7: 0.5 | U7: =(T7+Q7+N7) -> 1 | V7: Dentro del Comité Institucional de Gestión y Desempeño, se sensibiliza y fortalece la aplicación de la Ley 1712 de 2014" Derecho de acceso a la infromación pública, los procedimietos para el el ejercicio y garantía del derecho y las excepciones a la publicidad de información asi como realizamos la actualización de la página web del IDER de manera constante.
F8: Documentos y fotos de la capacitación | G8: Oficina Asesora Júridica
B9: 1.4 | C9: Realizar una jornada de sensibilización a los funcionarios y contratistas, orientadas al conocimiento de como debe ser la calidad del servicio (Accesibilidad en la información, claridad en la respuesta, oportunidad, calidez en la atención, transparencia , pertinencia, lenguaje claro, Buenas prácticas en servicio al ciudadano) ciudadano. | D9: Capacitaciones en la calidad del servicio al ciudadano | E9: Dos (2) jornadas de senbilización a los funcionarios y contratistas del IDER | F9: Listados de Asistencia | G9: Direccción Administrativa y Financiera (Oficina del Talento Humano) | H9: Semestral | I9: 44928 | J9: 45289 | K9: 0.5 | L9: 0.5 | M9: En el mes de enero y febrero se realizaron jornadas de inducción y sensibilización a los funcionarios y contratistas de las siguientes áreas: Juridica, recreación, comunicaciones y prensa, deporte orientadas al conocimiento de como debe ser la calidad del servicio | N9: 0.5 | O9: =(L9+N9) -> 1 | P9: En el mes de junio se realizó jornada de sensibilización de nuestro procesos de MIPG- encuesta FURAG año 2022 con los lideres de cada una de las politicas . | Q9: 0 | R9: =(N9+K9) -> 1 | S9: Es importante resaltar que en el desarrollo de los comites institucionales de gestión y desempeñ, se trabaja en la transparencia y en el derecho de acceso a la información del instituto, en conjunto con la Oficina de Sistemas y la Oficina de Comunicaciones y Prensa. | T9: 0 | U9: =(T9+Q9+N9+K9) -> 1 | V9: Se trabajó desde la Oficina Asesora de Planeación, con las Oficinas de Deportes y Recreación, la Política de Racionalización de Trámite asi como esta influye en los procesos de manera transparente y ayudan a que las persoans puedan tener acceso a los servicios prestados por el IDER a la ciudadanía.
F10: Documentos y fotos de la capacitación | G10: Oficina de Comunicaciones y Prensa
A11: 2. Fortalecimiento | B11: 2.1 | C11: Promocionar el Código de Integridad con nuestros grupos de interés o de valor | D11: Campañas de promoción del Código de Integridad | E11: Dos (2) campañas realizadas sobre promoción del Código de Integridad | F11: Piezas comunicacionales | G11: Dirección Administrativa y Financiera (Oficina de Talento Humano) | H11: Semestral | I11: 44928 | J11: 45289 | K11: 0.25 | L11: 0.25 | M11: Se aprobó en CIGD Ordinario No. 001 del 2023 , los Planes de Talento Humano donde se encuetra contenido el Código de Integridad, se envio a los correo electrónicos de los miembros del CIGD para su aprobación y posterior a esto se público en página web institucional además se cuenta con un grupo de integridad. Se espera iniciar las actividades de promoción en el segundo trimestre del 2023. | N11: 0.25 | O11: =(L11+N11) -> 0.5 | P11: En este segundo trimestre se realizó reunión del Grupo de Integridad donde se fijaron los responsables y las actividads a desarrollar en el segundo semestre del año 2023. | Q11: 0.4 | R11: =(O11+Q11) -> 0.9 | S11: En este tercer trimestre se realizo reunion del grupo de integridad y se concreto toda la programacon y desarrollo del Código de Integridad y las actividades de los valores que finaliza el próximo 3 de noviembre. | T11: 0.1 | U11: =(R11+T11) -> 1 | V11: Se realizó con el apoyo de las áreas , la sensibilización e interiorización de los valores del Código de Integridad. Las áreas llevaron a cabo diferentes actividades con la finalidad que los funcionarios y contratistas afianzaran los valores. Por lo cual anexo el enlace de las actividades: https://ider.gov.co/ider/bienestar-institucional/
B12: 2.3 | C12: Presentar informe de PQRSD a la Dirección del IDER y publicar en la página web del IDER | D12: Informes realizados | E12: Informes trimestrales presentados | F12: Informe realizado y publicado | G12: Oficina Asesora Jurídica | H12: Trimestral | I12: 44928 | J12: 45289 | K12: 0.25 | L12: 0.25 | M12: Este informe se presenta y se socializa trimestralmente, posteriormente se publica en la página web del IDER. | N12: 0.25 | O12: =(L12+N12) -> 0.5 | P12: Este informe se realiza, se presenta y se socializa trimestralmente, posteriormente se pública en la página web del IDER. | Q12: 0.25 | R12: =(O12+Q12) -> 0.75 | S12: Este informe se realiza, se presenta y se socializa trimestralmente, posteriormente se pública en la página web del IDER. | T12: 0.25 | U12: =(R12+T12) -> 1 | V12: Este informe se realiza, se presenta y se socializa trimestralmente, posteriormente se pública en la página web del IDER. Anexo: Informes de PQRSD: https://ider.gov.co/ider/transparencia/instrumentos-de-gestion-de-informacion-publica/informes-peticiones-quejas-reclamos-denuncias-y-solicitudes-de-acceso-a-la-informacion/
B13: 2.4 | C13: Crear el equipo de atención al ciudadano . | D13: Equipo creado | E13: 1 reunión trimestral del equipo de atención al ciudadano | F13: Actas de las reuniones y fotos | G13: Dirección Administrativa y Financiera (Oficina de Talento Humano) | H13: Trimestral | I13: 44928 | J13: 45289 | K13: 0 | L13: 0 | M13: Se espera llevar a cabo la primera mesa de trabajo antes de finalizar el primer semestre de la vigencia 2023. | N13: 0 | O13: 0 | P13: Se tiene programado para el segundo semestre del año 2023. | Q13: 0 | R13: =(O13+Q13) -> 0 | S13: Se tiene programado para el cuarto trimestre del año 2023. | T13: 1 | U13: =(R13+T13) -> 1 | V13: Hay un equipo interdisiciplinario de la Dirección Administrativa y Financiera. que trabaja en los procesos de atención al ciudadano
B14: 2.5 | C14: Divulgar a través de los canales de comunicación del IDER los trámites de la entidad | D14: Informe realizado | E14: 1 informe realizado | F14: Informe realizado | G14: Oficina de Comunicaciones y Prensa | H14: Anual | I14: 44928 | J14: 45289 | K14: 0.25 | L14: 0.25 | M14: Los tramites y los OPAS del instituto se encuentran divulgados y publicados en la página web . | N14: 0.25 | O14: =(L14+N14) -> 0.5 | P14: Los tramites y los OPAS del instituto se encuentran divulgados y publicados en la página web y a través de videos en nuestras redes sociales . | Q14: 0.25 | R14: =(O14+Q14) -> 0.75 | S14: Los tramites y los OPAS del instituto se encuentran divulgados y publicados en la página web y a través de videos en nuestras redes sociales . | T14: 0.25 | U14: =(R14+T14) -> 1 | V14: Se logró, con el apoyo del área de sistema registrar cinco (5) OPAS a la estrategia de Racionalización de Trámite en el Sistema Único de Información de Trámites - SUIT
G16: Oficina de Sistemas
B17: 2.6 | C17: Realizar una consulta de percepciòn ciudadana para identificar oportunidades de mejora a través de la página web del iIDER. | D17: Consulta de Percepcción Ciudadana realizada | E17: Una(1) Consulta de Percepcción Ciudadana realizada | F17: Documento digital | G17: Equipo de Atención al Ciudadano | H17: Anual | I17: 44928 | J17: 45289 | K17: 0 | L17: 0 | M17: Se tiene programado para el segundo trimestre del año | N17: 0 | O17: 0 | P17: Se tiene programado para el segundo semestre del año 2023. | Q17: 0 | R17: 0 | S17: Se tiene programado para el cuarto trimestre del año 2023. | T17: 1 | U17: =(T17+Q17+N17+K17) -> 1 | V17: Se realizó en el mes de diciembre de 2023, como se podrán observar a través del siguiente enlace: https://forms.office.com/pages/responsepage.aspx?id=PiVgcdTnIEuHtGf14D0gDP-ChFWKa5JGoEQbwSmmZvBUOEVUVkpSNFQxS0RNVjRYSjhOV1hQVUZYRC4u
G18: Oficina de Comunicaciones y Prensa
G19: Oficina Asesora de Planeación
A20: 3. Normatividad | B20: 3.1 | C20: Publicar los derechos y deberes de los ciudadanos en la página web del IDER. | D20: Visibilización de la informaciòn | E20: Documento publicado | F20: Documentos digitales | G20: Equipo de Atención al Ciudadano | H20: Anual | I20: 44928 | J20: 45289 | K20: 1 | L20: 1 | M20: Se encuentra publicada en la Carta de Trato Digno al Ciudadano, LINK:https://ider.gov.co/ider/transparencia/ | N20: 0 | O20: =(L20+N20) -> 1 | P20: Se encuentra publicada en la Carta de Trato Digno al Ciudadano https://ider.gov.co/wp-content/uploads/2022/09/Carta_trato_digno.pdf | Q20: 0 | R20: =(O20+Q20) -> 1 | S20: Se encuentra publicada en la Carta de Trato Digno al Ciudadano https://ider.gov.co/wp-content/uploads/2022/09/Carta_trato_digno.pdf | T20: 0 | U20: =(R20+T20) -> 1 | V20: Se encuentra publicada en la Carta de Trato Digno al Ciudadano https://ider.gov.co/wp-content/uploads/2022/09/Carta_trato_digno.pdf
G21: Oficina de Comunicaciones y Prensa
G22: Oficina de Sistema
B23: 3.2 | C23: Realizar la Política de Servicio al Ciudadano y el Protocolo de Atención al Ciudadano. | D23: Política de Servicio al Ciudadano realizada | E23: 1 documento elaborado | F23: Documento digital | G23: Dirección Administrativa Administrativa y Financiera | H23: Anual | I23: 44928 | J23: 45289 | K23: 0 | L23: 0 | M23: Se espera llevar a cabo la primera mesa de trabajo antes de finalizar el primer semestre de la vigencia 2023. | N23: 0.25 | O23: =(L23+N23) -> 0.25 | P23: Se tiene programado para el segundo semestre del año 2023. De parte de la oficna Asesora de Planeación del IDER se adelantado parte de este tema. | Q23: 0.6 | R23: =(O23+Q23) -> 0.85 | S23: Se adelanto entre la Oficina de Sistema y la Oficina Asesora de Planeación , la Estrategia de Participación Ciudadana dentro de la cual se encuentra la atención a la ciudadania. | T23: 0.15 | U23: =(R23+T23) -> 1 | V23: Se continua trabajando entre la Oficina de Sistema y la Oficina Asesora de Planeación , la Estrategia de Participación Ciudadana dentro de la cual se encuentra la atención a la ciudadania
D24: Protocolo de atención al ciudadano realizado | E24: 1 documento elaborado | F24: Documento digital
A25: 4. Relacionamiento | B25: 4.2 | C25: Socializaciòn a los diferentes grupos de interès o de valor del proceso de atenciòn al ciudadano como los horarios, trámites y servicios | D25: Socialización realizada | E25: Una (1) Socialización realizada | F25: Listado de asistencia | G25: Dirección Administrativa Administrativa y Financiera | H25: Anual | I25: 44928 | J25: 45289 | K25: 0.5 | L25: 0.5 | M25: En la página web del IDER encontramos los horarios, trámites y servicios que presta el instituto a la ciudadanía.Se encuentra actualizada. | N25: 0.5 | O25: =(K25+N25) -> 1 | P25: En la página web del IDER encontramos los horarios, trámites y servicios que presta el instituto a la ciudadanía.Se actualiza la página web de manera periódica. | Q25: 0.5 | R25: =(Q25+O25)/2 -> 0.75 | S25: En la página web del IDER encontramos los horarios, trámites y servicios que presta el instituto a la ciudadanía.Se actualiza la página web de manera periódica. | T25: 0.25 | U25: =(T25+R25) -> 1 | V25: En la página web del IDER encontramos los horarios, trámites y servicios que presta el instituto a la ciudadanía.Se actualiza la página web de manera periódica.
J26: TOTAL | L26: =SUM(L5:L25)/12 -> 0.22916667 | O26: =SUM(O5:O25)/12 -> 0.39583333 | R26: =SUM(R5:R25)/12 -> 0.625 | U26: =SUM(U5:U25)/12 -> 0.91666667
A27: Anexo No.4
B29: Nota: En este tercer trimestre se hizo ajuste en el indicador 2.5 , porque este procesos se realiza constantemente

Sheet TRANSP. Y ACCESO A LA INFOR.
A1: PLAN ANTICORRUPCIÓN Y DE ATENCIÓN AL CIUDADANO 2023 Instituto de Deporte y Recreación-IDER
A2: COMPONENTE 5. TRANSPARENCIA Y ACCESO A LA INFORMACIÓN PÚBLICA | I2: SEGUIMIENTO
A3: SUBCOMPONENTE | B3: ACTIVIDADES | D3: PRODUCTO | E3: RESPONSABLE | F3: FECHA PROGRAMADA | I3: % de avance (Ene - Mar) | J3: % Acumulado (Ene - Mar) | K3: Observaciones | L3: % de avance (Abril-Jun) | M3: % Acumulado (Ene-Jun) | N3: Observaciones | O3: % de avance (Jul-Sept) | P3: % Acumulado (Ene-Sept) | Q3: Observaciones | R3: % de avance (Oct-Dic) | S3: % Acumulado (Ene-Dic ) | T3: Observaciones
F4: FRECUENCIA | G4: FECHA INICIO | H4: FECHA FINAL
A5: 1. Transparencia Activa | B5: 1.1 | C5: Publicación y actualización constante de la información mínima en el link "Transparencia y acceso a la información pública" | D5: Link actualizado | E5: Oficina de Sistemas | F5: Trimestral | G5: 44928 | H5: 45289 | I5: 0.25 | J5: 0.25 | K5: Se realiza publicación y actualización constante de la información mínima en el link "Transparencia y Acceso a la Información Pública" LINK:https://ider.gov.co/ider/transparencia/ | L5: 0.25 | M5: =(J5+L5) -> 0.5 | N5: Se realiza publicación y actualización constante de la información mínima en el link "Transparencia y Acceso a la Información Pública" LINK:https://ider.gov.co/ider/transparencia/ | O5: 0.25 | P5: =(M5+O5) -> 0.75 | Q5: Se realiza publicación y actualización constante de la información mínima en el link "Transparencia y Acceso a la Información Pública" LINK:https://ider.gov.co/ider/transparencia/ Con una periodicidad trimestral | R5: 0.25 | S5: =(P5+R5) -> 1 | T5: Se realiza publicación y actualización constante de la información mínima en el link "Transparencia y Acceso a la Información Pública" LINK:https://ider.gov.co/ider/transparencia/ Con una periodicidad trimestral
B6: 1.2 | C6: Actualizar la información de la Dirección Administrativa y Financiera en el página Web del IDER, año 2023 | D6: Información Publicada | E6: Dirección Administrativa y Financiera (Presupuesto y Contabilidad) | F6: Trimestral | G6: 44928 | H6: 45289 | I6: 0.25 | J6: 0.25 | K6: El 31 de enero de 2023 se publicaron en la página web Institucional, estados financieros y notas contables a corte 31 de diciembre de la vigencia 2022. Se publicaran los primeros 15 dias hábiles del mes de abril de 2023 estados financieros y notas contables a corte marzo del 2023 LINK:https://ider.gov.co/ider/.transparencia/presupuesto/estados-finanacieros/ | L6: 0.25 | M6: =(J6+L6) -> 0.5 | N6: Se publicaron en el mes de abril los estados finanacieros y notas contables del 31 de marzo de 2023 y en los primeros 15 días hábiles de julio de 2023, se publicaran en la página web del IDER los estados financieros y notas contables del segundo trimestre del año 2023. | O6: 0.25 | P6: =(M6+O6) -> 0.75 | Q6: Se publicaron los estados financieros y notas contables a corte 30 de septiembre de 2023 en la página web del IDER . | R6: 0.25 | S6: =(P6+R6) -> 1 | T6: Se publicaran los estados financieros y notas contables a corte 31 de diciembre de 2023 en la página web del IDER (Primera semana de enero de 2024).
B7: 1.3 | C7: Actualizar la información de planeación en el página Web del IDER, año 2023 | D7: Información Publicada | E7: Oficina Asesora de Planeación | F7: Trimestral | G7: 44928 | H7: 45289 | I7: 0.25 | J7: 0.25 | K7: La información de planeación se encuentra actualizada en el página Web del IDER, año 2023 | L7: 0.25 | M7: =(J7+L7) -> 0.5 | N7: La información de planeación se encuentra actualizada en el página Web del IDER, año 2023 | O7: 0.25 | P7: =(M7+O7) -> 0.75 | Q7: La información de planeación se encuentra actualizada en el página Web del IDER, año 2023 | R7: 0.25 | S7: =(P7+R7) -> 1 | T7: La información de planeación se encuentra actualizada en el página Web del IDER, año 2023
B8: 1.4 | C8: Actualizar la información de los perfiles de los funcionarios, publicada en Portal Web de la Entidad. | D8: Información de los perfiles de los funcionarios, actualizada en el página Web del IDER (100%) | E8: Oficina de Sistemas | F8: Anual | G8: 44928 | H8: 45289 | I8: 1 | J8: 1 | K8: La información de los perfiles de los funcionarios, se encuentran actualizados. | L8: 1 | M8: =(J8+L8)/2 -> 1 | N8: Se realiza la actualización de acuerdo a cualquier variación de la planta de personal del IDER: | O8: 1 | P8: =(I8+L8+O8)/3 -> 1 | Q8: Se realiza la actualización de acuerdo a cualquier variación de la planta de personal del IDER: | R8: 1 | S8: =(L8+O8+R8)/3 -> 1 | T8: Se realiza la actualización de acuerdo a cualquier variación de la planta de personal del IDER:
B9: 1.5 | C9: Actualizar la información de los funcionarios en sus Hojas de Vida a través de la plataforma SIGEP | D9: Hojas de Vida de los funcionarios actualizadas | E9: Oficina de Talento Humano | F9: Anual | G9: 44928 | H9: 45289 | I9: 1 | J9: 1 | K9: La información de los funcionarios en sus Hojas de Vida se encuentra actualizada y en plataforma SIGEP | L9: 0.7 | M9: =(L9+I9)/2 -> 0.85 | N9: Se realiza de manera períodica falta personal de planta por actualizar la declaeración de bienes y rentas vigencia 2022. | O9: 1 | P9: =(M9+O9)/2 -> 0.925 | Q9: Las hojas de vida del personal se encuentran actualizadas y publicadas en la plataforma SIGEP | R9: 1 | S9: =(P9+R9)/2 -> 0.9625 | T9: Las hojas de vida del personal se encuentran actualizadas y publicadas en la plataforma SIGEP asi com o las hojas de vida de los contratistas del instituto.
B10: 1.6 | C10: Publicar seguimiento del Plan Anticorrupción y atención al ciudadano | D10: Información Publicada | E10: Oficina Asesora de Planeación | F10: Trimestral | G10: 44928 | H10: 45289 | I10: 0.25 | J10: 0.25 | K10: El Plan Anticorrupcción se realizó seguimiento al primer trimestre de la vigencia 2023 , el cual se publicará a mediados del mes de abril de 2023. | L10: 0.25 | M10: =(J10+L10) -> 0.5 | N10: El Plan Anticorrupcción se realizó seguimiento al segundo trimestre de la vigencia 2023 y su seguimineto se publicará a mediados del mes de julio de 2023. | O10: 0.25 | P10: =(M10+O10) -> 0.75 | Q10: El Plan Anticorrupcción se realizó seguimiento al tercer trimestre de la vigencia 2023 y su seguimiento se publicará a mediados del mes de octubre de 2023. | R10: 0.25 | S10: =(P10+R10) -> 1 | T10: El Plan Anticorrupcción se realizó seguimiento al cuarto trimestre de la vigencia 2023 y su seguimiento se publicará en la primera semana del mes de enero de 2024.
B11: 1.7 | C11: Actualizar los Planes de Mejoramiento de auditorías de los Órganos de control en Portal Web de la Entidad. | D11: Planes de Mejoramiento de auditorías de los órganos de control actualizados en el Página Web del la IDER(100%). | E11: Oficina de Control Interno | F11: Anual | G11: 44928 | H11: 45289 | I11: 0.25 | J11: 0.25 | K11: La oficina de Control Interno realiza seguimiento al cumplimiento del trimestre, los primeros diez dias hábiles siguientes al cumplimiento del trimestre. | L11: 0.25 | M11: =(J11+L11) -> 0.5 | N11: La oficina de Control Interno realiza seguimiento al cumplimiento del trimestre, los primeros diez dias hábiles siguientes al cumplimiento del trimestre. | O11: 0.25 | P11: =(M11+O11) -> 0.75 | Q11: La oficina de Control Interno realiza seguimiento al cumplimiento del trimestre, los primeros diez dias hábiles siguientes al cumplimiento del trimestre. | R11: 0.25 | S11: =(P11+R11) -> 1 | T11: La oficina de Control Interno realiza seguimiento al cumplimiento del trimestre, los primeros diez dias hábiles siguientes al cumplimiento del trimestre.
B12: 1.8 | C12: Promover campañas institucionales de prevención de la corrupción y promoción de la transparencia en la Entidad. | D12: (2) Dos Campañas institucionales de prevención de la corrupción y promoción de la transparencia en el IDER. | E12: Oficina de Comunicaciones y Prensa | F12: Semestral | G12: 44928 | H12: 45289 | I12: 0.25 | J12: 0.25 | K12: Se realizan campañas institucionales de prevención de la corrupción y promoción de la transparencia en la entidad internamente de manera trimestral mediante el seguimeinto la Plan Anticorupción de la entidad. | L12: 0.25 | M12: =(J12+L12) -> 0.5 | N12: Se realizan campañas institucionales de prevención de la corrupción y promoción de la transparencia en la entidad internamente de manera trimestral mediante el seguimeinto la Plan Anticorupción de la entidad asi como se realizan el Festival de valores del Código de Integridad. | O12: 0.25 | P12: =(M12+O12) -> 0.75 | Q12: Se realizan campañas institucionales de prevención de la corrupción y promoción de la transparencia en la entidad internamente de manera trimestral mediante el seguimeinto la Plan Anticorupción de la entidad asi como se realizan el Festival de valores del Código de Integridad. | R12: 0.25 | S12: =(P12+R12) -> 1 | T12: Se realizan campañas institucionales de prevención de la corrupción y promoción de la transparencia en la entidad internamente de manera trimestral mediante el seguimeinto la Plan Anticorupción de la entidad asi como se realizan el Festival de valores del Código de Integridad.
A13: 2. Transparencia Pasiva | B13: 2.1 | C13: Publicar y socializar el formulario en línea de PQRSD en el página web del IDER | D13: formulario en línea de PQRS publicado en página web y socializado | E13: Oficina Asesora Jurídica | F13: Semestral | G13: 44928 | H13: 45289 | I13: 0.25 | J13: 0.25 | K13: Se realiza seguimiento trimestral de las PQRSD , el cual es publicado en la página web del IDER (Cumplido - se implementó en el 2022 aplicativo web para la presentación de las PQRSD -https://ider.gov.co/contactenos/ ) | L13: 0.25 | M13: =(J13+L13) -> 0.5 | N13: Se realiza seguimiento trimestral de las PQRSD , el cual es publicado en la página web del IDER (Cumplido - se implementó en el 2022 el aplicativo web para la presentación de las PQRSD -https://ider.gov.co/contactenos/ ) | O13: 0.25 | P13: =(M13+O13) -> 0.75 | Q13: Se realiza seguimiento trimestral de las PQRSD , el cual es publicado en la página web del IDER (Cumplido - se implementó en el 2022 el aplicativo web para la presentación de las PQRSD -https://ider.gov.co/contactenos/ ) | R13: 0.25 | S13: =(P13+R13) -> 1 | T13: Se realiza seguimiento trimestral de las PQRSD , el cual es publicado en la página web del IDER (Cumplido - se implementó en el 2022 el aplicativo web para la presentación de las PQRSD -https://ider.gov.co/contactenos/ )
B14: 2.2 | C14: Socializar el procedimiento de PQRS del IDER | D14: Socialización realizada | E14: Oficina Asesora Jurídica | F14: Semestral | G14: 44928 | H14: 45289 | I14: 0.25 | J14: 0.25 | K14: Internamente se realizó capacitación sobre el procedimiento de una PQRSD. En abril de 2023 se realizará con los demás empleados o contratistas involucrados en el trámite | L14: 0 | M14: =(J14+L14) -> 0.25 | N14: Se llevará a cabo una capacitación de PQRSD , en el segundo semestre de la vigencia 2023 con los demás empleados o contratistas involucrados en el proceso.. | O14: 0.75 | P14: =(I14+L14+O14) -> 1 | Q14: Se llevo a cabo una capacitación interna de PQRSD con los contratistas involucrados en el proceso. | R14: =0% -> 0 | S14: =(R14+P14) -> 1 | T14: Se llevo a cabo una capacitación interna de PQRSD con los contratistas involucrados en el proceso.
